Workbook
Name ARF: OFFSET(#REF!,0,0,COUNTA(#REF!),6)
Name ARF_db: Absolute!$B$67:$K$200
Name ARF_label_range: OFFSET(ARF_val_start,-48,-1,49,1)
Name ARF_label_range: OFFSET([0]!ARF_val_start,-48,-1,49,1)
Name ARF_label_range: OFFSET([1]!ARF_val_start,-48,-1,49,1)
Name ARF_label_range: OFFSET(ARF_val_start,-48,-1,49,1)
Name ARF_val_range: OFFSET(ARF_val_start,-48,0,49,1)
Name ARF_val_range: OFFSET([0]!ARF_val_start,-48,0,49,1)
Name ARF_val_range: OFFSET([1]!ARF_val_start,-48,0,49,1)
Name ARF_val_range: OFFSET(ARF_val_start,-48,0,49,1)
Name ARF_val_start: OFFSET(Absolute!$E$82,COUNT(Absolute!$E:$E),0,1,1)
Name ASX_Code: #REF!
Name ASX_Mcaps: #REF!
Name blank: #REF!
Name Check: #REF!
Name data_bloomberg_nta_prices: #REF!
Name data_navs: #REF!
Name data_performance: #REF!
Name data_spreads: #REF!
Name data_spreads_rozetta: #REF!
Name End_Of_Month: #REF!
Name ETC_SP: OFFSET(#REF!,0,0,COUNTA(#REF!),6)
Name ETF: OFFSET(#REF!,0,0,COUNTA(#REF!),6)
Name ETF_db: #REF!
Name ETF_label_range: OFFSET(ETF_val_start,-72,-1,73,1)
Name ETF_label_range: OFFSET([0]!ETF_val_start,-72,-1,73,1)
Name ETF_label_range: OFFSET([1]!ETF_val_start,-72,-1,73,1)
Name ETF_label_range: OFFSET(ETF_val_start,-72,-1,73,1)
Name ETF_val_range: OFFSET(ETF_val_start,-72,2,73,1)
Name ETF_val_range: OFFSET([0]!ETF_val_start,-72,2,73,1)
Name ETF_val_range: OFFSET([1]!ETF_val_start,-72,2,73,1)
Name ETF_val_range: OFFSET(ETF_val_start,-72,2,73,1)
Name ETF_val_start: OFFSET(#REF!,COUNT(#REF!),0,1,1)
Name f: #REF!
Name ICT: OFFSET(#REF!,0,0,COUNTA(#REF!),6)
Name IF: OFFSET(#REF!,0,0,COUNTA(#REF!),6)
Name IF_db: #REF!
Name IF_label_range: OFFSET(IF_val_start,-120,-1,121,1)
Name IF_label_range: OFFSET([0]!IF_val_start,-120,-1,121,1)
Name IF_label_range: OFFSET([1]!IF_val_start,-120,-1,121,1)
Name IF_label_range: OFFSET(IF_val_start,-120,-1,121,1)
Name IF_val_range: OFFSET(IF_val_start,-120,2,121,1)
Name IF_val_range: OFFSET([0]!IF_val_start,-120,2,121,1)
Name IF_val_range: OFFSET([1]!IF_val_start,-120,2,121,1)
Name IF_val_range: OFFSET(IF_val_start,-120,2,121,1)
Name IF_val_start: OFFSET(#REF!,COUNT(#REF!),0,1,1)
Name IQ_CH: 110000
Name IQ_CQ: 5000
Name IQ_CY: 10000
Name IQ_DAILY: 500000
Name IQ_FH: 100000
Name IQ_FQ: 500
Name IQ_FY: 1000
Name IQ_LTM: 2000
Name IQ_MONTH: 15000
Name IQ_NTM: 6000
Name IQ_WEEK: 50000
Name IQ_YTD: 3000
Name Issue: #REF!
Name Last_Price: #REF!

Sheet Spotlight ETPs
A9: ETP Summary - September 2026 | N9: Transaction days: 22 / Period ending: Wednesday, 30 September 2026
A80: Note: FUM figures (i.e. end-of-month FUM, FUM change and Funds Flow) and CHESS FUM figures (i.e. end-of-month CHESS FUM, CHESS FUM change and CHESS Funds Flow) are the sum total of each individual ETP and do not exclude assets that are the result of interfunding through "fund-of-ETF" structures.

Sheet Spotlight ETPs Issuers
A9: ETP Summary - September 2026 | N9: Transaction days: 22 / Period ending: Wednesday, 30 September 2026
D10: FUM | E10: FUM Change | F10: Funds Flow | G10: 12M Funds Flow | H10: CHESS FUM | I10: CHESS FUM Change | J10: CHESS Funds Flow | K10: 12M CHESS Funds Flow | L10: Value Traded
A11: Issuer | C11: Products | D11: ($m) | E11: ($m) | F11: ($m) | G11: ($m) | H11: ($m) | I11: ($m) | J11: ($m) | K11: ($m) | L11: ($m) | M11: Transactions
A12: abrdn / MSC | C12: 1 | D12: 1.7651793 | E12: 0.0621542 | F12: 0 | G12: 0.41356 | H12: 1.7651793 | I12: 0.10679252 | J12: 0.071 | K12: 0.49269382 | L12: 0.035748355 | M12: 65
A13: Alphinity / Fidante | C13: 2 | D13: 346.26101 | E13: 3.0004765 | F13: -6.9753638 | G13: -293.43903 | H13: 16.191411 | I13: -1.5698552 | J13: -1.8774084 | K13: -16.462791 | L13: 0.54061639 | M13: 59
A14: American Century / EQT | C14: 3 | D14: 156.98934 | E14: 33.535747 | F14: 32.696965 | G14: 123.3136 | H14: 56.4846 | I14: 24.1941 | J14: 24.1041 | K14: 67.7421 | L14: 14.11318 | M14: 1484
A15: Antipodes / Pinnacle | C15: 2 | D15: 593.51855 | E15: 19.031634 | F15: 24.696773 | G15: 202.63013 | H15: 518.46201 | I15: 48.632847 | J15: 38.452007 | K15: 191.50653 | L15: 29.710563 | M15: 1807
A16: Aoris / Trust Company | C16: 2 | D16: 251.31623 | E16: -16.581514 | F16: -6.580026 | G16: -33.01936 | H16: 253.00223 | I16: -16.266043 | J16: -12.28 | K16: -37.606548 | L16: 11.041524 | M16: 428
A17: Apostle Dundas / K2 | C17: 1 | D17: 8.4490343 | E17: -1.0082382 | F17: -0.970054 | G17: -8.419404 | H17: 8.4954655 | I17: -2.2203716 | J17: -2.2203716 | K17: -9.721426 | L17: 0.97139628 | M17: 30
A18: Ardea / Fidante | C18: 1 | D18: 148.0369 | E18: -1.0357466 | F18: -1.3898415 | G18: -29.855232 | H18: 147.75718 | I18: -3.0540105 | J18: -3.4128 | K18: -31.928011 | L18: 5.208684 | M18: 504
A19: Associate Global Partners | C19: 2 | D19: 455.8599 | E19: 9.9296465 | F19: 1.477286 | G19: 15.388112 | H19: 444.41178 | I19: 15.172975 | J19: 7.3912135 | K19: 22.183027 | L19: 12.504388 | M19: 2027
A20: Ausbil | C20: 4 | D20: 1415.2355 | E20: -29.236718 | F20: 15.421715 | G20: 62.971524 | H20: 62.595086 | I20: 12.669988 | J20: 13.058719 | K20: 56.10754 | L20: 5.8884701 | M20: 680
A21: Bell / Perpetual | C21: 1 | D21: 134.12701 | E21: -8.7400065 | F21: -6.1682 | G21: 138.6815 | H21: 7.6717935 | I21: 0.1947915 | J21: 0.1947915 | K21: 7.8955591 | L21: 0.3454766 | M21: 4
A22: Betashares | C22: 109 | D22: 77252.332 | E22: 1615.8414 | F22: 1531.3653 | G22: 15995.592 | H22: 77354.878 | I22: 4350.8363 | J22: 3160.1505 | K22: 16531.167 | L22: 6669.7641 | M22: 529355
A23: Candriam / Ausbil | C23: 1 | D23: 217.30848 | E23: 9.7034027 | F23: 6.5799674 | G23: 46.398626 | H23: 1.0326686 | I23: 0.30944033 | J23: 0.29426405 | K23: 1.1961126 | L23: 0.06905134 | M23: 4
... A81: Total | C81: 471 | D81: 377078.16 | E81: 5453.506 | F81: 6732.3104 | G81: 64118.01 | H81: 354493.21 | I81: 32022.653 | J81: 29705.673 | K81: 131695.39 | L81: 20728.563 | M81: 1972441
A82: Note: FUM figures (i.e. end-of-month FUM, FUM change and Funds Flow) and CHESS FUM figures (i.e. end-of-month CHESS FUM, CHESS FUM change and CHESS Funds Flow) are the sum total of each individual ETP and do not exclude assets that are the result of interfunding through "fund-of-ETF" structures.

Sheet Spotlight ETP List
B8: Exchange Traded Product Summary - September 2026 | AC8: Transaction days: 22 / Period ending: Wednesday, 30 September 2026
B9: IRESS Watchlist: /ETFASX | H9: Activity | W9: Prices | Y9: Returns
B10: ASX Code | C10: Type | D10: Issuer | E10: Fund Name | H10: MER (% p.a) ## | I10: FUM ($m)# | J10: FUM ($m) Change | K10: Funds Inflow / Outflow ($m) ** | L10: 12M Funds Inflow / Outflow ($m) ** | M10: CHESS FUM ($m)# | N10: CHESS FUM ($m) Change | O10: CHESS Funds Inflow / Outflow ($m) *** | P10: 12M CHESS Funds Inflow / Outflow ($m) *** | Q10: Transacted Value ($) | R10: Transacted Volume | S10: Number of Trades | T10: Monthly Liquidity % | U10: % Spread* | W10: Last ($) | Y10: Historical Distribution Yield | Z10: 1 Month Total Return | AA10: 1 Year Total Return | AB10: 3 Year Total Return (ann.) | AC10: 5 Year Total Return (ann.)
B11: Equity - Australia
B12: A200 | C12: ETF | D12: Betashares | E12: Betashares Australia 200 ETF | H12: 0.04 | I12: 11082.445 | J12: 28.824353 | K12: 293.92842 | L12: 2642.4942 | M12: 11077.596 | N12: 537.93223 | O12: 640.68269 | P12: 2977.1235 | Q12: 6.9940001e+08 | R12: 4707941 | S12: 43523 | T12: 0.063108821 | U12: 0.00017956487 | W12: 148.3 | Y12: 0.033742165 | Z12: -0.02395683 | AA12: 0.03994217 | AB12: 0.1269597 | AC12: 0.09365302
B13: A300 | C13: ETF | D13: Global X | E13: Global X Australia 300 ETF | H13: 0.03 | I13: 23.356921 | J13: 9.0598243 | K13: 9.496226 | L13: 17.291992 | M13: 23.346551 | N13: 10.794794 | O13: 10.8885 | P13: 20.139161 | Q13: 11393112 | R13: 217034 | S13: 482 | T13: 0.48778312 | U13: 0.0011089708 | W13: 51.85 | Y13: 0.030206191 | Z13: -0.01910707 | AA13: 0.03972888 | AB13: n/a | AC13: n/a
B14: IOZ | C14: ETF | D14: iShares | E14: iShares Core S&P/ASX 200 ETF | H14: 0.05 | I14: 9651.0423 | J14: 92.688303 | K14: 318.83043 | L14: 1996.1302 | M14: 9589.5485 | N14: 324.05007 | O14: 411.65489 | P14: 2088.4038 | Q14: 6.4801228e+08 | R14: 18199575 | S14: 38309 | T14: 0.067144279 | U14: 0.00039894773 | W14: 35.62 | Y14: 0.034436328 | Z14: -0.02384215 | AA14: 0.03688397 | AB14: 0.1252527 | AC14: 0.0918565
B15: ILC | C15: ETF | D15: iShares | E15: iShares S&P/ASX 20 ETF | H15: 0.24 | I15: 793.40234 | J15: -12.33623 | K15: -0.001643 | L15: 27.705127 | M15: 790.79745 | N15: -9.5452968 | O15: 7.81425 | P15: 35.1974 | Q15: 36133201 | R15: 1045487 | S15: 3754 | T15: 0.045542091 | U15: 0.00052884229 | W15: 34.73 | Y15: 0.037409761 | Z15: -0.01531046 | AA15: 0.07672029 | AB15: 0.1417625 | AC15: 0.1107757
B16: MVW | C16: ETF | D16: VanEck | E16: VanEck Australian Equal Weight ETF | H16: 0.35 | I16: 3313.0571 | J16: -54.874424 | K16: -21.003555 | L16: 245.0166 | M16: 3296.8283 | N16: 5.7527501 | O16: -9.6101543 | P16: 252.26788 | Q16: 1.3617269e+08 | R16: 3535116 | S16: 12853 | T16: 0.041101824 | U16: 0.0004661246 | W16: 38.74 | Y16: 0.033815178 | Z16: -0.009966778 | AA16: 0.0132453 | AB16: 0.0960172 | AC16: 0.07449584
B17: QOZ | C17: ETF | D17: Betashares | E17: Betashares FTSE RAFI Australia 200 ETF | H17: 0.4 | I17: 1426.1088 | J17: 17.817719 | K17: 34.687913 | L17: 521.96478 | M17: 1424.4862 | N17: 83.003304 | O17: 81.621756 | P17: 572.40837 | Q17: 99789052 | R17: 5156700 | S17: 10769 | T17: 0.069972958 | U17: 0.00075975055 | W17: 19.44 | Y17: 0.038005093 | Z17: -0.01219512 | AA17: 0.1406038 | AB17: 0.1691628 | AC17: 0.127354
B18: STW | C18: ETF | D18: StateStreet | E18: SPDR S&P/ASX 200 ETF | H18: 0.05 | I18: 6563.6418 | J18: -249.27354 | K18: -4.465355 | L18: 386.43245 | M18: 6467.9989 | N18: -109.07928 | O18: 37.679262 | P18: 432.45286 | Q18: 1.9846675e+08 | R18: 2499858 | S18: 13160 | T18: 0.030237291 | U18: 0.00027839638 | W18: 78.43 | Y18: 0.038544881 | Z18: -0.02005551 | AA18: 0.03837176 | AB18: 0.1253333 | AC18: 0.09062082
B19: SFY | C19: ETF | D19: StateStreet | E19: SPDR S&P/ASX 50 ETF | H19: 0.2 | I19: 708.35583 | J19: -24.317659 | K19: 0.0727775 | L19: -56.816101 | M19: 701.30196 | N19: -23.420509 | O19: -3.7264636 | P19: -60.567955 | Q19: 16452467 | R19: 212703 | S19: 1388 | T19: 0.023226275 | U19: 0.00062149672 | W19: 76.61 | Y19: 0.039881686 | Z19: -0.01622914 | AA19: 0.05639999 | AB19: 0.1259575 | AC19: 0.09860936
B20: VAS | C20: ETF | D20: Vanguard | E20: Vanguard Australian Shares Index ETF | H20: 0.07 | I20: 26675.091 | J20: -219.93036 | K20: 448.95459 | L20: 4330.5972 | M20: 26628.48 | N20: 487.16355 | O20: 713.08779 | P20: 4561.1923 | Q20: 1.0365869e+09 | R20: 9409166 | S20: 104110 | T20: 0.038859733 | U20: 0.00018199354 | W20: 110.12 | Y20: ? | Z20: -0.02488267 | AA20: 0.03203912 | AB20: 0.124438 | AC20: 0.0871854
B21: VLC | C21: ETF | D21: Vanguard | E21: Vanguard MSCI Australian Large Companies Index ETF | H21: 0.2 | I21: 310.15141 | J21: -6.7499798 | K21: -1.770508 | L21: -8.116197 | M21: 311.05692 | N21: -11.003565 | O21: -1.7433727 | P21: -12.120521 | Q21: 13615443 | R21: 151109 | S21: 2561 | T21: 0.043899342 | U21: 0.00056549728 | W21: 90.19 | Y21: 0.03331845 | Z21: -0.01560795 | AA21: 0.08624568 | AB21: 0.1382774 | AC21: 0.1124723
B22: Equity - Australia Small/Mid Cap
B23: EX20 | C23: ETF | D23: Betashares | E23: Betashares Australian Ex-20 Portfolio Diversifier ETF | H23: 0.25 | I23: 675.39856 | J23: -24.164528 | K23: 0 | L23: 134.22431 | M23: 675.00911 | N23: 29.222067 | O23: 15.65759 | P23: 144.75777 | Q23: 27066417 | R23: 1205020 | S23: 2598 | T23: 0.040074733 | U23: 0.00097846546 | W23: 22.37 | Y23: 0.028005141 | Z23: -0.03411054 | AA23: -0.03946483 | AB23: 0.09887162 | AC23: 0.05348992
B24: IMPQ | C24: Active | D24: Perennial | E24: Perennial Better Future Active ETF | H24: 0.99 | I24: 14.80092 | J24: -7.881933 | K24: -7.198206 | L24: -23.978284 | M24: 15.104354 | N24: -9.3691055 | O24: -8.2092259 | P24: -24.766421 | Q24: 7230455 | R24: 1788810 | S24: 889 | T24: 0.48851387 | U24: 0.0058189409 | W24: 4.02 | Y24: 0.022395522 | Z24: -0.03365385 | AA24: -0.1743291 | AB24: -0.02780485 | AC24: -0.05763618
B25: ISO | C25: ETF | D25: iShares | E25: iShares S&P/ASX Small Ordinaries ETF | H25: 0.55 | I25: 136.43503 | J25: 9.1050888 | K25: 12.19119 | L25: 22.550477 | M25: 136.34309 | N25: 12.090718 | O25: 9.054 | P25: 19.111221 | Q25: 9037131.8 | R25: 1786320 | S25: 479 | T25: 0.066237622 | U25: 0.0027823913 | W25: 5.03 | Y25: 0.043449304 | Z25: -0.02330097 | AA25: -0.06452084 | AB25: 0.1009499 | AC25: 0.02123469
B26: MVE | C26: ETF | D26: VanEck | E26: VanEck S&P/ASX MidCap ETF | H26: 0.45 | I26: 499.38821 | J26: -12.31858 | K26: 4.48087 | L26: 87.699469 | M26: 499.04386 | N26: 20.046089 | O26: 8.8161041 | P26: 91.007636 | Q26: 18348874 | R26: 415333 | S26: 3640 | T26: 0.036742707 | U26: 0.00057483255 | W26: 44.09 | Y26: 0.026309821 | Z26: -0.03268978 | AA26: -0.01226105 | AB26: 0.1093545 | AC26: 0.06943172
B27: MVS | C27: ETF | D27: VanEck | E27: VanEck Small Companies Masters ETF | H27: 0.49 | I27: 185.63964 | J27: -5.8496272 | K27: 0 | L27: -13.648343 | M27: 181.98058 | N27: 9.2716129 | O27: -0.0047476 | P27: -16.892663 | Q27: 4766059.8 | R27: 217741 | S27: 404 | T27: 0.025673718 | U27: 0.0017756526 | W27: 21.58 | Y27: 0.027803522 | Z27: -0.03054807 | AA27: -0.01710354 | AB27: 0.1067229 | AC27: 0.03590284
B28: SSO | C28: ETF | D28: StateStreet | E28: SPDR S&P/ASX Small Ordinaries ETF | H28: 0.5 | I28: 27.239696 | J28: -0.54366909 | K28: 0 | L28: 0.0556679 | M28: 27.209256 | N28: 2.1975029 | O28: 1.453 | P28: 1.4634648 | Q28: 940722.57 | R28: 64586 | S28: 115 | T28: 0.034534988 | U28: 0.0017151759 | W28: 14.51 | Y28: 0.092452722 | Z28: -0.02091768 | AA28: -0.06381303 | AB28: 0.1029418 | AC28: 0.02445944
B29: SMLL | C29: ETF | D29: Betashares | E29: Betashares Australian Small Companies Select ETF | H29: 0.39 | I29: 369.4438 | J29: -16.835985 | K29: -13.624727 | L29: 72.597152 | M29: 369.42513 | N29: 16.453633 | O29: -8.94 | P29: 71.488659 | Q29: 20255784 | R29: 4500582 | S29: 2338 | T29: 0.054827781 | U29: 0.0038897986 | W29: 4.47 | Y29: 0.029342506 | Z29: -0.004454343 | AA29: 0.05298954 | AB29: 0.151668 | AC29: 0.06705914
B30: SPHX | C30: ETF | D30: Spheria / Pinnacle | E30: Spheria Australian Smaller Companies Fund – Active ETF | H30: 1.1 | I30: 1.8250232 | J30: -0.1481804 | K30: -0.11742988 | L30: 1.7778417 | M30: 1.8250232 | N30: -0.071207 | O30: -0.1128062 | P30: 1.7954869 | Q30: 602696.68 | R30: 53641 | S30: 19 | T30: 0.33024056 | U30: 0.0055977009 | W30: 11 | Y30: 0.018428273 | Z30: -0.03424056 | AA30: n/a | AB30: n/a | AC30: n/a
B31: VSO | C31: ETF | D31: Vanguard | E31: Vanguard MSCI Australian Small Companies Index ETF | H31: 0.3 | I31: 1194.5561 | J31: -9.6783416 | K31: 14.707532 | L31: 136.22777 | M31: 1193.0219 | N31: 51.872148 | O31: 17.525307 | P31: 139.49929 | Q31: 47988779 | R31: 653789 | S31: 9080 | T31: 0.040172896 | U31: 0.00073573934 | W31: 73.24 | Y31: 0.047692081 | Z31: -0.02020067 | AA31: 0.006733393 | AB31: 0.1292911 | AC31: 0.06497375
B32: Equity - Australia Sectors
B33: AQLT | C33: ETF | D33: Betashares | E33: Betashares Australian Quality ETF | H33: 0.35 | I33: 1515.3768 | J33: 10.119205 | K33: 43.513037 | L33: 736.41268 | M33: 1514.41 | N33: 137.7848 | O33: 117.94298 | P33: 812.60955 | Q33: 95577725 | R33: 2741787 | S33: 12877 | T33: 0.063071922 | U33: 0.00047631261 | W33: 35.19 | Y33: 0.040917874 | Z33: -0.0225 | AA33: 0.06479389 | AB33: 0.1866373 | AC33: n/a
B34: ATEC | C34: ETF | D34: Betashares | E34: Betashares S&P/ASX Australian Technology ETF | H34: 0.48 | I34: 551.7914 | J34: -72.505802 | K34: -8.118528 | L34: 292.5096 | M34: 550.50743 | N34: -55.858686 | O34: -31.746523 | P34: 267.25877 | Q34: 57356584 | R34: 2665146 | S34: 7717 | T34: 0.10394614 | U34: 0.00090069679 | W34: 21.26 | Y34: 0.019406961 | Z34: -0.1029536 | AA34: -0.3297751 | AB34: 0.05174348 | AC34: -0.01020231
B35: AUMF | C35: ETF | D35: iShares | E35: iShares Edge MSCI Australia Multifactor ETF | H35: 0.3 | I35: 147.93573 | J35: -1.3853689 | K35: -1.564836 | L35: 15.80329 | M35: 147.90336 | N35: 2.3661534 | O35: 0 | P35: 17.439027 | Q35: 5214390.4 | R35: 133683 | S35: 482 | T35: 0.035247673 | U35: 0.0011659384 | W35: 39.38 | Y35: 0.028011833 | Z35: 0.001271294 | AA35: 0.02248076 | AB35: 0.1519012 | AC35: 0.0967934
B36: AYLD | C36: ETF | D36: Global X | E36: Global X S&P/ASX 200 Covered Call ETF | H36: 0.6 | I36: 124.70937 | J36: 9.0032853 | K36: 11.579183 | L36: 39.079143 | M36: 124.5638 | N36: 11.849087 | O36: 11.302989 | P36: 38.561155 | Q36: 14686922 | R36: 1412244 | S36: 1663 | T36: 0.1177692 | U36: 0.0031754291 | W36: 10.37 | Y36: 0.073795661 | Z36: -0.02077431 | AA36: 0.08626056 | AB36: 0.110082 | AC36: n/a
B37: AQTY | C37: ETF | D37: VanEck | E37: VanEck MSCI Australian Quality Plus ETF | H37: 0.35 | I37: 35.600478 | J37: 0.22542923 | K37: 0 | L37: -2.481413 | M37: 35.574712 | N37: -0.0866408 | O37: 0 | P37: -2.4604286 | Q37: 2543690.8 | R37: 124859 | S37: 184 | T37: 0.071451029 | U37: 0.0011141223 | W37: 20.53 | Y37: 0.038480273 | Z37: 0.001952172 | AA37: -0.04876898 | AB37: 0.05516153 | AC37: 0.02449284
B38: E200 | C38: ETF | D38: StateStreet | E38: SPDR S&P/ASX 200 ESG ETF | H38: 0.05 | I38: 472.19915 | J38: 59.61473 | K38: 74.54044 | L38: 379.04525 | M38: 472.18282 | N38: 67.603625 | O38: 80.88303 | P38: 383.57315 | Q38: 26945394 | R38: 990763 | S38: 357 | T38: 0.057063621 | U38: 0.0011044224 | W38: 26.62 | Y38: 0.045037528 | Z38: -0.01803273 | AA38: 0.0391389 | AB38: 0.1192441 | AC38: 0.09575806
B39: FAIR | C39: ETF | D39: Betashares | E39: Betashares Australian Sustainability Leaders ETF | H39: 0.49 | I39: 1026.4531 | J39: -44.964766 | K39: -12.935432 | L39: -57.110187 | M39: 1025.6046 | N39: -49.751584 | O39: -31.47681 | P39: -72.046091 | Q39: 39454750 | R39: 2136615 | S39: 3303 | T39: 0.038437947 | U39: 0.00095371363 | W39: 18.53 | Y39: 0.031211279 | Z39: -0.028826 | AA39: -0.1198538 | AB39: 0.05316292 | AC39: 0.01974917
B40: GRNV | C40: ETF | D40: VanEck | E40: VanEck MSCI Australian Sustainable Equity ETF | H40: 0.35 | I40: 250.19216 | J40: -4.4003646 | K40: 0 | L40: 21.363539 | M40: 250.10973 | N40: 9.9368862 | O40: 5.0887962 | P40: 27.043464 | Q40: 12020834 | R40: 379852 | S40: 2442 | T40: 0.048046403 | U40: 0.00076478676 | W40: 31.83 | Y40: 0.036129438 | Z40: -0.01819864 | AA40: -0.03772789 | AB40: 0.1042781 | AC40: 0.06215611
B41: GRPA | C41: ETF | D41: Global X | E41: Global X S&P Australia GARP ETF | H41: 0.25 | I41: 3.0715677 | J41: 0.9571751 | K41: 1.024624 | L41: 3.027137 | M41: 3.0715677 | N41: 0.9931886 | O41: 1.0236 | P41: 2.9695791 | Q41: 1147772.9 | R41: 44706 | S41: 21 | T41: 0.37367658 | U41: 0.0011946112 | W41: 25.59 | Y41: 0.019165807 | Z41: -0.03361027 | AA41: 0.04803061 | AB41: n/a | AC41: n/a
B42: HYLD | C42: ETF | D42: Betashares | E42: Betashares S&P Australian Shares High Yield ETF | H42: 0.25 | I42: 117.42045 | J42: 6.0737099 | K42: 6.681013 | L42: 73.559238 | M42: 117.30987 | N42: 11.273374 | O42: 15.072428 | P42: 82.112103 | Q42: 20435300 | R42: 614920 | S42: 2939 | T42: 0.17403527 | U42: 0.00074146873 | W42: 33.37 | Y42: 0.043257327 | Z42: -0.00146488 | AA42: 0.1265722 | AB42: n/a | AC42: n/a
B43: IESG | C43: ETF | D43: iShares | E43: iShares Core MSCI Australia ESG ETF | H43: 0.09 | I43: 607.47659 | J43: 22.406903 | K43: 37.41618 | L43: 234.95903 | M43: 607.47148 | N43: 73.269992 | O43: 74.808 | P43: 271.30624 | Q43: 55323133 | R43: 1778542 | S43: 1655 | T43: 0.091070396 | U43: 0.00078307993 | W43: 31.17 | Y43: 0.025561983 | Z43: -0.02563301 | AA43: -0.02349389 | AB43: 0.107977 | AC43: 0.07134531
B44: IHD | C44: ETF | D44: iShares | E44: iShares S&P/ASX Dividend Opportunities ESG Screened ETF | H44: 0.23 | I44: 407.13741 | J44: 1.0255349 | K44: 5.05428 | L44: 43.659044 | M44: 405.9806 | N44: -1.6712442 | O44: 11.854961 | P44: 50.882479 | Q44: 13520656 | R44: 802109 | S44: 1540 | T44: 0.033209072 | U44: 0.0010825241 | W44: 16.9 | Y44: 0.041372544 | Z44: -0.009958993 | AA44: 0.106141 | AB44: 0.1651384 | AC44: 0.123951
B45: MTUM | C45: ETF | D45: Betashares | E45: Betashares Australian Momentum ETF | H45: 0.35 | I45: 273.89052 | J45: -2.4437821 | K45: 5.595335 | L45: 156.67556 | M45: 273.89052 | N45: 31.925011 | O45: 22.408 | P45: 171.2756 | Q45: 19840615 | R45: 703062 | S45: 6415 | T45: 0.07243995 | U45: 0.00073056558 | W45: 28.01 | Y45: 0.021708854 | Z45: -0.02911612 | AA45: -0.0473657 | AB45: n/a | AC45: n/a
B46: MVB | C46: ETF | D46: VanEck | E46: VanEck Australian Banks ETF | H46: 0.28 | I46: 295.7442 | J46: 3.1884841 | K46: 5.110428 | L46: 39.264099 | M46: 295.07268 | N46: -14.879753 | O46: 5.3567546 | P46: 40.134056 | Q46: 19397510 | R46: 458969 | S46: 3498 | T46: 0.065588809 | U46: 0.00061928438 | W46: 42.52 | Y46: 0.044214487 | Z46: -0.006542056 | AA46: 0.0379655 | AB46: 0.2110059 | AC46: 0.1348725
B47: MVOL | C47: ETF | D47: iShares | E47: iShares Edge MSCI Australia Minimum Volatility ETF | H47: 0.3 | I47: 32.284099 | J47: 1.2614432 | K47: 1.446284 | L47: 2.867055 | M47: 31.699835 | N47: 1.197145 | O47: 1.4336 | P47: 2.8118993 | Q47: 911966.93 | R47: 25540 | S47: 131 | T47: 0.028248177 | U47: 0.0011037403 | W47: 35.84 | Y47: 0.030591016 | Z47: -0.00554939 | AA47: 0.04541225 | AB47: 0.1297352 | AC47: 0.08983509
B48: MVR | C48: ETF | D48: VanEck | E48: VanEck Australian Resources ETF | H48: 0.35 | I48: 835.88053 | J48: -12.063408 | K48: 19.31258 | L48: 355.60738 | M48: 835.30487 | N48: 107.10322 | O48: 52.866771 | P48: 393.50286 | Q48: 60970206 | R48: 1250928 | S48: 8076 | T48: 0.072941292 | U48: 0.00053920358 | W48: 48.03 | Y48: 0.024567978 | Z48: -0.03708901 | AA48: 0.2576329 | AB48: 0.1342627 | AC48: 0.1599222
B49: OZF | C49: ETF | D49: StateStreet | E49: SPDR S&P/ASX 200 Financials ex AREIT ETF | H49: 0.34 | I49: 34.217275 | J49: -12.645711 | K49: -12.00784 | L49: -4.3665298 | M49: 33.997748 | N49: -16.921849 | O49: -13.274451 | P49: -6.0339616 | Q49: 13930666 | R49: 464644 | S49: 381 | T49: 0.40712378 | U49: 0.00075584535 | W49: 29.66 | Y49: 0.029806709 | Z49: -0.01396277 | AA49: 0.001590057 | AB49: 0.1902485 | AC49: 0.1219711
B50: OZR | C50: ETF | D50: StateStreet | E50: SPDR S&P/ASX 200 Resources ETF | H50: 0.34 | I50: 284.70337 | J50: -3.0400867 | K50: 11.849135 | L50: 71.441975 | M50: 284.38539 | N50: 9.7032131 | O50: -5.3678442 | P50: 55.338676 | Q50: 47937046 | R50: 2641979 | S50: 2045 | T50: 0.16837541 | U50: 0.0010850728 | W50: 17.87 | Y50: 0.022747902 | Z50: -0.0514862 | AA50: 0.3437838 | AB50: 0.1545173 | AC50: 0.1824424
B51: OZXX | C51: ETF | D51: Global X | E51: Global X Australia Ex Financials & Resources ETF | H51: 0.25 | I51: 6.4545713 | J51: -1.0961847 | K51: -1.00413 | L51: -1.084222 | M51: 6.4545713 | N51: -0.98348681 | O51: -0.991 | P51: -1.007708 | Q51: 1736735.6 | R51: 174940 | S51: 111 | T51: 0.26907064 | U51: 0.0021086957 | W51: 9.98 | Y51: 0.056416132 | Z51: -0.006965174 | AA51: -0.07021328 | AB51: 0.06299287 | AC51: n/a
B52: QFN | C52: ETF | D52: Betashares | E52: Betashares Financials Sector ETF | H52: 0.34 | I52: 74.214075 | J52: -4.4018212 | K52: -3.47364 | L52: 3.867459 | M52: 74.197733 | N52: -37.063994 | O52: -29.903 | P52: 1.4975665 | Q52: 28048521 | R52: 1582426 | S52: 721 | T52: 0.37794072 | U52: 0.001086298 | W52: 17.58 | Y52: 0.02173595 | Z52: -0.01180438 | AA52: -0.01670017 | AB52: 0.1878693 | AC52: 0.1189485
B53: QRE | C53: ETF | D53: Betashares | E53: Betashares Resources Sector ETF | H53: 0.34 | I53: 460.12489 | J53: -23.416159 | K53: -1.048172 | L53: 7.765882 | M53: 459.76371 | N53: -17.82915 | O53: -48.418776 | P53: 9.7592563 | Q53: 69909468 | R53: 6549811 | S53: 5297 | T53: 0.15193586 | U53: 0.0013806199 | W53: 10.3 | Y53: 0.021949417 | Z53: -0.0462963 | AA53: 0.3403752 | AB53: 0.1526775 | AC53: 0.1816201
B54: RARI | C54: ETF | D54: Russell Investments | E54: Russell Investments Australian Responsible Investment ETF | H54: 0.45 | I54: 426.54841 | J54: -8.6261532 | K54: 0 | L54: 14.702703 | M54: 394.92291 | N54: -9.7636291 | O54: 2.151 | P54: 23.997105 | Q54: 3351854.1 | R54: 117470 | S54: 247 | T54: 0.0078580861 | U54: 0.0011384621 | W54: 28.68 | Y54: 0.058616144 | Z54: -0.01982228 | AA54: -0.04036765 | AB54: 0.1200076 | AC54: 0.07159537
B55: RDV | C55: ETF | D55: Russell Investments | E55: Russell Investments High Dividend Australian Shares ETF | H55: 0.34 | I55: 342.19547 | J55: -3.7910209 | K55: 1.704995 | L55: 50.872459 | M55: 340.66825 | N55: -3.3702835 | O55: 8.52 | P55: 57.830514 | Q55: 9920949 | R55: 289352 | S55: 614 | T55: 0.028992052 | U55: 0.00080718819 | W55: 34.08 | Y55: 0.040990258 | Z55: -5.667323e-05 | AA55: 0.03466838 | AB55: 0.1375319 | AC55: 0.09760629
B56: SYI | C56: ETF | D56: StateStreet | E56: SPDR MSCI Australia Select High Dividend Yield ETF | H56: 0.2 | I56: 739.17251 | J56: 11.621137 | K56: 7.92337 | L56: 170.37254 | M56: 737.73276 | N56: 35.132103 | O56: 19.055839 | P56: 181.2131 | Q56: 43123337 | R56: 1362830 | S56: 8027 | T56: 0.058340016 | U56: 0.00065102095 | W56: 31.74 | Y56: 0.072658412 | Z56: 0.02130787 | AA56: 0.1679761 | AB56: 0.1659661 | AC56: 0.13908
B57: VETH | C57: ETF | D57: Vanguard | E57: Vanguard Ethically Conscious Australian Shares ETF | H57: 0.16 | I57: 650.70788 | J57: -9.8219467 | K57: 6.492332 | L57: 84.601527 | M57: 654.33132 | N57: 17.771339 | O57: 23.095465 | P57: 95.920204 | Q57: 26852137 | R57: 398864 | S57: 3965 | T57: 0.04126604 | U57: 0.00044313066 | W57: 67.58 | Y57: 0.028562652 | Z57: -0.02510098 | AA57: -0.03785923 | AB57: 0.1198377 | AC57: 0.0700673
B58: VHY | C58: ETF | D58: Vanguard | E58: Vanguard Australian Shares High Yield ETF | H58: 0.25 | I58: 8193.0733 | J58: 52.956402 | K58: 143.73583 | L58: 1905.4856 | M58: 8186.2043 | N58: 163.52627 | O58: 253.3638 | P58: 2009.6621 | Q58: 3.9902362e+08 | R58: 4711018 | S58: 44839 | T58: 0.048702557 | U58: 0.00023515464 | W58: 84.77 | Y58: 0.036303987 | Z58: -0.01119795 | AA58: 0.1390142 | AB58: 0.1660426 | AC58: 0.1408409
B59: ZYAU | C59: ETF | D59: Global X | E59: Global X S&P/ASX 200 High Dividend ETF | H59: 0.24 | I59: 99.959441 | J59: 2.3417104 | K59: 2.085506 | L59: 11.656653 | M59: 99.01145 | N59: 0.25898577 | O59: 2.0510553 | P59: 11.660699 | Q59: 6277205.7 | R59: 613053 | S59: 778 | T59: 0.062797527 | U59: 0.0015899605 | W59: 10.28 | Y59: 0.045556615 | Z59: 0.002926829 | AA59: 0.1221433 | AB59: 0.1483885 | AC59: 0.07679996
B60: Equity - Australia Strategy
B61: AASF | C61: Active | D61: Magellan | E61: Airlie Australian Share Fund - Active ETF | H61: 0.78 | I61: 792.35356 | J61: -41.369671 | K61: -11.690973 | L61: -193.95582 | M61: 158.70872 | N61: -5.41893 | O61: -1.6118453 | P61: -24.795723 | Q61: 4045376.5 | R61: 1066708 | S61: 280 | T61: 0.0051055195 | U61: 0.0045388639 | W61: 3.79 | Y61: 0.067282322 | Z61: -0.03562341 | AA61: 0.01745338 | AB61: 0.07991686 | AC61: 0.06036361
B62: ALFA | C62: Complex | D62: VanEck | E62: VanEck Australian Long Short Complex ETF | H62: 0.39 | I62: 37.055817 | J62: -0.09633228 | K62: 0 | L62: 21.189043 | M62: 36.800552 | N62: 0.81318378 | O62: 0 | P62: 20.629424 | Q62: 1825236.5 | R62: 79277 | S62: 513 | T62: 0.049256408 | U62: 0.0035584022 | W62: 23.08 | Y62: 0.0086655113 | Z62: -0.002592913 | AA62: -0.0171504 | AB62: n/a | AC62: n/a
B63: ASUS | C63: Active | D63: Ausbil | E63: Ausbil Active Sustainable Equity Fund - Active ETF | H63: 1 | I63: 402.40184 | J63: -31.030825 | K63: -14.023647 | L63: -16.029044 | M63: 0.48431742 | N63: -0.03188066 | O63: -0.02914656 | P63: 0.44829268 | Q63: 56.73 | R63: 3 | S63: 1 | T63: 1.4097848e-07 | U63: 0.0060008198 | W63: 18.91 | Y63: 0.013495505 | Z63: n/a | AA63: n/a | AB63: n/a | AC63: n/a
B64: AUST | C64: Complex | D64: Betashares | E64: Betashares Managed Risk Australian Shares Complex ETF | H64: 0.49 | I64: 27.44711 | J64: -0.66379401 | K64: 0 | L64: -5.419145 | M64: 27.44711 | N64: -0.24699312 | O64: 0 | P64: -5.2681991 | Q64: 743874.44 | R64: 41746 | S64: 124 | T64: 0.027102104 | U64: 0.0016397123 | W64: 17.79 | Y64: 0.030338224 | Z64: -0.02306425 | AA64: 0.01740593 | AB64: 0.09070521 | AC64: 0.05549704
B65: BBOZ | C65: Complex | D65: Betashares | E65: Betashares Australian Equities Strong Bear Complex ETF | H65: 1.29 | I65: 164.56468 | J65: -9.3876533 | K65: -21.240398 | L65: -67.622813 | M65: 169.34082 | N65: -2.32078 | O65: -9.7121116 | P65: -64.751177 | Q65: 1.5754839e+08 | R65: 7314622 | S65: 4196 | T65: 0.95736456 | U65: 0.00082812066 | W65: 21.56 | Y65: 0 | Z65: 0.06997519 | AA65: 0.006535948 | AB65: -0.1591506 | AC65: -0.1290976
B66: BEAR | C66: Complex | D66: Betashares | E66: BetaShares Australian Equities BEAR Complex ETF | H66: 1.48 | I66: 31.546517 | J66: -0.235334 | K66: -1.081939 | L66: -23.040573 | M66: 31.339354 | N66: 1.8840681 | O66: 1.1527645 | P66: -21.192728 | Q66: 9236963.8 | R66: 1251816 | S66: 489 | T66: 0.29280455 | U66: 0.0016722517 | W66: 7.43 | Y66: 0 | Z66: 0.03051318 | AA66: 0.02482759 | AB66: -0.05114868 | AC66: -0.03749766
B67: DACE | C67: Active | D67: DFA | E67: Dimensional Australian Core Equity Trust – Active ETF | H67: 0.28 | I67: 7164.5645 | J67: -35.367422 | K67: 90.672415 | L67: 636.4541 | M67: 360.51431 | N67: 45.706217 | O67: 41.345529 | P67: 191.21401 | Q67: 33027272 | R67: 1738416 | S67: 1456 | T67: 0.0046098087 | U67: 0.0015210881 | W67: 19.03 | Y67: 0.030998739 | Z67: -0.01755292 | AA67: 0.06153102 | AB67: n/a | AC67: n/a
B68: DAVA | C68: Active | D68: DFA | E68: Dimensional Australian Value Trust - Active ETF | H68: 0.336 | I68: 1589.8352 | J68: 41.109172 | K68: 28.222551 | L68: 216.92354 | M68: 69.787235 | N68: 17.099091 | O68: 15.81525 | P68: 62.69114 | Q68: 7584779.6 | R68: 239145 | S68: 790 | T68: 0.004770796 | U68: 0.0012906251 | W68: 31.98 | Y68: 0.065067167 | Z68: 0.009151152 | AA68: 0.1562626 | AB68: n/a | AC68: n/a
B69: DIVI | C69: Active | D69: Ausbil | E69: Ausbil Active Dividend Income Fund - Active ETF | H69: 0.85 | I69: 620.05886 | J69: 13.250024 | K69: 27.978095 | L69: 88.305301 | M69: 48.220482 | N69: 10.695531 | O69: 10.761135 | P69: 39.946553 | Q69: 4740702.9 | R69: 414248 | S69: 568 | T69: 0.0076455692 | U69: 0.0036012662 | W69: 11.42 | Y69: 0.053686515 | Z69: -0.01845208 | AA69: 0.07902372 | AB69: n/a | AC69: n/a
B70: EIGA | C70: Active | D70: Perennial | E70: Perennial Income Generator Active ETF | H70: 0.8 | I70: 25.214396 | J70: -0.97550967 | K70: -0.364063 | L70: -2.940612 | M70: 25.079812 | N70: -1.4434579 | O70: -1.0944675 | P70: -4.3891557 | Q70: 596440.36 | R70: 158784 | S70: 286 | T70: 0.023654755 | U70: 0.0050151658 | W70: 3.75 | Y70: 0.05712 | Z70: -0.01881372 | AA70: 0.05064492 | AB70: 0.0849708 | AC70: 0.06944674
B71: EQIN | C71: Complex | D71: IML | E71: Investors Mutual Equity Income Fund - Complex ETF | H71: 0.9 | I71: 20.315041 | J71: -4.4028468 | K71: -4.205213 | L71: 8.928767 | M71: 20.198131 | N71: -4.300619 | O71: -4.2379623 | P71: 9.595267 | Q71: 5025684 | R71: 1291767 | S71: 96 | T71: 0.24738734 | U71: 0.005057719 | W71: 3.9 | Y71: 0.061088462 | Z71: -0.007633588 | AA71: 0.03459758 | AB71: n/a | AC71: n/a
B72: FHCO | C72: Active | D72: Fidelity | E72: Fidelity Australian High Conviction Active ETF | H72: 0.85 | I72: 2.6465267 | J72: 0.0715122 | K72: 0.157748 | L72: 1.8334691 | M72: 2.6465267 | N72: 0.54883659 | O72: 0.612 | P72: 2.4432973 | Q72: 233910.56 | R72: 38037 | S72: 122 | T72: 0.08838398 | U72: 0.0043302518 | W72: 6.13 | Y72: 0.31738352 | Z72: -0.03159558 | AA72: -0.09132952 | AB72: n/a | AC72: n/a
B73: FIRE | C73: Complex | D73: Firetrail / Pinnacle | E73: Firetrail Alpha Plus Fund – Complex ETF | H73: 0.89 | I73: 18.509331 | J73: -0.23621036 | K73: 0.10432605 | L73: 17.093699 | M73: 14.632996 | N73: 1.9603564 | O73: 1.5700758 | P73: 16.066484 | Q73: 1527821.4 | R73: 134596 | S73: 196 | T73: 0.082543306 | U73: 0.00376055 | W73: 11.38 | Y73: 0.032380404 | Z73: -0.0306644 | AA73: n/a | AB73: n/a | AC73: n/a
B74: FSML | C74: Active | D74: Firetrail / Pinnacle | E74: Firetrail Australian Small Companies Fund – Active ETF | H74: 0.85 | I74: 636.63132 | J74: 11.93743 | K74: 19.265592 | L74: 298.57859 | M74: 280.59425 | N74: 25.189653 | O74: 16.137338 | P74: 178.47415 | Q74: 19469181 | R74: 9529460 | S74: 2262 | T74: 0.030581563 | U74: 0.0051613266 | W74: 2.05 | Y74: 0.058571707 | Z74: -0.009661836 | AA74: -0.01316903 | AB74: n/a | AC74: n/a
A75: ^ | B75: G200 | C75: Complex | D75: Betashares | E75: Betashares Wealthbuilder Aus200 Geared Complex ETF | H75: 0.35 | I75: 36.709813 | J75: 0.22777978 | K75: 1.544691 | L75: 18.427251 | M75: 36.709813 | N75: 2.4595853 | O75: 3.117 | P75: 20.176727 | Q75: 3850600.2 | R75: 123843 | S75: 2339 | T75: 0.10489294 | U75: 0.0010386188 | W75: 31.16 | Y75: 0.017230584 | Z75: -0.03708282 | AA75: 0.02967694 | AB75: n/a | AC75: n/a
B76: GIVE | C76: Active | D76: Perpetual | E76: Perpetual ESG Australian Share Active ETF | H76: 0.65 | I76: 12.78637 | J76: -0.20636147 | K76: -0.03242214 | L76: -1.4463751 | M76: 12.789286 | N76: -0.24859548 | O76: -0.42658704 | P76: -1.8634406 | Q76: 379128.8 | R76: 128727 | S76: 89 | T76: 0.029651012 | U76: 0.0033998494 | W76: 2.97 | Y76: 0.055225926 | Z76: -0.01328904 | AA76: 0.03211861 | AB76: 0.1035903 | AC76: n/a
A77: ^ | B77: GMVW | C77: Complex | D77: VanEck | E77: VanEck Geared Australian Equal Weight Complex ETF | H77: 0.35 | I77: 43.215148 | J77: -2.0184717 | K77: 0 | L77: 14.277975 | M77: 43.215148 | N77: -0.1433887 | O77: 0 | P77: 14.027235 | Q77: 3651519 | R77: 94875 | S77: 595 | T77: 0.084496274 | U77: 0.0012543206 | W77: 39.18 | Y77: 0.024502297 | Z77: -0.04462326 | AA77: -0.0451673 | AB77: n/a | AC77: n/a
B78: GEAR | C78: Complex | D78: Betashares | E78: Betashares Geared Australian Equities Complex ETF | H78: 0.78 | I78: 571.54351 | J78: -9.5388138 | K78: 21.945267 | L78: 37.909889 | M78: 570.82219 | N78: -64.474136 | O78: -44.631909 | P78: -39.164654 | Q78: 1.2713048e+08 | R78: 3548815 | S78: 8386 | T78: 0.2224336 | U78: 0.00068326186 | W78: 35.67 | Y78: 0.018237034 | Z78: -0.05484897 | AA78: 0.008525685 | AB78: 0.2011289 | AC78: 0.1367982
B79: HVST | C79: Active | D79: Betashares | E79: BetaShares Aus Dividend Harvester Active ETF | H79: 0.72 | I79: 277.83285 | J79: -7.5160024 | K79: 0.283756 | L79: 19.624321 | M79: 276.89847 | N79: -9.434809 | O79: -4.7373204 | P79: 14.580766 | Q79: 20791963 | R79: 1572464 | S79: 2567 | T79: 0.07483623 | U79: 0.0011972865 | W79: 13.19 | Y79: 0.056059818 | Z79: -0.0224283 | AA79: 0.01605136 | AB79: 0.1132619 | AC79: 0.07558354
B80: IMLC | C80: Active | D80: IML | E80: Investors Mutual Concentrated Australian Share Fund - Active ETF | H80: 0.993 | I80: 1.0575049 | J80: -0.34421381 | K80: -0.329071 | L80: -1.864908 | M80: 0.8760849 | N80: -0.57578451 | O80: -0.60260004 | P80: -2.1407949 | Q80: 330335.92 | R80: 86700 | S80: 11 | T80: 0.31237295 | U80: 0.0052325295 | W80: 3.8 | Y80: 0.088326842 | Z80: -0.02313625 | AA80: -0.06104764 | AB80: 0.04071886 | AC80: n/a
B81: IIGF | C81: Active | D81: InvestSMART | E81: Intelligent Investor Australian Equity Income Fund - Active ETF | H81: 0.97 | I81: 81.495498 | J81: -6.41124 | K81: -0.557406 | L81: -6.019934 | M81: 68.945937 | N81: -2.9152493 | O81: -1.407672 | P81: -5.7192239 | Q81: 894102.48 | R81: 312547 | S81: 86 | T81: 0.010971189 | U81: 0.0065247576 | W81: 2.8 | Y81: 0.079991071 | Z81: -0.06666667 | AA81: -0.03604266 | AB81: 0.05696647 | AC81: 0.03352741
B82: INES | C82: Active | D82: InvestSMART | E82: Intelligent Investor Ethical Share Fund - Active ETF | H82: 0.97 | I82: 57.686937 | J82: -5.115914 | K82: -1.91379 | L82: -7.119267 | M82: 48.478598 | N82: -2.6822506 | O82: -2.1980785 | P82: -6.6462037 | Q82: 2092629.1 | R82: 657711 | S82: 110 | T82: 0.036275614 | U82: 0.0057815045 | W82: 3.14 | Y82: 0.084358599 | Z82: -0.05135952 | AA82: -0.1026391 | AB82: 0.06704633 | AC82: 0.0221735
B83: INIF | C83: Active | D83: InvestSMART | E83: Intelligent Investor Australian Equity - Active ETF | H83: 0.97 | I83: 65.78416 | J83: -3.4376125 | K83: -0.046923 | L83: -3.919091 | M83: 57.365553 | N83: 1.1672722 | O83: 1.3731267 | P83: -1.8713851 | Q83: 1029829.4 | R83: 377532 | S83: 152 | T83: 0.015654671 | U83: 0.0051758542 | W83: 2.69 | Y83: 0.12126654 | Z83: -0.06271777 | AA83: 0.02272161 | AB83: 0.08456189 | AC83: 0.06302591
B84: JPOZ | C84: Active | E84: JPMorgan Australia Equity Active ETF | H84: 0.25 | I84: 1.9424 | J84: -0.0368 | K84: 0 | L84: 1.980249 | M84: 1.9424 | N84: 1.9424 | O84: 1.9424 | P84: 3.9216 | Q84: 95.84 | R84: 2 | S84: 2 | T84: 4.9341021e-05 | U84: 0.0041776493 | W84: 47.94 | Y84: 0.0041814768 | Z84: -0.03385731 | AA84: n/a | AB84: n/a | AC84: n/a
B85: LEVR | C85: Complex | D85: First Sentier / Perpetual | E85: First Sentier Geared Australian Share Complex ETF | H85: 2.38 | I85: 119.16082 | J85: -9.831819 | K85: 1.739552 | L85: 32.211296 | M85: 15.739244 | N85: -1.534279 | O85: -0.41796288 | P85: 8.6520585 | Q85: 2516573.7 | R85: 1802424 | S85: 221 | T85: 0.021119137 | U85: 0.0066776025 | W85: 1.375 | Y85: 0.0063432727 | Z85: -0.09240924 | AA85: -0.1666425 | AB85: n/a | AC85: n/a
B86: MFOA | C86: Complex | D86: Milford / EQT | E86: Milford Australian Absolute Growth Complex ETF | H86: 0.9 | I86: 17.02438 | J86: -0.62332569 | K86: -0.38094996 | L86: -2.734311 | M86: 17.02438 | N86: -0.50664539 | O86: -0.50664539 | P86: -2.8378873 | Q86: 892648.63 | R86: 88556 | S86: 267 | T86: 0.052433546 | U86: 0.0022736332 | W86: 10.03 | Y86: 0.14607378 | Z86: -0.01666667 | AA86: 0.01133834 | AB86: 0.04739695 | AC86: n/a
B87: MQAE | C87: Active | D87: Macquarie | E87: Macquarie Core Australian Equity Active ETF | H87: 0.03 | I87: 1295.9639 | J87: 41.237464 | K87: 63.205427 | L87: 606.29932 | M87: 1295.9639 | N87: 98.551612 | O87: 102.51 | P87: 647.50475 | Q87: 1.138707e+08 | R87: 9399029 | S87: 4768 | T87: 0.087865641 | U87: 0.0012004912 | W87: 12.06 | Y87: 0.027089221 | Z87: -0.01711491 | AA87: 0.01893129 | AB87: n/a | AC87: n/a
B88: R3AL | C88: Active | D88: Franklin Templeton | E88: Martin Currie Real Income Fund – Active ETF | H88: 0.85 | I88: 416.52913 | J88: -18.452486 | K88: -5.565757 | L88: -35.442557 | M88: 16.074683 | N88: -0.4062899 | O88: 0.7375 | P88: 4.584457 | Q88: 327816.29 | R88: 218844 | S88: 53 | T88: 0.00078701889 | U88: 0.0040574128 | W88: 1.445 | Y88: 0.053727336 | Z88: -0.0493421 | AA88: -0.05885255 | AB88: n/a | AC88: n/a
B89: SWTZ | C89: Active | D89: Associate Global Partners | E89: Switzer Dividend Growth Fund - Active ETF | H89: 0.89 | I89: 52.719365 | J89: -2.3458596 | K89: -0.51492 | L89: -4.668058 | M89: 47.835776 | N89: -3.3092835 | O89: -1.0035636 | P89: -4.7821527 | Q89: 1909194.9 | R89: 814630 | S89: 266 | T89: 0.0362143 | U89: 0.0062841917 | W89: 2.33 | Y89: 0.056718455 | Z89: -0.02801571 | AA89: 0.03281601 | AB89: 0.07226215 | AC89: 0.05415017
B90: TCAP | C90: Complex | D90: Ten Cap / Ironbark | E90: Ten Cap Alpha Plus Complex ETF | H90: 0.97 | I90: 4.4182447 | J90: -0.10563371 | K90: 0 | L90: 4.59036 | M90: 4.4182447 | N90: -0.02296385 | O90: 0 | P90: 4.6891761 | Q90: 191003.86 | R90: 19984 | S90: 21 | T90: 0.043230711 | U90: 0.0018558405 | W90: 9.62 | Y90: 0.027054678 | Z90: -0.02532928 | AA90: n/a | AB90: n/a | AC90: n/a
B91: XX20 | C91: Active | D91: First Sentier / Perpetual | E91: First Sentier ex-20 Australian Share Fund Active ETF | H91: 0.75 | I91: 114.85605 | J91: -7.6581653 | K91: 1.68953 | L91: 29.308258 | M91: 1.7301863 | N91: 0.32856611 | O91: 0.3675 | P91: 2.3991202 | Q91: 1942741.1 | R91: 1539242 | S91: 70 | T91: 0.016914574 | U91: 0.0070326 | W91: 1.225 | Y91: 0.015715918 | Z91: -0.0754717 | AA91: n/a | AB91: n/a | AC91: n/a
B92: YMAX | C92: Complex | D92: Betashares | E92: Betashares Australian Top 20 Equities Yield Maximiser Complex ETF | H92: 0.64 | I92: 696.33446 | J92: 3.9557371 | K92: 18.681589 | L92: 109.91965 | M92: 694.02437 | N92: 1.0597074 | O92: 27.432378 | P92: 119.42263 | Q92: 37654171 | R92: 5148989 | S92: 6368 | T92: 0.054074836 | U92: 0.0018860803 | W92: 7.33 | Y92: 0.073780764 | Z92: -0.01322174 | AA92: 0.0346559 | AB92: 0.09439432 | AC92: 0.08775341
B93: Equity - Global
B94: BGBL | C94: ETF | D94: Betashares | E94: Betashares Global Shares ETF | H94: 0.08 | I94: 5463.0664 | J94: 325.41229 | K94: 214.52323 | L94: 2168.4805 | M94: 5532.3679 | N94: 788.08127 | O94: 648.34456 | P94: 2601.8715 | Q94: 4.9105913e+08 | R94: 5776221 | S94: 23807 | T94: 0.089887089 | U94: 0.00023316005 | W94: 86.68 | Y94: 0.011486421 | Z94: 0.02048505 | AA94: 0.1048685 | AB94: 0.1893163 | AC94: n/a
B95: F100 | C95: ETF | D95: Betashares | E95: Betashares FTSE 100 ETF | H95: 0.45 | I95: 429.00527 | J95: -2.8205475 | K95: 0 | L95: -14.366505 | M95: 428.65441 | N95: -10.587521 | O95: -1.5368184 | P95: -16.119966 | Q95: 11751501 | R95: 775549 | S95: 4011 | T95: 0.027392438 | U95: 0.0013401158 | W95: 15.21 | Y95: 0.03418146 | Z95: -0.006531678 | AA95: 0.1039537 | AB95: 0.152864 | AC95: 0.1215445
A96: ^ | B96: H100 | C96: ETF | D96: Betashares | E96: Betashares FTSE 100 Currency Hedged ETF | H96: 0.48 | I96: 26.112513 | J96: -0.2850711 | K96: 0 | L96: 6.862588 | M96: 26.112513 | N96: 3.8339147 | O96: 4.122 | P96: 11.239104 | Q96: 862076.77 | R96: 62431 | S96: 296 | T96: 0.033013934 | U96: 0.0029409085 | W96: 13.74 | Y96: 0.034249782 | Z96: -0.01079914 | AA96: 0.1706289 | AB96: 0.150732 | AC96: n/a
B97: ESGI | C97: ETF | D97: VanEck | E97: Vaneck MSCI International Sustainable Equity ETF | H97: 0.55 | I97: 258.8725 | J97: 5.0905753 | K97: 3.68712 | L97: 11.305705 | M97: 258.7518 | N97: 11.591656 | O97: 3.8574835 | P97: 11.823567 | Q97: 7428114.6 | R97: 197943 | S97: 2095 | T97: 0.028694105 | U97: 0.0014510979 | W97: 38.23 | Y97: 0.026680617 | Z97: 0.004994742 | AA97: 0.08462612 | AB97: 0.1482253 | AC97: 0.09905677
B98: ESTX | C98: ETF | D98: Global X | E98: Global X EURO STOXX 50 ETF | H98: 0.35 | I98: 489.27846 | J98: 1.161844 | K98: 7.686434 | L98: 113.19097 | M98: 489.0783 | N98: -0.806704 | O98: 3.234881 | P98: 104.64855 | Q98: 25109363 | R98: 234130 | S98: 5341 | T98: 0.051319167 | U98: 0.00068072416 | W98: 108.34 | Y98: 0.072096917 | Z98: -0.01176685 | AA98: 0.0757919 | AB98: 0.1716351 | AC98: 0.1163797
B99: EXUS | C99: ETF | D99: Betashares | E99: Betashares Global Shares EX US ETF | H99: 0.14 | I99: 158.06212 | J99: 23.893687 | K99: 24.70628 | L99: 153.21923 | M99: 158.06023 | N99: 50.683963 | O99: 51.39225 | P99: 180.35491 | Q99: 35929451 | R99: 953469 | S99: 4964 | T99: 0.22731222 | U99: 0.001158347 | W99: 37.65 | Y99: 0.010833732 | Z99: -0.00738202 | AA99: n/a | AB99: n/a | AC99: n/a
A100: ^ | B100: GHRP | C100: ETF | D100: Global X | E100: Global X S&P World ex Australia GARP (Currency Hedged) ETF | H100: 0.33 | I100: 2.0072 | J100: -0.0132 | K100: 0 | L100: 2.026732 | M100: 2.0072 | N100: 0.0632 | O100: 0 | P100: 1.987 | Q100: 33777.18 | R100: 684 | S100: 6 | T100: 0.016828009 | U100: 0.0098891194 | W100: 49.41 | Y100: 0.054550718 | Z100: 0.0008102086 | AA100: n/a | AB100: n/a | AC100: n/a
B101: HEUR | C101: ETF | D101: Betashares | E101: Betashares Europe ETF - Currency Hedged | H101: 0.56 | I101: 87.980042 | J101: 0.91735 | K101: 1.841378 | L101: 4.78701 | M101: 87.794089 | N101: 0.76009581 | O101: 0.00038829 | P101: 4.0095838 | Q101: 4049232.4 | R101: 220800 | S101: 1035 | T101: 0.046024442 | U101: 0.0014437989 | W101: 18.49 | Y101: 0.042420714 | Z101: -0.01334045 | AA101: 0.1715906 | AB101: 0.1676568 | AC101: 0.09648972
A102: ^ | B102: HGBL | C102: ETF | D102: Betashares | E102: Betashares Global Shares Currency Hedged ETF | H102: 0.11 | I102: 2965.7472 | J102: 128.26726 | K102: 134.94331 | L102: 789.70475 | M102: 2965.7369 | N102: 303.80425 | O102: 241.35882 | P102: 891.31635 | Q102: 2.2595857e+08 | R102: 2608755 | S102: 12883 | T102: 0.076189424 | U102: 0.00028030371 | W102: 86.8 | Y102: 0.012012707 | Z102: -0.002757353 | AA102: 0.1746103 | AB102: 0.2101079 | AC102: n/a
A103: ^ | B103: HNDQ | C103: ETF | D103: Betashares | E103: Betashares NASDAQ 100 ETF - Currency Hedged ETF | H103: 0.51 | I103: 960.84658 | J103: 25.935986 | K103: -3.128981 | L103: 151.64269 | M103: 960.33024 | N103: 55.77353 | O103: -4.4638729 | P103: 154.74249 | Q103: 64506149 | R103: 1125558 | S103: 7323 | T103: 0.067134702 | U103: 0.00037488171 | W103: 58.14 | Y103: 0.020668146 | Z103: 0.03085106 | AA103: 0.2229889 | AB103: 0.2573775 | AC103: 0.1332217
A104: ^ | B104: HQUS | C104: ETF | D104: Betashares | E104: Betashares S&P 500 Equal Weight Currency Hedged ETF | H104: 0.32 | I104: 300.81381 | J104: -8.3713083 | K104: 5.004507 | L104: 58.687977 | M104: 300.81381 | N104: 13.494546 | O104: 20.978 | P104: 73.246135 | Q104: 11388430 | R104: 226377 | S104: 1982 | T104: 0.037858735 | U104: 0.0012519447 | W104: 49.36 | Y104: 0.026860596 | Z104: -0.04303994 | AA104: 0.1180536 | AB104: n/a | AC104: n/a
B105: IEU | C105: ETF | D105: iShares | E105: iShares Europe ETF | H105: 0.59 | I105: 1327.0432 | J105: 168.81963 | K105: 182.01366 | L105: 407.90381 | M105: 1318.3312 | N105: 167.98773 | O105: 191.82065 | P105: 412.88286 | Q105: 2.0946799e+08 | R105: 2176511 | S105: 6348 | T105: 0.15784565 | U105: 0.00063876071 | W105: 97.37 | Y105: 0.085436623 | Z105: -0.01417434 | AA105: 0.08229176 | AB105: 0.1453733 | AC105: 0.1001845
B106: IHOO | C106: ETF | D106: iShares | E106: iShares Global 100 AUD Hedged ETF | H106: 0.43 | I106: 913.22601 | J106: 9.227388 | K106: 5.820277 | L106: 169.4266 | M106: 912.70647 | N106: 51.49128 | O106: 22.92456 | P106: 184.24095 | Q106: 40805710 | R106: 164039 | S106: 2523 | T106: 0.044683035 | U106: 0.00085825556 | W106: 249.18 | Y106: 0.043407252 | Z106: 0.003867537 | AA106: 0.2208089 | AB106: 0.2496548 | AC106: 0.1531905
B107: IHVV | C107: ETF | D107: iShares | E107: iShares S&P 500 AUD Hedged ETF | H107: 0.1 | I107: 4253.9795 | J107: 49.040259 | K107: 47.644806 | L107: 805.6362 | M107: 4251.0352 | N107: 235.42953 | O107: 120.0844 | P107: 872.1755 | Q107: 1.8297611e+08 | R107: 2723223 | S107: 11245 | T107: 0.043012928 | U107: 0.00025223339 | W107: 67.33 | Y107: 0.040141438 | Z107: 0.0002971327 | AA107: 0.1553543 | AB107: 0.2116197 | AC107: 0.113006
...

Sheet Spotlight LIC List
A8: Listed Investments Summary - September 2026 | Z8: Transaction days: 22 / Period ending: Wednesday, 30 September 2026
A9: IRESS Watchlist: /XIC | F9: Activity | Q9: Prices | S9: Prices | V9: Returns
A10: ASX Code | B10: Type | C10: Fund Name | F10: MER (% p.a) | G10: Outperf Fee | H10: Mkt Cap ($m)# | I10: Mkt Cap ($m) Change | J10: Transacted Value ($) | K10: Transacted Volume | L10: Number of Transactions | M10: Monthly Liquidity % | N10: Prem/Disc % NTA (pre-tax) at NTA Date | O10: NTA Date | Q10: NTA Price | R10: Last Close | S10: Year High | T10: Year Low | V10: Historical Distribution Yield | W10: 1 Month Total Return | X10: 1 Year Total Return | Y10: 3 Year Total Return (ann.) | Z10: 5 Year Total Return (ann.)
A11: Equity - Australia
A12: AFI | B12: Shares | C12: Australian Foundation Investment Company Limited | F12: 0.14 | G12: No | H12: 8,174.83 | I12: -327.8048 | J12: 1.0349553e+08 | K12: 15399163 | L12: 25058 | M12: 0.012660267 | N12: -0.14516129 | O12: 46265 | Q12: 8.06 | R12: 6.89 | S12: 7.45 | T12: 6.33 | V12: 0.048258345 | W12: -0.03483309 | X12: -0.01149448 | Y12: 0.04858297 | Z12: 0.006195632
A13: AMH | B13: Shares | C13: AMCIL Limited | F13: 0.57 | G13: No | H13: 285.59 | I13: -0.62835121 | J13: 3191669.1 | K13: 3527607 | L13: 537 | M13: 0.011175703 | N13: -0.16513761 | O13: 46265 | Q13: 1.09 | R13: 0.91 | S13: 1.09 | T13: 0.855 | V13: 0.038461538 | W13: -0.005494506 | X13: -0.09756641 | Y13: 0.04176487 | Z13: -0.006706828
A14: ARG | B14: Shares | C14: Argo Investments Limited | F14: 0.16 | G14: No | H14: 6,922.83 | I14: -89.942844 | J14: 75092483 | K14: 8094650 | L14: 15422 | M14: 0.010847079 | N14: -0.14963504 | O14: 46265 | Q14: 10.96 | R14: 9.32 | S14: 9.57 | T14: 8.45 | V14: 0.041309013 | W14: -0.01287554 | X14: 0.04876397 | Y14: 0.0800717 | Z14: 0.06260725
A15: AUI | B15: Shares | C15: Australian United Investment Company Limited | F15: 0.1 | G15: No | H15: 2,600.78 | I15: 40.930596 | J15: 23743742 | K15: 1998387 | L15: 2151 | M15: 0.0091294695 | N15: -0.16119829 | O15: 46265 | Q15: 14.02 | R15: 11.76 | S15: 12.14 | T15: 10.27 | V15: 0.031462585 | W15: 0.0170068 | X15: 0.1156511 | Y15: 0.1374922 | Z15: 0.1008153
A16: BKI | B16: Shares | C16: BKI Investment Company Limited | F16: 0.19 | G16: No | H16: 1,460.91 | I16: -36.32104 | J16: 17095808 | K16: 9423061 | L16: 3380 | M16: 0.011702164 | N16: -0.10386473 | O16: 46265 | Q16: 2.07 | R16: 1.855 | S16: 1.97 | T16: 1.68 | V16: 0.053369272 | W16: -0.009158003 | X16: 0.09583731 | Y16: 0.08478491 | Z16: 0.09484079
A17: CAM | B17: Shares | C17: Clime Capital Limited | F17: n/a | G17: n/a | H17: 86.95 | I17: -8.9917258 | J17: 2649877 | K17: 4032696 | L17: 446 | M17: 0.030475871 | N17: -0.16969697 | O17: 46265 | Q17: 0.825 | R17: 0.685 | S17: 0.725 | T17: 0.59 | V17: 0.078832117 | W17: -0.08759124 | X17: -0.01834247 | Y17: 0.008316363 | Z17: 0.006061416
A18: CDM | B18: Shares | C18: Cadence Capital Limited | F18: 1 | G18: Yes | H18: 227.03 | I18: -7.6360561 | J18: 5031955.6 | K18: 6288924 | L18: 955 | M18: 0.022164276 | N18: -0.062126643 | O18: 46265 | Q18: 0.837 | R18: 0.785 | S18: 0.87 | T18: 0.665 | V18: 0.076433121 | W18: 0.02067472 | X18: 0.2173352 | Y18: 0.1362357 | Z18: 0.04240978
A19: CIN | B19: Shares | C19: Carlton Investments Limited | F19: 0.1 | G19: No | H19: 914.06 | I19: -34.244305 | J19: 3242760.5 | K19: 93187 | L19: 168 | M19: 0.0035476451 | N19: -0.25481267 | O19: 46265 | Q19: 48.31 | R19: 36 | S19: 37.88 | T19: 32.7 | V19: 0.032777778 | W19: -0.03611111 | X19: 0.04163698 | Y19: 0.1328089 | Z19: 0.06600345
A20: DJW | B20: Shares | C20: Djerriwarrh Investments Limited | F20: 0.41 | G20: No | H20: 761.84 | I20: -31.816574 | J20: 9717773.8 | K20: 3288545 | L20: 2150 | M20: 0.012755662 | N20: -0.098214286 | O20: 46265 | Q20: 3.36 | R20: 3.03 | S20: 3.15 | T20: 2.71 | V20: 0.051980198 | W20: -0.03630363 | X20: 0.01605655 | Y20: 0.08298186 | Z20: 0.05681647
A21: FGX | B21: Shares | C21: Future Generation Australia Limited | F21: 1 | G21: No | H21: 547.78 | I21: -6.1780143 | J21: 10048522 | K21: 7676395 | L21: 4960 | M21: 0.018344083 | N21: -0.022813136 | O21: 46265 | Q21: 1.3764 | R21: 1.345 | S21: 1.435 | T21: 1.255 | V21: 0.053531599 | W21: -0.01115242 | X21: 0.07200263 | Y21: 0.1348846 | Z21: 0.05991054
A22: FSI | B22: Shares | C22: Flagship Investments Limited | F22: n/a | G22: Yes | H22: 29.76 | I22: -1.9160659 | J22: 253733.27 | K22: 215431 | L22: 84 | M22: 0.0085259837 | N22: -0.23485322 | O22: 46265 | Q22: 1.601 | R22: 1.225 | S22: 2.1 | T22: 1.07 | V22: 0.084897959 | W22: -0.06122449 | X22: -0.3950726 | Y22: -0.06052204 | Z22: -0.07428068
A23: IBC | B23: Shares | C23: Ironbark Capital Limited | F23: 0.65 | G23: Yes | H23: 43.03 | I23: -1.6363873 | J23: 79087.2 | K23: 183434 | L23: 23 | M23: 0.0018379549 | N23: -0.23670669 | O23: 46265 | Q23: 0.583 | R23: 0.445 | S23: 0.45 | T23: 0.415 | V23: 0.056179775 | W23: -0.01551884 | X23: 0.03232214 | Y23: 0.04539866 | Z23: 0.04093341
A24: MIR | B24: Shares | C24: Mirrabooka Investments Limited | F24: 0.52 | G24: No | H24: 523.03 | I24: -49.384794 | J24: 9125370.8 | K24: 3756661 | L24: 4106 | M24: 0.017447127 | N24: -0.072727273 | O24: 46265 | Q24: 2.75 | R24: 2.55 | S24: 3.35 | T24: 2.28 | V24: 0.043137255 | W24: -0.08627451 | X24: -0.2477298 | Y24: -0.003798209 | Z24: -0.04137322
A25: NGE | B25: Shares | C25: NGE Capital Limited | F25: n/a | G25: n/a | H25: 42.04 | I25: -2.0178727 | J25: 226781.69 | K25: 173880 | L25: 37 | M25: 0.0053944265 | N25: -0.20798065 | O25: 46265 | Q25: 1.654 | R25: 1.31 | S25: 1.445 | T25: 1.1925 | V25: 0 | W25: -0.04580153 | X25: -0.007936508 | Y25: 0.1303184 | Z25: 0.1165785
A26: OEQ | B26: Shares | C26: Orion Equities Limited | F26: n/a | G26: n/a | H26: 2.73 | I26: -0.004159575 | J26: 6955.32 | K26: 39288 | L26: 14 | M26: 0.0025477363 | N26: -0.5911215 | O26: 46265 | Q26: 0.428 | R26: 0.175 | S26: 0.22 | T26: 0.175 | V26: 0 | W26: 0 | X26: -0.02777778 | Y26: 0.1852631 | Z26: -0.07608552
A27: OPH | B27: Units | C27: Ophir High Conviction Fund | F27: 1.23 | G27: Yes | H27: 529.69 | I27: -13.353497 | J27: 15686051 | K27: 6661766 | L27: 3460 | M27: 0.029613645 | N27: -0.12516582 | O27: 46265 | Q27: 2.7891 | R27: 2.44 | S27: 3.6 | T27: 2.26 | V27: 0.14888279 | W27: -0.02459016 | X27: -0.214056 | Y27: 0.07102031 | Z27: -0.03300976
A28: PIC | B28: Shares | C28: Perpetual Equity Investment Company Limited | F28: 1 | G28: No | H28: 439.2 | I28: -36.600119 | J28: 8545296.2 | K28: 7328754 | L28: 2032 | M28: 0.019456503 | N28: 0.0081632653 | O28: 46265 | Q28: 1.225 | R28: 1.235 | S28: 1.3 | T28: 1.1 | V28: 0.064777328 | W28: -0.03241063 | X28: -0.00286369 | Y28: 0.08091881 | Z28: 0.06674621
A29: WAM | B29: Shares | C29: WAM Capital Limited | F29: 1 | G29: Yes | H29: 1,291.86 | I29: -91.05606 | J29: 66687472 | K29: 56001072 | L29: 11547 | M29: 0.051621284 | N29: -0.020240303 | O29: 46265 | Q29: 1.2401 | R29: 1.215 | S29: 1.91 | T29: 0.995 | V29: 0.19135802 | W29: -0.06584362 | X29: -0.3323096 | Y29: -0.01328293 | Z29: -0.02841827
A30: WHF | B30: Shares | C30: Whitefield Industrials Limited | F30: 0.35 | G30: No | H30: 573.51 | I30: -29.335112 | J30: 11828350 | K30: 2486121 | L30: 2409 | M30: 0.020624488 | N30: -0.18121911 | O30: 46265 | Q30: 6.07 | R30: 4.97 | S30: 5.65 | T30: 4.46 | V30: 0.052816901 | W30: -0.03564597 | X30: -0.09777947 | Y30: 0.03623025 | Z30: 0.02203716
A31: WLE | B31: Shares | C31: WAM Leaders Limited | F31: 1 | G31: Yes | H31: 2,111.54 | I31: 57.862764 | J31: 58399754 | K31: 44723445 | L31: 14442 | M31: 0.027657423 | N31: -0.0083197148 | O31: 46265 | Q31: 1.3462 | R31: 1.335 | S31: 1.445 | T31: 1.25 | V31: 0.071161049 | W31: -0.02247191 | X31: 0.04596541 | Y31: 0.05928724 | Z31: 0.06176503
A32: Equity - Australia Small/Mid Cap
A33: ACQ | B33: Shares | C33: Acorn Capital Investment Fund Limited | F33: n/a | G33: n/a | H33: 79.33 | I33: -2.7044742 | J33: 1286936.8 | K33: 1457541 | L33: 254 | M33: 0.016222574 | N33: -0.1944051 | O33: 46265 | Q33: 1.1296 | R33: 0.91 | S33: 1.05 | T33: 0.845 | V33: 0.10714286 | W33: -0.03296703 | X33: 0.04692786 | Y33: 0.04234013 | Z33: -0.02314212
A34: BEL | B34: Shares | C34: Bentley Capital Limited | F34: 1 | G34: Yes | H34: .84 | I34: 0.15225584 | J34: 15770.85 | K34: 1278424 | L34: 18 | M34: 0.018774821 | N34: n/a | O34: 46265 | Q34: 0.00309 | R34: 0.009 | S34: 0.036 | T34: 0.008 | V34: 0 | W34: 0.2222222 | X34: -0.3888889 | Y34: n/a | Z34: -0.3323343
A35: ECP | B35: Shares | C35: ECP Emerging Growth Limited | F35: 1.11 | G35: Yes | H35: 11.99 | I35: -1.5151097 | J35: 108226.86 | K35: 165742 | L35: 47 | M35: 0.0090264266 | N35: -0.28431373 | O35: 46265 | Q35: 1.02 | R35: 0.73 | S35: 1.26 | T35: 0.6 | V35: 0.076027397 | W35: -0.1643836 | X35: -0.4658902 | Y35: -0.135314 | Z35: -0.11848
A36: BTI | B36: Shares | C36: Bailador Technology Investments Limited | F36: 1.75 | G36: Yes | H36: 131.08 | I36: -17.091527 | J36: 2094718.4 | K36: 2294353 | L36: 1459 | M36: 0.015980458 | N36: -0.42011834 | O36: 46265 | Q36: 1.69 | R36: 0.98 | S36: 1.28 | T36: 0.805 | V36: 0.075510204 | W36: -0.122449 | X36: -0.220669 | Y36: -0.04467224 | Z36: -0.04131573
A37: ECL | B37: Shares | C37: Excelsior Capital Ltd | F37: n/a | G37: n/a | H37: 27.54 | I37: 0 | J37: 0 | K37: 0 | L37: 0 | M37: 0 | N37: n/a | O37: 46265 | Q37: Suspended | R37: Suspended | S37: 0.0067580822 | T37: 0.0035465 | V37: n/a | W37: n/a | X37: n/a | Y37: n/a | Z37: n/a
A38: GC1 | B38: Shares | C38: Glennon Small Companies Limited | F38: 1 | G38: Yes | H38: 20.7 | I38: 0.73042902 | J38: 321187.52 | K38: 778213 | L38: 208 | M38: 0.015516305 | N38: -0.42253521 | O38: 46265 | Q38: 0.71 | R38: 0.41 | S38: 0.535 | T38: 0.37 | V38: 0.073170732 | W38: 0.1031933 | X38: -0.06733134 | Y38: 0.05587266 | Z38: -0.07195059
A39: HCF | B39: Shares | C39: H&G High Conviction Limited | F39: 1 | G39: Yes | H39: .52 | I39: 0 | J39: 0 | K39: 0 | L39: 0 | M39: 0 | N39: n/a | O39: 46265 | Q39: Suspended | R39: Suspended | S39: 0.037 | T39: 0.015 | V39: n/a | W39: n/a | X39: n/a | Y39: n/a | Z39: n/a
A40: NAC | B40: Shares | C40: Naos Ex-50 Opportunities Company Limited | F40: 1.75 | G40: Yes | H40: 27.93 | I40: 0.45794734 | J40: 724129.61 | K40: 1202891 | L40: 204 | M40: 0.025926588 | N40: -0.13043478 | O40: 46265 | Q40: 0.69 | R40: 0.6 | S40: 0.7 | T40: 0.495 | V40: 0.105 | W40: 0.04910731 | X40: 0.1800754 | Y40: -0.01328304 | Z40: -0.01399877
A41: NCC | B41: Shares | C41: Naos Emerging Opportunities Company Limited | F41: 1.25 | G41: Yes | H41: 33.95 | I41: 0.73799601 | J41: 599481.15 | K41: 1303001 | L41: 207 | M41: 0.017657766 | N41: -0.11764706 | O41: 46265 | Q41: 0.51 | R41: 0.45 | S41: 0.54 | T41: 0.37 | V41: 0.093333333 | W41: 0.05555555 | X41: 0.3144124 | Y41: -0.02252806 | Z41: -0.05369845
A42: NSC | B42: Shares | C42: Naos Small Cap Opportunities Company Limited | F42: 1.25 | G42: Yes | H42: 40.26 | I42: -1.9800194 | J42: 1147636.2 | K42: 3689568 | L42: 322 | M42: 0.02850562 | N42: 0.18518519 | O42: 46265 | Q42: 0.27 | R42: 0.32 | S42: 0.45 | T42: 0.28 | V42: 0.15625 | W42: -0.00203713 | X42: -0.02944397 | Y42: -0.114161 | Z42: -0.08144301
A43: RYD | B43: Shares | C43: Ryder Capital Limited | F43: 1.25 | G43: Yes | H43: 172.38 | I43: 2.4164939 | J43: 1481606.7 | K43: 680411 | L43: 401 | M43: 0.0085950032 | N43: -0.046370786 | O43: 46265 | Q43: 2.2126 | R43: 2.11 | S43: 2.3 | T43: 1.665 | V43: 0.056872038 | W43: 0.01421801 | X43: 0.4046513 | Y43: 0.4068719 | Z43: 0.1369184
A44: SB2 | B44: Shares | C44: Salter Brothers Emerging Companies Limited | F44: 1.5 | G44: No | H44: 50.03 | I44: -1.2611947 | J44: 141965.09 | K44: 243465 | L44: 82 | M44: 0.0028375991 | N44: -0.27294398 | O44: 46265 | Q44: 0.839 | R44: 0.61 | S44: 0.8 | T44: 0.5 | V44: 0.06557377 | W44: 0.018037 | X44: -0.09185102 | Y44: 0.05002277 | Z44: -0.02617291
A45: SEC | B45: Shares | C45: Spheria Emerging Companies Limited | F45: 1 | G45: Yes | H45: 130.67 | I45: -10.189548 | J45: 2319591.2 | K45: 1034711 | L45: 893 | M45: 0.01775152 | N45: 0.021295089 | O45: 46265 | Q45: 2.301 | R45: 2.35 | S45: 2.95 | T45: 2.08 | V45: 0.071489362 | W45: -0.06562268 | X45: -0.1112289 | Y45: 0.1433442 | Z45: 0.05340387
A46: SNC | B46: Shares | C46: Sandon Capital Investments Limited | F46: 1.25 | G46: Yes | H46: 116.43 | I46: 2.4123577 | J46: 741284.33 | K46: 1000954 | L46: 309 | M46: 0.0063667812 | N46: -0.10124725 | O46: 46265 | Q46: 0.8178 | R46: 0.735 | S46: 0.965 | T46: 0.685 | V46: 0.076734694 | W46: 0.02910824 | X46: -0.1555406 | Y46: 0.1446374 | Z46: 0.04020255
A47: WAX | B47: Shares | C47: WAM Research Limited | F47: 1 | G47: Yes | H47: 180.64 | I47: 0 | J47: 6224204.4 | K47: 7158362 | L47: 1534 | M47: 0.034456402 | N47: 0.12095933 | O47: 46265 | Q47: 0.7672 | R47: 0.86 | S47: 1.29 | T47: 0.82 | V47: 0.11627907 | W47: 0 | X47: -0.2712777 | Y47: 0.01116245 | Z47: -0.04052362
A48: WMI | B48: Shares | C48: WAM Microcap Limited | F48: 1 | G48: Yes | H48: 365.74 | I48: -29.540421 | J48: 11980285 | K48: 9007952 | L48: 2667 | M48: 0.032756288 | N48: 0.15818976 | O48: 46265 | Q48: 1.2131 | R48: 1.405 | S48: 1.725 | T48: 1.25 | V48: 0.075800712 | W48: -0.0747331 | X48: -0.169821 | Y48: 0.05034753 | Z48: -0.001796996
A49: Equity - Australia Strategy
A50: WMA | B50: Shares | C50: WAM Alternative Assets Limited | F50: 1 | G50: Yes | H50: 192.51 | I50: -2.9617019 | J50: 3778282.2 | K50: 3843124 | L50: 1087 | M50: 0.019626421 | N50: -0.16708733 | O50: 46265 | Q50: 1.1886 | R50: 0.99 | S50: 1.055 | T50: 0.95 | V50: 0.060606061 | W50: -0.01515152 | X50: 0.02018286 | Y50: 0.04657208 | Z50: 0.05348825
A51: KAT | B51: Shares | C51: Katana Capital Limited | F51: 1.25 | G51: Yes | H51: 43.37 | I51: -0.20328371 | J51: 64902.44 | K51: 46867 | L51: 19 | M51: 0.0014964824 | N51: -0.15337423 | O51: 46265 | Q51: 1.63 | R51: 1.38 | S51: 1.435 | T51: 1.33 | V51: 0.050724638 | W51: -0.003623188 | X51: 0.05495515 | Y51: 0.1014033 | Z51: 0.078976
A52: PL8 | B52: Shares | C52: Plato Income Maximiser Limited | F52: 0.8 | G52: No | H52: 1,055.58 | I52: -26.202268 | J52: 16509154 | K52: 11598875 | L52: 4180 | M52: 0.015639889 | N52: 0.23715753 | O52: 46265 | Q52: 1.168 | R52: 1.445 | S52: 1.555 | T52: 1.265 | V52: 0.04567474 | W52: -0.01887871 | X52: 0.03894677 | Y52: 0.124709 | Z52: 0.09777078
A53: SET | B53: Shares | C53: Solaris Australian Equity Income Plus Limited | F53: 0.85 | G53: No | H53: 200.64 | I53: -2.8258986 | J53: 5763137.6 | K53: 2698282 | L53: 1045 | M53: 0.028723772 | N53: 0.058304753 | O53: 46265 | Q53: 2.041 | R53: 2.16 | S53: 2.25 | T53: 1.99 | V53: 0.0037037037 | W53: -0.01056641 | X53: n/a | Y53: n/a | Z53: n/a
A54: TOP | B54: Shares | C54: Thorney Opportunities Ltd | F54: 0.75 | G54: Yes | H54: 91.96 | I54: -6.0611799 | J54: 697541.83 | K54: 1210989 | L54: 65 | M54: 0.0075852744 | N54: -0.99382911 | O54: 46265 | Q54: 94.8 | R54: 0.585 | S54: 0.695 | T54: 0.49 | V54: 0.047008547 | W54: -0.02226775 | X54: -0.1493426 | Y54: 0.1174701 | Z54: 0.0601192
A55: WHI | B55: Shares | C55: Whitefield Income Limited | F55: 0.0625 | G55: no | H55: 391.69 | I55: -15.420761 | J55: 7921722.9 | K55: 6226286 | L55: 1321 | M55: 0.020224471 | N55: 0.090909091 | O55: 46265 | Q55: 1.21 | R55: 1.32 | S55: 1.499632 | T55: 1.215 | V55: 0.057041533 | W55: -0.02835999 | X55: -0.0180048 | Y55: n/a | Z55: n/a
A56: WAA | B56: Shares | C56: WAM Active Limited | F56: 1 | G56: Yes | H56: 153.8 | I56: -5.2010046 | J56: 8313364 | K56: 8144388 | L56: 1753 | M56: 0.054053082 | N56: 0.050461418 | O56: 46265 | Q56: 1.0186 | R56: 1.07 | S56: 1.195 | T56: 0.88 | V56: 0.05751215 | W56: -0.03271028 | X56: 0.1731463 | Y56: 0.2391215 | Z56: 0.1006011
A57: WAR | B57: Shares | C57: WAM Strategic Value Limited | F57: 1 | G57: Yes | H57: 205.34 | I57: -3.6025152 | J57: 3795641.1 | K57: 3322930 | L57: 783 | M57: 0.018484665 | N57: -0.086901763 | O57: 46265 | Q57: 1.2704 | R57: 1.16 | S57: 1.195 | T57: 1.055 | V57: 0.056034483 | W57: -0.01724138 | X57: 0.08072913 | Y57: 0.1118552 | Z57: 0.04015894
A58: WMX | B58: Shares | C58: WAM Income Maximiser Limited | F58: 2 | G58: Yes | H58: 487.44 | I58: -4.3918313 | J58: 11963285 | K58: 7449551 | L58: 3339 | M58: 0.024543092 | N58: -0.0067829457 | O58: 46265 | Q58: 1.6512 | R58: 1.64 | S58: 1.756895 | T58: 1.425312 | V58: 0.036292427 | W58: -0.003285969 | X58: 0.03282925 | Y58: n/a | Z58: n/a
A59: Equity - Global
A60: FGG | B60: Shares | C60: Future Generation Global Limited | F60: 1 | G60: No | H60: 655.45 | I60: -4.0211534 | J60: 7367533.9 | K60: 4539679 | L60: 2254 | M60: 0.011240421 | N60: 0.014914289 | O60: 46265 | Q60: 1.6159 | R60: 1.64 | S60: 1.805 | T60: 1.48 | V60: 0.048780488 | W60: -0.006097561 | X60: 0.1205988 | Y60: 0.2045959 | Z60: 0.08942385
A61: FPC | B61: Shares | C61: Fat Prophets Global Contrarian Fund Ltd | F61: 1.25 | G61: Yes | H61: 40.11 | I61: -4.9536365 | J61: 357573.95 | K61: 267792 | L61: 210 | M61: 0.008914833 | N61: -0.27454209 | O61: 46265 | Q61: 1.9436 | R61: 1.41 | S61: 1.75 | T61: 1.215 | V61: 0.035460993 | W61: -0.1099291 | X61: -0.1338854 | Y61: 0.1755949 | Z61: 0.03583307
A62: GFL | B62: Shares | C62: Global Masters Fund Limited | F62: 0.85 | G62: No | H62: 30.24 | I62: -2.4825786 | J62: 312280.29 | K62: 112141 | L62: 73 | M62: 0.010326729 | N62: -0.31796802 | O62: 46265 | Q62: 4.252 | R62: 2.9 | S62: 3.79 | T62: 2.65 | V62: 0 | W62: -0.07586207 | X62: -0.2947368 | Y62: -0.0259085 | Z62: 0.009988799
A63: GLS | B63: Shares | C63: L1 Global Long Short Fund Limited | F63: 1.1 | G63: Yes | H63: 1,102.53 | I63: -58.506038 | J63: 32963147 | K63: 16199660 | L63: 7765 | M63: 0.029897733 | N63: 0.088167539 | O63: 46265 | Q63: 1.91 | R63: 2.0784 | S63: 2.127468 | T63: 1.508718 | V63: 0.01415127 | W63: -0.03922841 | X63: 0.3499254 | Y63: 0.2320887 | Z63: 0.1408423
A64: GVF | B64: Shares | C64: Staude Capital Global Value Fund Limited | F64: 1.5 | G64: No | H64: 268.59 | I64: -7.0949064 | J64: 2741905.2 | K64: 2036569 | L64: 567 | M64: 0.010208515 | N64: 0.029523089 | O64: 46265 | Q64: 1.321 | R64: 1.36 | S64: 1.48 | T64: 1.26 | V64: 0.048529412 | W64: 0.008928571 | X64: 0.01445506 | Y64: 0.1435079 | Z64: 0.104408
A65: PIA | B65: Shares | C65: Pengana International Equities Limited | F65: 1.77 | G65: Yes | H65: 296.67 | I65: 20.638068 | J65: 2961465 | K65: 2745571 | L65: 645 | M65: 0.0099823542 | N65: -0.13591214 | O65: 46265 | Q65: 1.2383 | R65: 1.07 | S65: 1.225733 | T65: 1.025 | V65: 0.051869159 | W65: 0.07476635 | X65: 0.1465834 | Y65: 0.1671015 | Z65: 0.05154215
A66: LRT | B66: Units | C66: Lowell Resources Fund | F66: 2.165 | G66: Yes | H66: 101.61 | I66: 0.62807688 | J66: 2949594.1 | K66: 1453960 | L66: 775 | M66: 0.029028581 | N66: -0.20912869 | O66: 46265 | Q66: 2.5984 | R66: 2.055 | S66: 3.1 | T66: 1.8075 | V66: 0.069683698 | W66: -0.02676399 | X66: 0.002820577 | Y66: 0.2188609 | Z66: 0.1385325
A67: LSX | B67: Shares | C67: Lion Selection Group Limited | F67: 1.5 | G67: Yes | H67: 128.96 | I67: -3.5823394 | J67: 1916951 | K67: 2082867 | L67: 790 | M67: 0.014864694 | N67: -0.18286219 | O67: 46265 | Q67: 1.132 | R67: 0.925 | S67: 1.12 | T67: 0.785 | V67: 0 | W67: -0.02702703 | X67: -0.1044776 | Y67: 0.3231475 | Z67: 0.2037037
A68: MFF | B68: Shares | C68: MFF Capital Investments Limited | F68: 0.4 | G68: No | H68: 3,250.08 | I68: 65.238763 | J68: 28581221 | K68: 5299023 | L68: 6033 | M68: 0.0087940055 | N68: 0.046783626 | O68: 46265 | Q68: 5.13 | R68: 5.37 | S68: 5.5 | T68: 4.4 | V68: 0.039106145 | W68: 0.02048417 | X68: 0.198626 | Y68: 0.2940801 | Z68: 0.1874613
A69: PGF | B69: Shares | C69: PM Capital Global Opportunities Fund Limited | F69: 1 | G69: Yes | H69: 1,947.35 | I69: 162.64919 | J69: 60941415 | K69: 18887709 | L69: 8841 | M69: 0.031294536 | N69: 0.047646849 | O69: 46265 | Q69: 3.0831 | R69: 3.23 | S69: 3.495 | T69: 2.55 | V69: 0.044891641 | W69: 0.02409186 | X69: 0.2448999 | Y69: 0.2748966 | Z69: 0.2533319
A70: RG1 | B70: Shares | C70: Regal Partners Global Investments Limited | F70: 1.5 | G70: Yes | H70: 595.78 | I70: -0.2060112 | J70: 21460804 | K70: 8342743 | L70: 2157 | M70: 0.036021357 | N70: -0.1013986 | O70: 46265 | Q70: 2.86 | R70: 2.57 | S70: 2.77 | T70: 1.89 | V70: 0.042801556 | W70: 0 | X70: 0.4420352 | Y70: 0.2717808 | Z70: 0.1202081
A71: WGB | B71: Shares | C71: WAM Global Limited | F71: 1.25 | G71: Yes | H71: 726.39 | I71: -32.363942 | J71: 21652911 | K71: 10753581 | L71: 4167 | M71: 0.029808933 | N71: -0.019197694 | O71: 46265 | Q71: 2.1513 | R71: 2.11 | S71: 2.55 | T71: 1.92 | V71: 0.062085308 | W71: -0.04265403 | X71: -0.1245064 | Y71: 0.09491764 | Z71: 0.02767072
A72: Equity - Asia
A73: 8IH | B73: CDI | C73: 8I Holdings Ltd | F73: n/a | G73: No | H73: 4.18 | I73: -2.437126 | J73: 20477.113 | K73: 1650474 | L73: 23 | M73: 0.0048988309 | N73: -0.52261307 | O73: 46265 | Q73: 0.0398 | R73: 0.019 | S73: 0.05 | T73: 0.011 | V73: 0 | W73: -0.3684211 | X73: -0.1428571 | Y73: 0.02864583 | Z73: -0.3488487
A74: RG8 | B74: Shares | C74: Regal Asian Investments Limited | F74: 1.5 | G74: Yes | H74: 350.64 | I74: -14.635426 | J74: 6163971.8 | K74: 2424279 | L74: 1283 | M74: 0.017579203 | N74: -0.14191419 | O74: 46265 | Q74: 3.03 | R74: 2.6 | S74: 3.04 | T74: 2.29 | V74: 0.069230769 | W74: -0.03846154 | X74: 0.1913169 | Y74: 0.192941 | Z74: 0.1236416
A75: Equity - Global Strategy
A76: AIQ | B76: Units | C76: Alternative Investment Trust | F76: 0.75 | G76: n/a | H76: 82.47 | I76: -0.34259166 | J76: 479652.17 | K76: 345062 | L76: 49 | M76: 0.0058160806 | N76: -0.087161366 | O76: 46265 | Q76: 1.5282 | R76: 1.395 | S76: 1.575 | T76: 1.345 | V76: 0.050201434 | W76: 0 | X76: 0.017747 | Y76: 0.1025582 | Z76: 0.2501052
A77: AIX | B77: Units | C77: AI Private Opportunities Trust | F77: 0.65 | G77: Yes | H77: 241.6 | I77: -17.886063 | J77: 6439995.3 | K77: 691622 | L77: 1143 | M77: 0.02665561 | N77: -0.034756703 | O77: 46265 | Q77: 10.07 | R77: 9.72 | S77: 10.04 | T77: 8.33 | V77: 0 | W77: -0.06893004 | X77: n/a | Y77: n/a | Z77: n/a
A78: BHD | B78: Shares | C78: Benjamin Hornigold Limited | F78: 3 | G78: Yes | H78: 6.28 | I78: 0 | J78: 56930.965 | K78: 219188 | L78: 15 | M78: 0.0090654403 | N78: -0.22178988 | O78: 46265 | Q78: 0.3341 | R78: 0.26 | S78: 0.28 | T78: 0.17 | V78: 0 | W78: 0 | X78: 0.4444444 | Y78: 0.07364733 | Z78: -0.02492893
A79: CD1 | B79: Units | C79: Cd Private Equity Fund I | F79: 0.33 | G79: No | H79: 10.6 | I79: 0.9137795 | J79: 146028.68 | K79: 555502 | L79: 53 | M79: 0.013776291 | N79: -0.55084746 | O79: 46265 | Q79: 0.59 | R79: 0.265 | S79: 0.42545132 | T79: 0.25 | V79: 0 | W79: 0.1153846 | X79: -0.2666667 | Y79: -0.1240691 | Z79: -0.0660279
A80: CD2 | B80: Units | C80: Cd Private Equity Fund II | F80: 0.33 | G80: No | H80: 14.69 | I80: -0.26239543 | J80: 301846.73 | K80: 1136781 | L80: 75 | M80: 0.02054777 | N80: -0.50862069 | O80: 46265 | Q80: 0.58 | R80: 0.285 | S80: 0.478695 | T80: 0.25 | V80: 0 | W80: -0.01754386 | X80: -0.2177357 | Y80: -0.1132175 | Z80: -0.01512492
A81: CD3 | B81: Units | C81: Cd Private Equity Fund III | F81: 0.33 | G81: No | H81: 53.66 | I81: -5.4021315 | J81: 612930.34 | K81: 774366 | L81: 203 | M81: 0.011422481 | N81: -0.43448276 | O81: 46265 | Q81: 1.45 | R81: 0.82 | S81: 1.015 | T81: 0.735 | V81: 0 | W81: -0.09146341 | X81: -0.2353011 | Y81: -0.05804721 | Z81: 0.0730315
A82: CDO | B82: Shares | C82: Cadence Opportunities Fund Limited | F82: 1.25 | G82: No | H82: 41.4 | I82: 5.4649463 | J82: 1423554.3 | K82: 625168 | L82: 283 | M82: 0.034385369 | N82: 0.029478458 | O82: 46265 | Q82: 2.205 | R82: 2.27 | S82: 2.51 | T82: 1.79 | V82: 0.066079295 | W82: 0.0445263 | X82: 0.3374145 | Y82: 0.2578535 | Z82: n/a
A83: HM1 | B83: Shares | C83: Hearts and Minds Investments Limited | F83: n/a | G83: No | H83: 668.63 | I83: -41.21679 | J83: 15062945 | K83: 5081416 | L83: 3795 | M83: 0.022528072 | N83: -0.14127424 | O83: 46265 | Q83: 3.61 | R83: 3.1 | S83: 3.38 | T83: 2.65 | V83: 0.062903226 | W83: -0.01198157 | X83: -0.05932812 | Y83: 0.1720253 | Z83: 0.004270436
A84: LGF | B84: Shares | C84: L1 Gold Fund Limited | F84: 1 | G84: Yes | H84: 1,495.48 | I84: 412.48428 | J84: 48581966 | K84: 21305366 | L84: 5771 | M84: 0.032485868 | N84: -0.018595041 | O84: 46265 | Q84: 2.3232 | R84: 2.28 | S84: 2.45 | T84: 1.612776 | V84: 0 | W84: 0.02192982 | X84: n/a | Y84: n/a | Z84: n/a
A85: LSF | B85: Shares | C85: L1 Long Short Fund Limited | F85: 1.4 | G85: No | H85: 3,062.74 | I85: -78.869838 | J85: 50619680 | K85: 10502885 | L85: 15870 | M85: 0.01652758 | N85: 0.096612685 | O85: 46265 | Q85: 4.5139 | R85: 4.95 | S85: 5.09 | T85: 3.35 | V85: 0.029494949 | W85: -0.01551872 | X85: 0.4925069 | Y85: 0.2638443 | Z85: 0.1816546
A86: MEC | B86: Shares | C86: Morphic Ethical Equities Fund Limited | F86: 1.25 | G86: Yes | H86: 35.27 | I86: -0.6896141 | J86: 146803.21 | K86: 125726 | L86: 47 | M86: 0.0041622685 | N86: -0.10580664 | O86: 46265 | Q86: 1.3364 | R86: 1.195 | S86: 1.39 | T86: 1.09 | V86: 0.028451883 | W86: -0.0125523 | X86: 0.03716948 | Y86: 0.106488 | Z86: 0.05183145
A87: UWC | B87: Shares | C87: Underwood Capital Limited | F87: n/a | G87: No | H87: 10.94 | I87: -0.20255491 | J87: 120660.82 | K87: 2153275 | L87: 66 | M87: 0.011029326 | N87: -0.5154185 | O87: 46265 | Q87: 0.1135 | R87: 0.055 | S87: 0.076 | T87: 0.039 | V87: 0 | W87: -0.01818182 | X87: -0.1940298 | Y87: 0.006238732 | Z87: -0.0708682
A88: PE1 | B88: Units | C88: Pengana Private Equity Trust | F88: 1.25 | G88: Yes | H88: 357.92 | I88: -36.507079 | J88: 10518890 | K88: 7294588 | L88: 6712 | M88: 0.029388943 | N88: -0.17608417 | O88: 46265 | Q88: 1.7963 | R88: 1.48 | S88: 1.99 | T88: 1.29 | V88: 0.044932432 | W88: -0.09121622 | X88: 0.02090388 | Y88: 0.01772563 | Z88: 0.03137128
A89: RF1 | B89: Units | C89: Regal Investment Fund | F89: 1.5 | G89: No | H89: 707.21 | I89: -49.920937 | J89: 11290768 | K89: 3277860 | L89: 2322 | M89: 0.015965227 | N89: 0.019607843 | O89: 46265 | Q89: 3.57 | R89: 3.64 | S89: 3.82 | T89: 3.08 | V89: 0.070995055 | W89: -0.06593407 | X89: 0.09280915 | Y89: 0.1357227 | Z89: 0.02678607
A90: TEK | B90: Shares | C90: Thorney Technologies Ltd | F90: 0.75 | G90: Yes | H90: 37.54 | I90: -0.17905818 | J90: 639357.24 | K90: 6121200 | L90: 113 | M90: 0.01703136 | N90: -0.51612903 | O90: 46265 | Q90: 0.217 | R90: 0.105 | S90: 0.145 | T90: 0.0875 | V90: 0 | W90: 0 | X90: -0.1923077 | Y90: -0.1396251 | Z90: -0.2473248
A91: TGF | B91: Shares | C91: Tribeca Global Natural Resources Limited | F91: 1.5 | G91: Yes | H91: 191.6 | I91: -19.160395 | J91: 6831364.3 | K91: 2436154 | L91: 1323 | M91: 0.035654302 | N91: -0.2343934 | O91: 46265 | Q91: 3.7356 | R91: 2.86 | S91: 3.28 | T91: 1.85 | V91: 0.052447552 | W91: -0.04351123 | X91: 0.4832826 | Y91: 0.1809423 | Z91: 0.07950084
A92: TVL | B92: Shares | C92: Touch Ventures Limited | F92: n/a | G92: No | H92: 41.09 | I92: 0 | J92: 24942.748 | K92: 444680 | L92: 23 | M92: 0.00060702721 | N92: -0.44761905 | O92: 46265 | Q92: 0.105 | R92: 0.058 | S92: 0.073 | T92: 0.054 | V92: 0 | W92: 0.01754386 | X92: -0.1343284 | Y92: -0.077861 | Z92: -0.3459089
A93: WQG | B93: Shares | C93: WCM Global Growth Limited | F93: 1.25 | G93: Yes | H93: 575.35 | I93: -16.596637 | J93: 9682430.7 | K93: 4662832 | L93: 1613 | M93: 0.016828766 | N93: 0.047992165 | O93: 46265 | Q93: 2.042 | R93: 2.14 | S93: 2.26 | T93: 1.61 | V93: 0.041127206 | W93: -0.01147384 | X93: 0.1370688 | Y93: 0.2804664 | Z93: 0.1217001
A94: Equity - Infrastructure
A95: ALI | B95: Shares | C95: Argo Global Listed Infrastructure Limited | F95: 1.2 | G95: No | H95: 475.68 | I95: -4.7185045 | J95: 4471407 | K95: 1783080 | L95: 830 | M95: 0.0094000315 | N95: -0.011627907 | O95: 46265 | Q95: 2.58 | R95: 2.55 | S95: 2.66 | T95: 2.3 | V95: 0.039215686 | W95: -0.01176471 | X95: 0.07430423 | Y95: 0.1287754 | Z95: 0.07250858
A96: Fixed Income - Global Dollar
A97: KIT | B97: Units | C97: Kapstream Investment Trust | F97: 1.39 | G97: No | H97: 175.28 | I97: -3.4067314 | J97: 7749002.3 | K97: 4347297 | L97: 934 | M97: 0.044209278 | N97: -0.090999158 | O97: 46265 | Q97: 2.0187 | R97: 1.835 | S97: 1.98 | T97: 1.71 | V97: 0.032627248 | W97: -0.01173579 | X97: n/a | Y97: n/a | Z97: n/a
A98: KKC | B98: Units | C98: KKR Credit Income Fund | F98: 1.2087 | G98: Yes | H98: 667.65 | I98: -25.80271 | J98: 20389017 | K98: 9620104 | L98: 4599 | M98: 0.030538481 | N98: -0.068174923 | O98: 46265 | Q98: 2.3073 | R98: 2.15 | S98: 2.34 | T98: 1.95 | V98: 0.093209302 | W98: -0.02940415 | X98: -0.03746231 | Y98: 0.09838959 | Z98: 0.06450551
A99: LF1 | B99: Units | C99: La Trobe Private Credit Fund | F99: 1.93 | G99: No | H99: 254.8 | I99: -5.0986128 | J99: 3971000.4 | K99: 2105283 | L99: 532 | M99: 0.015584774 | N99: -0.033163265 | O99: 46265 | Q99: 1.96 | R99: 1.895 | S99: 2.03 | T99: 1.825 | V99: 0.07646438 | W99: 0.004045641 | X99: 0.02524776 | Y99: n/a | Z99: n/a
A100: MA1 | B100: Units | C100: MA Credit Income Trust | F100: 0.9 | G100: n/a | H100: 538.56 | I100: -6.9140957 | J100: 23684504 | K100: 12185274 | L100: 2595 | M100: 0.043977465 | N100: -0.025 | O100: 46265 | Q100: n/a | R100: n/a | S100: 2.05 | T100: 1.84 | V100: n/a | W100: -0.006019111 | X100: 0.03576771 | Y100: n/a | Z100: n/a
A101: PCI | B101: Units | C101: Perpetual Credit Income Trust | F101: 0.88 | G101: Yes | H101: 793.8 | I101: -12.697315 | J101: 25206988 | K101: 22889132 | L101: 2554 | M101: 0.031754835 | N101: 0.0068493151 | O101: 46265 | Q101: 1.095 | R101: 1.1025 | S101: 1.20231 | T101: 1.015 | V101: 0.070586426 | W101: -0.01044745 | X101: -0.02764982 | Y101: 0.09659168 | Z101: 0.07833623
A102: PCX | B102: Units | C102: Pengana Global Private Credit Trust | F102: 1.2 | G102: No | H102: 256.76 | I102: -1.61715 | J102: 4760769 | K102: 2388455 | L102: 590 | M102: 0.018541708 | N102: 0.0088272383 | O102: 46265 | Q102: 1.9825 | R102: 2 | S102: 2.07 | T102: 1.9 | V102: 0.078 | W102: 0.006516291 | X102: 0.02629122 | Y102: n/a | Z102: n/a
A103: Fixed Income - Australian Dollar
A104: DN1 | B104: Units | C104: Dominion Income Trust 1 | F104: 0.5 | G104: No | H104: 338.69 | I104: -5.589 | J104: 6417911.2 | K104: 64862 | L104: 776 | M104: 0.01894922 | N104: -0.0045885287 | O104: 46265 | Q104: 100.25 | R104: 101.7 | S104: 103.39 | T104: 96 | V104: 0.073591495 | W104: -0.009394851 | X104: 0.04950624 | Y104: n/a | Z104: n/a
A105: GCI | B105: Units | C105: Gryphon Capital Income Trust | F105: 0.96 | G105: No | H105: 1,354.76 | I105: 44.697587 | J105: 67548553 | K105: 33247788 | L105: 9156 | M105: 0.049860162 | N105: 0.027072842 | O105: 46265 | Q105: 2.0057 | R105: 2.06 | S105: 2.09 | T105: 1.93 | V105: 0.074757282 | W105: -0.02521007 | X105: 0.04905247 | Y105: 0.08480106 | Z105: 0.07614695
A106: MOT | B106: Units | C106: Metrics Income Opportunities Trust | F106: 1.03 | G106: Yes | H106: 534.42 | I106: 0.09584 | J106: 31135898 | K106: 19681690 | L106: 4413 | M106: 0.058261101 | N106: -0.25425309 | O106: 46265 | Q106: 2.1455 | R106: 1.6 | S106: 1.975 | T106: 1.4 | V106: 0.0956875 | W106: 0.0125 | X106: -0.0947918 | Y106: -5.227717e-05 | Z106: 0.03584193
A107: MRE | B107: Units | C107: Metrics Real Estate Multi-Strategy Fund | F107: n/a | G107: No | H107: 257.41 | I107: -3.0283251 | J107: 5574380.2 | K107: 3287432 | L107: 1086 | M107: 0.021655648 | N107: -0.32964378 | O107: 46265 | Q107: 2.5658 | R107: 1.72 | S107: 2.03 | T107: 1.36 | V107: 0.06127907 | W107: -0.02325581 | X107: -0.08427456 | Y107: n/a | Z107: n/a
...

Sheet Spotlight A-REITS  List
A9: AREIT Product Summary - September 2026 | U9: Transaction days: 22 / Period ending: Wednesday, 30 September 2026
A10: ASX A-REIT Profiles | F10: Activity | M10: Prices | Q10: Returns
A11: ASX Code | B11: Type | C11: Fund Name | F11: Mkt Cap ($m)# | G11: Mkt Cap Change ($m) | H11: Transacted Value ($) | I11: Transacted Volume | J11: Number of Trades | K11: Monthly Liquidity % | M11: Last | N11: Year High | O11: Year Low | Q11: Historical Distribution Yield | R11: 1 Month Total Return | S11: 1 Year Total Return | T11: 3 Year Total Return (ann.) | U11: 5 Year Total Return (ann.)
A12: Property - Australia
A13: ABG | B13: Stapled | C13: Abacus Group | F13: 768.54556 | G13: -13.4 | H13: 31550370 | I13: 37825785 | J13: 37142 | K13: 0.041052049 | M13: 0.86 | N13: 1.265 | O13: 0.775 | Q13: 0.098837209 | R13: -0.01714286 | S13: -0.2347223 | T13: 0.02328308 | U13: -0.1070063
A14: APW | B14: Ord Units | C14: Aims Property Securities Fund | F14: 173.62442 | G14: 0 | H14: 47653.45 | I14: 12102 | J14: 28 | K14: 0.00027446283 | M14: 3.9 | N14: 4.2 | O14: 3 | Q14: 0 | R14: 0 | S14: 0.21875 | T14: 0.4602187 | U14: 0.2504251
A15: APZ | B15: Stapled | C15: Aspen Group | F15: 1015.5076 | G15: -131.93 | H15: 95268131 | I15: 20624238 | J15: 63479 | K15: 0.093813312 | M15: 4.43 | N15: 6.43 | O15: 4.19 | Q15: 0.0248307 | R15: -0.1210317 | S15: -0.03237396 | T15: 0.4233176 | U15: 0.2805398
A16: ARF | B16: Stapled | C16: Arena REIT. | F16: 866.4139 | G16: -80.83 | H16: 1.2055386e+08 | I16: 55080015 | J16: 89539 | K16: 0.13914119 | M16: 2.12 | N16: 3.95 | O16: 1.985 | Q16: 0.08932783 | R16: -0.06671842 | S16: -0.4173817 | T16: -0.09586088 | U16: -0.08539091
A17: BWF | B17: Fpo | C17: Blackwall Limited | F17: 16.063246 | G17: -1.03 | H17: 169310.16 | I17: 1693936 | J17: 201 | K17: 0.010540221 | M17: 0.096 | N17: 0.275 | O17: 0.092 | Q17: 0.52083333 | R17: -0.04 | S17: -0.5627847 | T17: -0.3021101 | U17: -0.19561
A18: BWP | B18: Ord Units | C18: BWP Group | F18: 2827.6082 | G18: -54.98 | H18: 1.1312712e+08 | I18: 31368143 | J18: 60684 | K18: 0.04000806 | M18: 3.6 | N18: 4.106404 | O18: 3.395 | Q18: 0.05382885 | R18: -0.01907357 | S18: 0.01984493 | T18: 0.07934075 | U18: 0.02923999
A19: CDP | B19: Ord Units | C19: Carindale Property Trust | F19: 450.91781 | G19: 4.96 | H19: 703719.77 | I19: 129417 | J19: 197 | K19: 0.0015606387 | M19: 5.45 | N19: 5.88 | O19: 5.16 | Q19: 0.054831193 | R19: 0.01113173 | S19: 0.04549067 | T19: 0.1721937 | U19: 0.110334
A20: CHC | B20: Stp Forus | C20: Charter Hall Group | F20: 8920.7272 | G20: -217.58 | H20: 1.0003231e+09 | I20: 54388442 | J20: 374213 | K20: 0.1121347 | M20: 18.86 | N20: 25.95 | O20: 17.49 | Q20: 0.026866384 | R20: -0.02380952 | S20: -0.1469073 | T20: 0.3063199 | U20: 0.05927166
A21: CIP | B21: Ord Units | C21: Centuria Industrial REIT | F21: 1773.2621 | G21: -49.95 | H21: 1.3750121e+08 | I21: 48069747 | J21: 58621 | K21: 0.07754139 | M21: 2.84 | N21: 3.59 | O21: 2.68 | Q21: 0.05959507 | R21: -0.01221131 | S21: -0.1393767 | T21: 0.03380788 | U21: -0.002196801
A22: CLW | B22: Stapled | C22: Charter Hall Long Wale REIT | F22: 2383.7757 | G22: -144.47 | H22: 1.9121409e+08 | I22: 56320734 | J22: 77801 | K22: 0.080214799 | M22: 3.3 | N22: 4.46 | O22: 3.11 | Q22: 0.077272727 | R22: -0.03870508 | S22: -0.195135 | T22: 0.07820017 | U22: -0.01345125
A23: CMW | B23: Stapled | C23: Cromwell Property Group | F23: 890.41468 | G23: -104.75 | H23: 32921178 | I23: 92124369 | J23: 28460 | K23: 0.036972861 | M23: 0.34 | N23: 0.49 | O23: 0.3175 | Q23: 0.088970588 | R23: -0.0842504 | S23: -0.1950294 | T23: 0.04681193 | U23: -0.08824821
A24: COF | B24: Ord Units | C24: Centuria Office REIT | F24: 507.73639 | G24: -17.92 | H24: 24495144 | I24: 28573194 | J24: 23041 | K24: 0.048243822 | M24: 0.85 | N24: 1.235 | O24: 0.81 | Q24: 0.11558824 | R24: -0.007906626 | S24: -0.2142624 | T24: -0.003672495 | U24: -0.1160391
... A26: CQR | B26: Ord Units | C26: Charter Hall Retail REIT | F26: 2069.1774 | G26: -209.24 | H26: 1.6957399e+08 | I26: 45882493 | J26: 90290 | K26: 0.081952367 | M26: 3.56 | N26: 4.25 | O26: 3.34 | Q26: 0.072331461 | R26: -0.07461295 | S26: -0.07831457 | T26: 0.1231744 | U26: 0.04805029
A27: DGT | B27: Stapled | C27: DigiCo Infrastructure REIT | F27: 1447.9757 | G27: -20.39 | H27: 1.241086e+08 | I27: 47874817 | J27: 80062 | K27: 0.085711798 | M27: 2.59 | N27: 3.07 | O27: 1.595 | Q27: 0.046332046 | R27: -0.01520913 | S27: 0.02372777 | T27: n/a | U27: n/a
A28: DXC | B28: Stapled | C28: Dexus Convenience Retail REIT | F28: 366.64985 | G28: -10.52 | H28: 27843030 | I28: 10026707 | J28: 11355 | K28: 0.07593902 | M28: 2.71 | N28: 2.98 | O28: 2.48 | Q28: 0.077121771 | R28: -0.005739263 | S28: -0.02073936 | T28: 0.1306615 | U28: 0.0230848
A29: DXI | B29: Stapled | C29: Dexus Industria REIT. | F29: 733.38408 | G29: -4.08 | H29: 43448922 | I29: 18439511 | J29: 34878 | K29: 0.05924443 | M29: 2.36 | N29: 2.92 | O29: 2.2 | Q29: 0.070338983 | R29: 0.01820175 | S29: -0.1135573 | T29: 0.03759584 | U29: -0.01371692
A30: DXS | B30: Stapled | C30: Dexus | F30: 6145.2113 | G30: -54.36 | H30: 5.9151484e+08 | I30: 104966243 | J30: 150025 | K30: 0.096256225 | M30: 5.74 | N30: 7.73 | O30: 5.3 | Q30: 0.06445993 | R30: -0.006920415 | S30: -0.1521742 | T30: -0.01912376 | U30: -0.06344226
A31: GDF | B31: Stapled | C31: Garda Property Group | F31: 226.27594 | G31: 1.09 | H31: 2598840.9 | I31: 2547628 | J31: 1427 | K31: 0.011485273 | M31: 1.04 | N31: 1.24 | O31: 0.99 | Q31: 0.084134615 | R31: 0.02605974 | S31: -0.0574618 | T31: 0.04694745 | U31: -0.006361043
A32: GDI | B32: Stapled | C32: GDI Property Group | F32: 337.38905 | G32: -21.59 | H32: 9241716.7 | I32: 14589474 | J32: 5319 | K32: 0.027391869 | M32: 0.625 | N32: 0.67 | O32: 0.575 | Q32: 0.08 | R32: -0.06015038 | S32: -0.005221273 | T32: 0.1411351 | U32: -0.04410353
A33: GMG | B33: Stapled | C33: Goodman Group | F33: 55848.23 | G33: -853.88 | H33: 3.365647e+09 | I33: 127171604 | J33: 642883 | K33: 0.060264167 | M33: 27.18 | N33: 34.78 | O33: 24.56 | Q33: 0.011037528 | R33: -0.01983411 | S33: -0.1629239 | T33: 0.09218786 | U33: 0.05844266
A34: GOZ | B34: Stapled | C34: Growthpoint Properties Australia | F34: 1494.1253 | G34: -75.46 | H34: 32132438 | I34: 16048941 | J34: 30825 | K34: 0.021505852 | M34: 1.98 | N34: 2.68 | O34: 1.835 | Q34: 0.092929293 | R34: -0.04807693 | S34: -0.1667837 | T34: 0.04585903 | U34: -0.07040148
A35: GPT | B35: Stapled | C35: GPT Group | F35: 8754.1889 | G35: -249.03 | H35: 9.107109e+08 | I35: 201236195 | J35: 154356 | K35: 0.10403144 | M35: 4.57 | N35: 5.75 | O35: 4.35 | Q35: 0.053063457 | R35: -0.02765957 | S35: -0.1089744 | T35: 0.1091968 | U35: 0.03180973
A36: HCW | B36: Ord Units | C36: Healthco Healthcare and Wellness REIT | F36: 407.13018 | G36: 8.25 | H36: 30014175 | I36: 39416715 | J36: 14982 | K36: 0.073721322 | M36: 0.74 | N36: 0.845 | O36: 0.6 | Q36: 0.02027027 | R36: 0.02068965 | S36: 0.04964539 | T36: -0.1772298 | U36: -0.1616407
A37: HDN | B37: Ord Units | C37: Homeco Daily Needs REIT | F37: 2259.6027 | G37: -52.31 | H37: 1.3153962e+08 | I37: 120054544 | J37: 60462 | K37: 0.058213604 | M37: 1.08 | N37: 1.415 | O37: 1.01 | Q37: 0.07962963 | R37: -0.002515751 | S37: -0.1448985 | T37: 0.04736403 | U37: -0.007960737
A38: HMC | B38: Fpo | C38: HMC Capital Limited | F38: 1262.6041 | G38: -78.4 | H38: 1.0500884e+08 | I38: 32558918 | J38: 86583 | K38: 0.083168461 | M38: 3.06 | N38: 4.62 | O38: 2.16 | Q38: 0.039215686 | R38: -0.04080769 | S38: 0.004923681 | T38: -0.1085728 | U38: -0.1422733
A39: INA | B39: Stapled | C39: Ingenia Communities Group | F39: 1972.703 | G39: 480.95 | H39: 3.1288388e+08 | I39: 74572061 | J39: 166529 | K39: 0.15860668 | M39: 4.84 | N39: 5.875 | O39: 3.49 | Q39: 0.019834711 | R39: 0.3224044 | S39: -0.08923356 | T39: 0.07021569 | U39: -0.03759648
... A51: WPR | B51: Stapled | C51: Waypoint REIT | F51: 1423.7003 | G51: -111.02 | H51: 1.0703911e+08 | I51: 47540511 | J51: 76632 | K51: 0.075183734 | M51: 2.18 | N51: 2.74 | O51: 2 | Q51: 0.078073394 | R51: -0.05370094 | S51: -0.1332845 | T51: 0.05905755 | U51: 0.02036608
A52: Property - Global
A53: URF | B53: Stapled | C53: US Masters Residential Property Fund | F53: 75.729642 | G53: -3.44 | H53: 920991.35 | I53: 8048568 | J53: 200 | K53: 0.01216157 | M53: 0.11 | N53: 0.13 | O53: 0.10467191 | Q53: 0 | R53: -0.04347826 | S53: -0.04840678 | T53: 0.09979486 | U53: 0.02996897
A54: Australian Indices
A55: XJOAI | B55: Index | C55: S&P/ASX 200 Accumulation | F55: n/a | G55: n/a | H55: 0 | I55: 0 | J55: 0 | K55: n/a | M55: 122136.55 | N55: 127307 | O55: 113530.66 | Q55: n/a | R55: -0.025781187 | S55: 0.026843476 | T55: 0.11398726 | U55: 0.076838347
A56: XSOAI | B56: Index | C56: S&P/ASX Small Ords Accumulation | F56: n/a | G56: n/a | H56: 0 | I56: 0 | J56: 0 | K56: n/a | M56: 12012.063 | N56: 13901.024 | O56: 11138.147 | Q56: n/a | R56: -0.033394014 | S56: -0.06743974 | T56: 0.10412288 | U56: 0.021778647
A57: XPJAI | B57: Index | C57: S&P/ASX 200 A-REIT Accumulation | F57: n/a | G57: n/a | H57: 0 | I57: 0 | J57: 0 | K57: n/a | M57: 73371.17 | N57: 89518.725 | O57: 69874.964 | Q57: n/a | R57: -0.015841526 | S57: -0.14335586 | T57: 0.094429621 | U57: 0.029753562
A58: XIFAI | B58: Index | C58: S&P/ASX Infrastructure Index Accumulation | F58: n/a | G58: n/a | H58: 0 | I58: 0 | J58: 0 | K58: n/a | M58: 893.53008 | N58: 936.26025 | O58: 830.82257 | Q58: n/a | R58: -0.0206162 | S58: 0.079648181 | T58: 0.10984629 | U58: 0.13093049
A59: SPBDASXT | B59: Index | C59: S&P/ASX Aust Fixed Int Idx Total Return | F59: n/a | G59: n/a | H59: 0 | I59: 0 | J59: 0 | K59: n/a | M59: 169.84172 | N59: 0 | O59: 0 | Q59: n/a | R59: n/a | S59: n/a | T59: -0.51371826 | U59: 0
A60: SPBDAGVT | B60: Index | C60: S&P/ASX Govt Bond Idx Total Return | F60: n/a | G60: n/a | H60: 0 | I60: 0 | J60: 0 | K60: n/a | M60: 3564 | N60: 0 | O60: 0 | Q60: n/a | R60: n/a | S60: n/a | T60: 0.1038175 | U60: 0.83786428
A62: # The Market Value for each product is based off the last reported number of units recorded in CHESS multiplied by the closing price on the last Transaction day of the month. Any updates to the number of units on issue received post the last Transaction day of the month are not picked up until the following month.
A64: All values are as at Sep-26. Month Total return, 1/3&5 year annualised return data provided by Bloomberg. Dividends are reinvested. Gross dividends are used in the calculation for returns. Price is used to calculate total returns.
A67: Past Performance is not a reliable indicator of future performance.

Sheet Spotlight Infra  List
A9: Infrastructure Summary - September 2026 | U9: Transaction days: 22 / Period ending: Wednesday, 30 September 2026
A10: ASX Infrastructure Fund Profiles | F10: Activity | M10: Prices | Q10: Returns
A11: ASX Code | B11: Type* | C11: Fund Name | F11: Mkt Cap ($m) | G11: Mkt Cap Change ($m) | H11: Transacted Value ($) | I11: Transacted Volume | J11: Number of Trades | K11: Monthly Liquidity % | L11: $ Spread | M11: Last ($) | N11: Year High ($) | O11: Year Low ($) | Q11: Historical Distribution Yield | R11: 1 Month Total Return | S11: 1 Year Total Return | T11: 3 Year Total Return (ann.) | U11: 5 Year Total Return (ann.)
A12: Equity - Infrastructure
A13: APA | B13: Stapled | C13: APA Group | F13: 14141.162 | G13: -274.49047 | H13: 7.521109e+08 | I13: 69642672 | J13: 217614 | K13: 0.053185932 | M13: 10.61 | N13: 11.3 | O13: 8.44 | Q13: 0.05466541 | R13: -0.02571166 | S13: 0.276501 | T13: 0.1660395 | U13: 0.110193
A14: ALX | B14: Stapled | C14: Atlas Arteria | F14: 5741.2992 | G14: -930.23582 | H14: 4.8315485e+08 | I14: 114771495 | J14: 125425 | K14: 0.084154271 | M14: 3.95 | N14: 5.235 | O14: 3.66 | Q14: 0.10126582 | R14: -0.09806016 | S14: -0.1178073 | T14: -0.02748699 | U14: -0.009740127
A15: TCL | B15: Stapled | C15: Transurban Group | F15: 41316.11 | G15: -3302.5184 | H15: 1.792734e+09 | I15: 133363187 | J15: 267937 | K15: 0.043390678 | M15: 13.24 | N15: 15.62 | O15: 12.82 | Q15: 0.052114804 | R15: -0.07412588 | S15: 0.005833154 | T15: 0.06312417 | U15: 0.0296323
A16: Australian Indices
A17: XJOAI | B17: Index | C17: S&P/ASX 200 Accumulation | M17: 122136.55 | N17: 127307 | O17: 113530.66 | Q17: n/a | R17: -0.025781187 | S17: 0.026843476 | T17: 0.11398726 | U17: 0.076838347
A18: XSOAI | B18: Index | C18: S&P/ASX Small Ords Accumulation | M18: 12012.063 | N18: 13901.024 | O18: 11138.147 | Q18: n/a | R18: -0.033394014 | S18: -0.06743974 | T18: 0.10412288 | U18: 0.021778647
A19: XPJAI | B19: Index | C19: S&P/ASX 200 A-REIT Accumulation | M19: 73371.17 | N19: 89518.725 | O19: 69874.964 | Q19: n/a | R19: -0.015841526 | S19: -0.14335586 | T19: 0.094429621 | U19: 0.029753562
A20: XIFAI | B20: Index | C20: S&P/ASX Infrastructure Index Accumulation | M20: 893.53008 | N20: 936.26025 | O20: 830.82257 | Q20: n/a | R20: -0.0206162 | S20: 0.079648181 | T20: 0.10984629 | U20: 0.13093049
A21: SPBDASXT | B21: Index | C21: S&P/ASX Aust Fixed Int Idx Total Return | M21: 169.84172 | N21: 0 | O21: 0 | Q21: n/a | R21: n/a | S21: n/a | T21: -0.51371826 | U21: 0
A22: SPBDAGVT | B22: Index | C22: S&P/ASX Govt Bond Idx Total Return | M22: 3564 | N22: 0 | O22: 0 | Q22: n/a | R22: n/a | S22: n/a | T22: 0.1038175 | U22: 0.83786428
A24: # The Market Value for each product is based off the last reported number of units recorded in CHESS multiplied by the closing price on the last Transaction day of the month. Any updates to the number of units on issue received post the last Transaction day of the month are not picked up until the following month.
A26: All values are as at Sep-26. Month Total return, 1/3&5 year annualised return data provided by Bloomberg. Dividends are reinvested. Gross dividends are used in the calculation for returns. Price is used to calculate total returns.
A29: Past Performance is not a reliable indicator of future performance.
A43: Information provided does not constitute financial product advice. You should obtain independent advice from an Australian financial services licensee before making any financial decisions. Although ASX Limited ABN 98 008 624 691 and its related bodies corporate (“ASX”) has made every effort to ensure the accuracy of the information as at the date of publication, ASX does not give any warranty or representation as to the accuracy, reliability or completeness of the information. To the extent permitted by law, ASX and its employees, officers and contractors shall not be liable for any loss or damage arising in any way (including by way of negligence) from or in connection with any information provided or omitted or from any one acting or refraining to act in reliance on this information.
A45: © Copyright 2024 ASX Operations Pty Limited ABN 42 004 523 782. All rights reserved 2024
A46: All values are as at Sep-26. Month Total return, 1/3&5 year annualised return data provided by Bloomberg. Dividends are reinvested. Gross dividends are used in the calculation for returns. Price is used to calculate total returns.
A67: All values are as at Sep-26. Month Total return, 1/3&5 year annualised return data provided by Bloomberg. Dividends are reinvested. Gross dividends are used in the calculation for returns. Price is used to calculate total returns.

Sheet Instructions

Sheet Top FUM and Traded
A8: ="Investment Product Summary - "&TEXT(#REF!,"mmmm yyyy") -> #REF! | M8: ="Transaction days: "&#REF!&" / Period ending: "&TEXT(#REF!,"dddd, dd mmmm yyyy") -> #REF!
A10: ETPs | H10: mFunds | I10: Last 12 months ($m)
A11: ASX code | B11: Fund Name | C11: 43678 | D11: 43647 | E11: % change | H11: ASX Code | I11: Fund Name | J11: 43678 | K11: 43647 | L11: % change
A12: 1 | H12: 1
A13: 2 | H13: 2
A14: 3 | H14: 3
A15: 4 | H15: 4
A16: 5 | H16: 5
A17: 6 | H17: 6
A18: 7 | H18: 7
A19: 8 | H19: 8
A20: 9 | H20: 9
A21: 10 | H21: 10

Sheet Spotlight mFund Client
A7: Month: | B7: =#REF! -> #REF! | E7: Transaction days: | F7: =#REF! -> #REF! | H7: Period ending: | I7: =#REF! -> #REF!
A8: ISSUER & PRODUCT SUMMARY
B10: mFund
B11: Fund Managers | D11: =COUNTA(#REF!) -> 1
B12: mFund Products | D12: =+#REF! -> #REF!
E36: Top 3 Inflows by Asset Class
B38: Equity - Australia | G38: Equity - Global
B39: =+#REF! -> #REF! | G39: =+#REF! -> #REF!
B40: =+#REF! -> #REF! | G40: =+#REF! -> #REF!
B41: =+#REF! -> #REF! | G41: =+#REF! -> #REF!
B44: Fixed Income - Australia | G44: Fixed Income - Global
B45: =+#REF! -> #REF! | G45: =+#REF! -> #REF!
B46: =+#REF! -> #REF! | G46: =+#REF! -> #REF!
B47: =+#REF! -> #REF! | G47: =+#REF! -> #REF!
B50: Mixed Asset | G50: Property
B51: =+#REF! -> #REF! | G51: =+#REF! -> #REF!
B52: =+#REF! -> #REF! | G52: =+#REF! -> #REF!
B53: =+#REF! -> #REF! | G53: =+#REF! -> #REF!

Sheet mFund Branding
A1: Monthly Statistics
A3: =+'Spotlight mFund Client'!$B$7 -> #REF!
A11: mFund
A12: Fund Managers | C12: =+'Spotlight mFund Client'!D11 -> 1
A13: mFund Products | C13: =+'Spotlight mFund Client'!D12 -> #REF!
A19: Top 3 Inflows by Asset Class
A20: Lists the top three mFund products
A21: under each asset class.
A23: Equity - Australia | F23: Equity - Global
A24: =+#REF! -> #REF! | B24: =+#REF! -> #REF! | E24: a | F24: =+#REF! -> #REF! | G24: =+#REF! -> #REF! | K24: 0
A25: =+#REF! -> #REF! | B25: =+#REF! -> #REF! | E25: a | F25: =+#REF! -> #REF! | G25: =+#REF! -> #REF! | K25: 0
A26: =+#REF! -> #REF! | B26: =+#REF! -> #REF! | E26: a | F26: =+#REF! -> #REF! | G26: =+#REF! -> #REF! | K26: 0
E27: a | K27: 0
A28: Fixed Income - Australia | E28: a | F28: Fixed Income - Global | K28: 0
A29: =+#REF! -> #REF! | B29: =+#REF! -> #REF! | E29: a | F29: =+#REF! -> #REF! | G29: =+#REF! -> #REF! | K29: 0
A30: =+#REF! -> #REF! | B30: =+#REF! -> #REF! | E30: a | F30: =+#REF! -> #REF! | G30: =+#REF! -> #REF! | K30: 0
A31: =+#REF! -> #REF! | B31: =+#REF! -> #REF! | E31: a | F31: =+#REF! -> #REF! | G31: =+#REF! -> #REF! | K31: 0
E32: a | K32: 0
A33: Mixed Asset | E33: a | F33: Property | K33: 0
A34: =+#REF! -> #REF! | B34: =+#REF! -> #REF! | E34: a | F34: =+#REF! -> #REF! | G34: =+#REF! -> #REF! | K34: 0
A35: =+#REF! -> #REF! | B35: =+#REF! -> #REF! | E35: a | F35: =+#REF! -> #REF! | G35: =+#REF! -> #REF! | K35: 0
A36: =+#REF! -> #REF! | B36: =+#REF! -> #REF! | E36: a | F36: =+#REF! -> #REF! | G36: =+#REF! -> #REF! | K36: 0

Sheet Spotlight MFSA List
A8: ="Single Asset Exchange Traded Product Summary - "&TEXT(#REF!,"mmmm yyyy") -> #REF! | X8: ="Transaction days: "&#REF!&" / Period ending: "&TEXT(#REF!,"dddd, dd mmmm yyyy") -> #REF!
A9: IRESS Watchlist: /XTB | F9: Activity | P9: Prices | T9: Returns
A10: ASX Code | B10: Type* | C10: Fund Name | F10: MER (% p.a) | G10: FUM ($m)# | H10: FUM ($m) Change | I10: Funds Inflow / Outflow ($m) *** | J10: Transacted Value ($) | K10: Transacted Volume | L10: Number of Trades | M10: Monthly Liquidity % | N10: % Spread* | P10: Last | Q10: Year High | R10: Year Low | T10: Historical Distribution Yield | U10: 1 Month Total Return | V10: 1 Year Total Return | W10: 3 Year Total Return (ann.) | X10: 5 Year Total Return (ann.)
A11: Equity - Australia
A12: A200 | B12: MF | C12: =VLOOKUP(A12,#REF!,2,FALSE) -> #REF! | F12: =VLOOKUP(A12,#REF!,6,FALSE) -> #REF! | G12: =VLOOKUP(A12,#REF!,8,FALSE)/1000000 -> #REF! | H12: =VLOOKUP(A12,#REF!,14,FALSE)/1000000 -> #REF! | I12: =VLOOKUP(A12,#REF!,18,FALSE)/1000000 -> #REF! | J12: =VLOOKUP(A12,#REF!,5,FALSE) -> #REF! | K12: =VLOOKUP(A12,#REF!,7,FALSE) -> #REF! | L12: =VLOOKUP(A12,#REF!,4,FALSE) -> #REF! | M12: =_xlfn.IFNA(VLOOKUP(A12,#REF!,5,FALSE),"n/a") -> #REF! | N12: =_xlfn.IFNA(VLOOKUP(A12,#REF!,7,FALSE),"n/a") -> #REF! | P12: =VLOOKUP($A12,#REF!,6,FALSE)/100 -> #REF! | Q12: =VLOOKUP($A12,#REF!,21,FALSE)/100 -> #REF! | R12: =VLOOKUP($A12,#REF!,22,FALSE)/100 -> #REF! | T12: =IFERROR((VLOOKUP($A12,#REF!,20,FALSE)/100)/P12,"n/a") -> n/a | U12: =IFERROR(VLOOKUP($A12,#REF!,3,FALSE),"n/a") -> n/a | V12: =IFERROR(VLOOKUP($A12,#REF!,4,FALSE),"n/a") -> n/a | W12: =IFERROR(VLOOKUP($A12,#REF!,5,FALSE),"n/a") -> n/a | X12: =IFERROR(VLOOKUP($A12,#REF!,6,FALSE),"n/a") -> n/a
A13: IOZ | B13: MF | C13: =VLOOKUP(A13,#REF!,2,FALSE) -> #REF! | F13: =VLOOKUP(A13,#REF!,6,FALSE) -> #REF! | G13: =VLOOKUP(A13,#REF!,8,FALSE)/1000000 -> #REF! | H13: =VLOOKUP(A13,#REF!,14,FALSE)/1000000 -> #REF! | I13: =VLOOKUP(A13,#REF!,18,FALSE)/1000000 -> #REF! | J13: =VLOOKUP(A13,#REF!,5,FALSE) -> #REF! | K13: =VLOOKUP(A13,#REF!,7,FALSE) -> #REF! | L13: =VLOOKUP(A13,#REF!,4,FALSE) -> #REF! | M13: =_xlfn.IFNA(VLOOKUP(A13,#REF!,5,FALSE),"n/a") -> #REF! | N13: =_xlfn.IFNA(VLOOKUP(A13,#REF!,7,FALSE),"n/a") -> #REF! | P13: =IFERROR(VLOOKUP($A13,#REF!,6,FALSE)/100,"n/a") -> n/a | Q13: =VLOOKUP($A13,#REF!,21,FALSE)/100 -> #REF! | R13: =VLOOKUP($A13,#REF!,22,FALSE)/100 -> #REF! | T13: =IFERROR((VLOOKUP($A13,#REF!,20,FALSE)/100)/P13,"n/a") -> n/a | U13: =IFERROR(VLOOKUP($A13,#REF!,3,FALSE),"n/a") -> n/a | V13: =IFERROR(VLOOKUP($A13,#REF!,4,FALSE),"n/a") -> n/a | W13: =IFERROR(VLOOKUP($A13,#REF!,5,FALSE),"n/a") -> n/a | X13: =IFERROR(VLOOKUP($A13,#REF!,6,FALSE),"n/a") -> n/a
A14: ILC | B14: MF | C14: =VLOOKUP(A14,#REF!,2,FALSE) -> #REF! | F14: =VLOOKUP(A14,#REF!,6,FALSE) -> #REF! | G14: =VLOOKUP(A14,#REF!,8,FALSE)/1000000 -> #REF! | H14: =VLOOKUP(A14,#REF!,14,FALSE)/1000000 -> #REF! | I14: =VLOOKUP(A14,#REF!,18,FALSE)/1000000 -> #REF! | J14: =VLOOKUP(A14,#REF!,5,FALSE) -> #REF! | K14: =VLOOKUP(A14,#REF!,7,FALSE) -> #REF! | L14: =VLOOKUP(A14,#REF!,4,FALSE) -> #REF! | M14: =_xlfn.IFNA(VLOOKUP(A14,#REF!,5,FALSE),"n/a") -> #REF! | N14: =_xlfn.IFNA(VLOOKUP(A14,#REF!,7,FALSE),"n/a") -> #REF! | P14: =IFERROR(VLOOKUP($A14,#REF!,6,FALSE)/100,"n/a") -> n/a | Q14: =VLOOKUP($A14,#REF!,21,FALSE)/100 -> #REF! | R14: =VLOOKUP($A14,#REF!,22,FALSE)/100 -> #REF! | T14: =IFERROR((VLOOKUP($A14,#REF!,20,FALSE)/100)/P14,"n/a") -> n/a | U14: =IFERROR(VLOOKUP($A14,#REF!,3,FALSE),"n/a") -> n/a | V14: =IFERROR(VLOOKUP($A14,#REF!,4,FALSE),"n/a") -> n/a | W14: =IFERROR(VLOOKUP($A14,#REF!,5,FALSE),"n/a") -> n/a | X14: =IFERROR(VLOOKUP($A14,#REF!,6,FALSE),"n/a") -> n/a
A15: MVW | B15: MF | C15: =VLOOKUP(A15,#REF!,2,FALSE) -> #REF! | F15: =VLOOKUP(A15,#REF!,6,FALSE) -> #REF! | G15: =VLOOKUP(A15,#REF!,8,FALSE)/1000000 -> #REF! | H15: =VLOOKUP(A15,#REF!,14,FALSE)/1000000 -> #REF! | I15: =VLOOKUP(A15,#REF!,18,FALSE)/1000000 -> #REF! | J15: =VLOOKUP(A15,#REF!,5,FALSE) -> #REF! | K15: =VLOOKUP(A15,#REF!,7,FALSE) -> #REF! | L15: =VLOOKUP(A15,#REF!,4,FALSE) -> #REF! | M15: =_xlfn.IFNA(VLOOKUP(A15,#REF!,5,FALSE),"n/a") -> #REF! | N15: =_xlfn.IFNA(VLOOKUP(A15,#REF!,7,FALSE),"n/a") -> #REF! | P15: =IFERROR(VLOOKUP($A15,#REF!,6,FALSE)/100,"n/a") -> n/a | Q15: =VLOOKUP($A15,#REF!,21,FALSE)/100 -> #REF! | R15: =VLOOKUP($A15,#REF!,22,FALSE)/100 -> #REF! | T15: =IFERROR((VLOOKUP($A15,#REF!,20,FALSE)/100)/P15,"n/a") -> n/a | U15: =IFERROR(VLOOKUP($A15,#REF!,3,FALSE),"n/a") -> n/a | V15: =IFERROR(VLOOKUP($A15,#REF!,4,FALSE),"n/a") -> n/a | W15: =IFERROR(VLOOKUP($A15,#REF!,5,FALSE),"n/a") -> n/a | X15: =IFERROR(VLOOKUP($A15,#REF!,6,FALSE),"n/a") -> n/a
A16: QOZ | B16: MF | C16: =VLOOKUP(A16,#REF!,2,FALSE) -> #REF! | F16: =VLOOKUP(A16,#REF!,6,FALSE) -> #REF! | G16: =VLOOKUP(A16,#REF!,8,FALSE)/1000000 -> #REF! | H16: =VLOOKUP(A16,#REF!,14,FALSE)/1000000 -> #REF! | I16: =VLOOKUP(A16,#REF!,18,FALSE)/1000000 -> #REF! | J16: =VLOOKUP(A16,#REF!,5,FALSE) -> #REF! | K16: =VLOOKUP(A16,#REF!,7,FALSE) -> #REF! | L16: =VLOOKUP(A16,#REF!,4,FALSE) -> #REF! | M16: =_xlfn.IFNA(VLOOKUP(A16,#REF!,5,FALSE),"n/a") -> #REF! | N16: =_xlfn.IFNA(VLOOKUP(A16,#REF!,7,FALSE),"n/a") -> #REF! | P16: =IFERROR(VLOOKUP($A16,#REF!,6,FALSE)/100,"n/a") -> n/a | Q16: =VLOOKUP($A16,#REF!,21,FALSE)/100 -> #REF! | R16: =VLOOKUP($A16,#REF!,22,FALSE)/100 -> #REF! | T16: =IFERROR((VLOOKUP($A16,#REF!,20,FALSE)/100)/P16,"n/a") -> n/a | U16: =IFERROR(VLOOKUP($A16,#REF!,3,FALSE),"n/a") -> n/a | V16: =IFERROR(VLOOKUP($A16,#REF!,4,FALSE),"n/a") -> n/a | W16: =IFERROR(VLOOKUP($A16,#REF!,5,FALSE),"n/a") -> n/a | X16: =IFERROR(VLOOKUP($A16,#REF!,6,FALSE),"n/a") -> n/a
A17: STW | B17: MF | C17: =VLOOKUP(A17,#REF!,2,FALSE) -> #REF! | F17: =VLOOKUP(A17,#REF!,6,FALSE) -> #REF! | G17: =VLOOKUP(A17,#REF!,8,FALSE)/1000000 -> #REF! | H17: =VLOOKUP(A17,#REF!,14,FALSE)/1000000 -> #REF! | I17: =VLOOKUP(A17,#REF!,18,FALSE)/1000000 -> #REF! | J17: =VLOOKUP(A17,#REF!,5,FALSE) -> #REF! | K17: =VLOOKUP(A17,#REF!,7,FALSE) -> #REF! | L17: =VLOOKUP(A17,#REF!,4,FALSE) -> #REF! | M17: =_xlfn.IFNA(VLOOKUP(A17,#REF!,5,FALSE),"n/a") -> #REF! | N17: =_xlfn.IFNA(VLOOKUP(A17,#REF!,7,FALSE),"n/a") -> #REF! | P17: =IFERROR(VLOOKUP($A17,#REF!,6,FALSE)/100,"n/a") -> n/a | Q17: =VLOOKUP($A17,#REF!,21,FALSE)/100 -> #REF! | R17: =VLOOKUP($A17,#REF!,22,FALSE)/100 -> #REF! | T17: =IFERROR((VLOOKUP($A17,#REF!,20,FALSE)/100)/P17,"n/a") -> n/a | U17: =IFERROR(VLOOKUP($A17,#REF!,3,FALSE),"n/a") -> n/a | V17: =IFERROR(VLOOKUP($A17,#REF!,4,FALSE),"n/a") -> n/a | W17: =IFERROR(VLOOKUP($A17,#REF!,5,FALSE),"n/a") -> n/a | X17: =IFERROR(VLOOKUP($A17,#REF!,6,FALSE),"n/a") -> n/a
A18: SFY | B18: MF | C18: =VLOOKUP(A18,#REF!,2,FALSE) -> #REF! | F18: =VLOOKUP(A18,#REF!,6,FALSE) -> #REF! | G18: =VLOOKUP(A18,#REF!,8,FALSE)/1000000 -> #REF! | H18: =VLOOKUP(A18,#REF!,14,FALSE)/1000000 -> #REF! | I18: =VLOOKUP(A18,#REF!,18,FALSE)/1000000 -> #REF! | J18: =VLOOKUP(A18,#REF!,5,FALSE) -> #REF! | K18: =VLOOKUP(A18,#REF!,7,FALSE) -> #REF! | L18: =VLOOKUP(A18,#REF!,4,FALSE) -> #REF! | M18: =_xlfn.IFNA(VLOOKUP(A18,#REF!,5,FALSE),"n/a") -> #REF! | N18: =_xlfn.IFNA(VLOOKUP(A18,#REF!,7,FALSE),"n/a") -> #REF! | P18: =IFERROR(VLOOKUP($A18,#REF!,6,FALSE)/100,"n/a") -> n/a | Q18: =VLOOKUP($A18,#REF!,21,FALSE)/100 -> #REF! | R18: =VLOOKUP($A18,#REF!,22,FALSE)/100 -> #REF! | T18: =IFERROR((VLOOKUP($A18,#REF!,20,FALSE)/100)/P18,"n/a") -> n/a | U18: =IFERROR(VLOOKUP($A18,#REF!,3,FALSE),"n/a") -> n/a | V18: =IFERROR(VLOOKUP($A18,#REF!,4,FALSE),"n/a") -> n/a | W18: =IFERROR(VLOOKUP($A18,#REF!,5,FALSE),"n/a") -> n/a | X18: =IFERROR(VLOOKUP($A18,#REF!,6,FALSE),"n/a") -> n/a
A19: VAS | B19: MF | C19: =VLOOKUP(A19,#REF!,2,FALSE) -> #REF! | F19: =VLOOKUP(A19,#REF!,6,FALSE) -> #REF! | G19: =VLOOKUP(A19,#REF!,8,FALSE)/1000000 -> #REF! | H19: =VLOOKUP(A19,#REF!,14,FALSE)/1000000 -> #REF! | I19: =VLOOKUP(A19,#REF!,18,FALSE)/1000000 -> #REF! | J19: =VLOOKUP(A19,#REF!,5,FALSE) -> #REF! | K19: =VLOOKUP(A19,#REF!,7,FALSE) -> #REF! | L19: =VLOOKUP(A19,#REF!,4,FALSE) -> #REF! | M19: =_xlfn.IFNA(VLOOKUP(A19,#REF!,5,FALSE),"n/a") -> #REF! | N19: =_xlfn.IFNA(VLOOKUP(A19,#REF!,7,FALSE),"n/a") -> #REF! | P19: =IFERROR(VLOOKUP($A19,#REF!,6,FALSE)/100,"n/a") -> n/a | Q19: =VLOOKUP($A19,#REF!,21,FALSE)/100 -> #REF! | R19: =VLOOKUP($A19,#REF!,22,FALSE)/100 -> #REF! | T19: =IFERROR((VLOOKUP($A19,#REF!,20,FALSE)/100)/P19,"n/a") -> n/a | U19: =IFERROR(VLOOKUP($A19,#REF!,3,FALSE),"n/a") -> n/a | V19: =IFERROR(VLOOKUP($A19,#REF!,4,FALSE),"n/a") -> n/a | W19: =IFERROR(VLOOKUP($A19,#REF!,5,FALSE),"n/a") -> n/a | X19: =IFERROR(VLOOKUP($A19,#REF!,6,FALSE),"n/a") -> n/a
A20: VLC | B20: MF | C20: =VLOOKUP(A20,#REF!,2,FALSE) -> #REF! | F20: =VLOOKUP(A20,#REF!,6,FALSE) -> #REF! | G20: =VLOOKUP(A20,#REF!,8,FALSE)/1000000 -> #REF! | H20: =VLOOKUP(A20,#REF!,14,FALSE)/1000000 -> #REF! | I20: =VLOOKUP(A20,#REF!,18,FALSE)/1000000 -> #REF! | J20: =VLOOKUP(A20,#REF!,5,FALSE) -> #REF! | K20: =VLOOKUP(A20,#REF!,7,FALSE) -> #REF! | L20: =VLOOKUP(A20,#REF!,4,FALSE) -> #REF! | M20: =_xlfn.IFNA(VLOOKUP(A20,#REF!,5,FALSE),"n/a") -> #REF! | N20: =_xlfn.IFNA(VLOOKUP(A20,#REF!,7,FALSE),"n/a") -> #REF! | P20: =IFERROR(VLOOKUP($A20,#REF!,6,FALSE)/100,"n/a") -> n/a | Q20: =VLOOKUP($A20,#REF!,21,FALSE)/100 -> #REF! | R20: =VLOOKUP($A20,#REF!,22,FALSE)/100 -> #REF! | T20: =IFERROR((VLOOKUP($A20,#REF!,20,FALSE)/100)/P20,"n/a") -> n/a | U20: =IFERROR(VLOOKUP($A20,#REF!,3,FALSE),"n/a") -> n/a | V20: =IFERROR(VLOOKUP($A20,#REF!,4,FALSE),"n/a") -> n/a | W20: =IFERROR(VLOOKUP($A20,#REF!,5,FALSE),"n/a") -> n/a | X20: =IFERROR(VLOOKUP($A20,#REF!,6,FALSE),"n/a") -> n/a
A21: YTMQF4 | B21: MF | C21: =VLOOKUP(A21,#REF!,2,FALSE) -> #REF! | F21: =VLOOKUP(A21,#REF!,6,FALSE) -> #REF! | G21: =VLOOKUP(A21,#REF!,8,FALSE)/1000000 -> #REF! | H21: =VLOOKUP(A21,#REF!,14,FALSE)/1000000 -> #REF! | I21: =VLOOKUP(A21,#REF!,18,FALSE)/1000000 -> #REF! | J21: =VLOOKUP(A21,#REF!,5,FALSE) -> #REF! | K21: =VLOOKUP(A21,#REF!,7,FALSE) -> #REF! | L21: =VLOOKUP(A21,#REF!,4,FALSE) -> #REF! | M21: =IFERROR(+J21/(G21*1000000),"n/a") -> n/a | N21: =IFERROR(VLOOKUP(A21,#REF!,2,FALSE),"n/a") -> n/a | P21: =IFERROR(VLOOKUP($A21,#REF!,6,FALSE)/100,"n/a") -> n/a | Q21: =VLOOKUP($A21,#REF!,21,FALSE)/100 -> #REF! | R21: =VLOOKUP($A21,#REF!,22,FALSE)/100 -> #REF! | T21: =IFERROR((VLOOKUP($A21,#REF!,20,FALSE)/100)/P21,"n/a") -> n/a | U21: =IFERROR(VLOOKUP($A21,#REF!,3,FALSE),"n/a") -> n/a | V21: =IFERROR(VLOOKUP($A21,#REF!,4,FALSE),"n/a") -> n/a | W21: =IFERROR(VLOOKUP($A21,#REF!,5,FALSE),"n/a") -> n/a | X21: =IFERROR(VLOOKUP($A21,#REF!,6,FALSE),"n/a") -> n/a
A22: YTMSCP | B22: MF | C22: =VLOOKUP(A22,#REF!,2,FALSE) -> #REF! | F22: =VLOOKUP(A22,#REF!,6,FALSE) -> #REF! | G22: =VLOOKUP(A22,#REF!,8,FALSE)/1000000 -> #REF! | H22: =VLOOKUP(A22,#REF!,14,FALSE)/1000000 -> #REF! | I22: =VLOOKUP(A22,#REF!,18,FALSE)/1000000 -> #REF! | J22: =VLOOKUP(A22,#REF!,5,FALSE) -> #REF! | K22: =VLOOKUP(A22,#REF!,7,FALSE) -> #REF! | L22: =VLOOKUP(A22,#REF!,4,FALSE) -> #REF! | M22: =IFERROR(+J22/(G22*1000000),"n/a") -> n/a | N22: =IFERROR(VLOOKUP(A22,#REF!,2,FALSE),"n/a") -> n/a | P22: =IFERROR(VLOOKUP($A22,#REF!,6,FALSE)/100,"n/a") -> n/a | Q22: =VLOOKUP($A22,#REF!,21,FALSE)/100 -> #REF! | R22: =VLOOKUP($A22,#REF!,22,FALSE)/100 -> #REF! | T22: =IFERROR((VLOOKUP($A22,#REF!,20,FALSE)/100)/P22,"n/a") -> n/a | U22: =IFERROR(VLOOKUP($A22,#REF!,3,FALSE),"n/a") -> n/a | V22: =IFERROR(VLOOKUP($A22,#REF!,4,FALSE),"n/a") -> n/a | W22: =IFERROR(VLOOKUP($A22,#REF!,5,FALSE),"n/a") -> n/a | X22: =IFERROR(VLOOKUP($A22,#REF!,6,FALSE),"n/a") -> n/a
A23: YTMSG3 | B23: MF | C23: =VLOOKUP(A23,#REF!,2,FALSE) -> #REF! | F23: =VLOOKUP(A23,#REF!,6,FALSE) -> #REF! | G23: =VLOOKUP(A23,#REF!,8,FALSE)/1000000 -> #REF! | H23: =VLOOKUP(A23,#REF!,14,FALSE)/1000000 -> #REF! | I23: =VLOOKUP(A23,#REF!,18,FALSE)/1000000 -> #REF! | J23: =VLOOKUP(A23,#REF!,5,FALSE) -> #REF! | K23: =VLOOKUP(A23,#REF!,7,FALSE) -> #REF! | L23: =VLOOKUP(A23,#REF!,4,FALSE) -> #REF! | M23: =IFERROR(+J23/(G23*1000000),"n/a") -> n/a | N23: =IFERROR(VLOOKUP(A23,#REF!,2,FALSE),"n/a") -> n/a | P23: =IFERROR(VLOOKUP($A23,#REF!,6,FALSE)/100,"n/a") -> n/a | Q23: =VLOOKUP($A23,#REF!,21,FALSE)/100 -> #REF! | R23: =VLOOKUP($A23,#REF!,22,FALSE)/100 -> #REF! | T23: =IFERROR((VLOOKUP($A23,#REF!,20,FALSE)/100)/P23,"n/a") -> n/a | U23: =IFERROR(VLOOKUP($A23,#REF!,3,FALSE),"n/a") -> n/a | V23: =IFERROR(VLOOKUP($A23,#REF!,4,FALSE),"n/a") -> n/a | W23: =IFERROR(VLOOKUP($A23,#REF!,5,FALSE),"n/a") -> n/a | X23: =IFERROR(VLOOKUP($A23,#REF!,6,FALSE),"n/a") -> n/a
A24: YTMTL2 | B24: MF | C24: =VLOOKUP(A24,#REF!,2,FALSE) -> #REF! | F24: =VLOOKUP(A24,#REF!,6,FALSE) -> #REF! | G24: =VLOOKUP(A24,#REF!,8,FALSE)/1000000 -> #REF! | H24: =VLOOKUP(A24,#REF!,14,FALSE)/1000000 -> #REF! | I24: =VLOOKUP(A24,#REF!,18,FALSE)/1000000 -> #REF! | J24: =VLOOKUP(A24,#REF!,5,FALSE) -> #REF! | K24: =VLOOKUP(A24,#REF!,7,FALSE) -> #REF! | L24: =VLOOKUP(A24,#REF!,4,FALSE) -> #REF! | M24: =IFERROR(+J24/(G24*1000000),"n/a") -> n/a | N24: =IFERROR(VLOOKUP(A24,#REF!,2,FALSE),"n/a") -> n/a | P24: =IFERROR(VLOOKUP($A24,#REF!,6,FALSE)/100,"n/a") -> n/a | Q24: =VLOOKUP($A24,#REF!,21,FALSE)/100 -> #REF! | R24: =VLOOKUP($A24,#REF!,22,FALSE)/100 -> #REF! | T24: =IFERROR((VLOOKUP($A24,#REF!,20,FALSE)/100)/P24,"n/a") -> n/a | U24: =IFERROR(VLOOKUP($A24,#REF!,3,FALSE),"n/a") -> n/a | V24: =IFERROR(VLOOKUP($A24,#REF!,4,FALSE),"n/a") -> n/a | W24: =IFERROR(VLOOKUP($A24,#REF!,5,FALSE),"n/a") -> n/a | X24: =IFERROR(VLOOKUP($A24,#REF!,6,FALSE),"n/a") -> n/a
A25: YTMVC1 | B25: MF | C25: =VLOOKUP(A25,#REF!,2,FALSE) -> #REF! | F25: =VLOOKUP(A25,#REF!,6,FALSE) -> #REF! | G25: =VLOOKUP(A25,#REF!,8,FALSE)/1000000 -> #REF! | H25: =VLOOKUP(A25,#REF!,14,FALSE)/1000000 -> #REF! | I25: =VLOOKUP(A25,#REF!,18,FALSE)/1000000 -> #REF! | J25: =VLOOKUP(A25,#REF!,5,FALSE) -> #REF! | K25: =VLOOKUP(A25,#REF!,7,FALSE) -> #REF! | L25: =VLOOKUP(A25,#REF!,4,FALSE) -> #REF! | M25: =IFERROR(+J25/(G25*1000000),"n/a") -> n/a | N25: =IFERROR(VLOOKUP(A25,#REF!,2,FALSE),"n/a") -> n/a | P25: =IFERROR(VLOOKUP($A25,#REF!,6,FALSE)/100,"n/a") -> n/a | Q25: =VLOOKUP($A25,#REF!,21,FALSE)/100 -> #REF! | R25: =VLOOKUP($A25,#REF!,22,FALSE)/100 -> #REF! | T25: =IFERROR((VLOOKUP($A25,#REF!,20,FALSE)/100)/P25,"n/a") -> n/a | U25: =IFERROR(VLOOKUP($A25,#REF!,3,FALSE),"n/a") -> n/a | V25: =IFERROR(VLOOKUP($A25,#REF!,4,FALSE),"n/a") -> n/a | W25: =IFERROR(VLOOKUP($A25,#REF!,5,FALSE),"n/a") -> n/a | X25: =IFERROR(VLOOKUP($A25,#REF!,6,FALSE),"n/a") -> n/a
A26: YTMVCX | B26: MF | C26: =VLOOKUP(A26,#REF!,2,FALSE) -> #REF! | F26: =VLOOKUP(A26,#REF!,6,FALSE) -> #REF! | G26: =VLOOKUP(A26,#REF!,8,FALSE)/1000000 -> #REF! | H26: =VLOOKUP(A26,#REF!,14,FALSE)/1000000 -> #REF! | I26: =VLOOKUP(A26,#REF!,18,FALSE)/1000000 -> #REF! | J26: =VLOOKUP(A26,#REF!,5,FALSE) -> #REF! | K26: =VLOOKUP(A26,#REF!,7,FALSE) -> #REF! | L26: =VLOOKUP(A26,#REF!,4,FALSE) -> #REF! | M26: =IFERROR(+J26/(G26*1000000),"n/a") -> n/a | N26: =IFERROR(VLOOKUP(A26,#REF!,2,FALSE),"n/a") -> n/a | P26: =IFERROR(VLOOKUP($A26,#REF!,6,FALSE)/100,"n/a") -> n/a | Q26: =VLOOKUP($A26,#REF!,21,FALSE)/100 -> #REF! | R26: =VLOOKUP($A26,#REF!,22,FALSE)/100 -> #REF! | T26: =IFERROR((VLOOKUP($A26,#REF!,20,FALSE)/100)/P26,"n/a") -> n/a | U26: =IFERROR(VLOOKUP($A26,#REF!,3,FALSE),"n/a") -> n/a | V26: =IFERROR(VLOOKUP($A26,#REF!,4,FALSE),"n/a") -> n/a | W26: =IFERROR(VLOOKUP($A26,#REF!,5,FALSE),"n/a") -> n/a | X26: =IFERROR(VLOOKUP($A26,#REF!,6,FALSE),"n/a") -> n/a
A27: Australian Indices
A28: XJOAI | B28: Index | C28: =VLOOKUP((A28&".ASX"),#REF!,8,FALSE) -> #REF! | P28: =VLOOKUP(($A28&".ASX"),#REF!,2,FALSE) -> #REF! | Q28: =VLOOKUP($A28,#REF!,21,FALSE) -> #REF! | R28: =VLOOKUP($A28,#REF!,22,FALSE) -> #REF! | U28: =IFERROR(($P28-VLOOKUP($A28,#REF!,25,FALSE))/(VLOOKUP($A28,#REF!,25,FALSE)),"n/a") -> n/a | V28: =IFERROR(($P28-VLOOKUP($A28,#REF!,27,FALSE))/(VLOOKUP($A28,#REF!,27,FALSE)),"n/a") -> n/a | W28: =IFERROR((($P28/VLOOKUP($A28,#REF!,29,FALSE))^(1/3)-1),"n/a") -> n/a | X28: =IFERROR((($P28/VLOOKUP($A28,#REF!,31,FALSE))^(1/5)-1),"n/a") -> n/a
A29: XSOAI | B29: Index | C29: =VLOOKUP((A29&".ASX"),#REF!,8,FALSE) -> #REF! | P29: =VLOOKUP(($A29&".ASX"),#REF!,2,FALSE) -> #REF! | Q29: =VLOOKUP($A29,#REF!,21,FALSE)/100 -> #REF! | R29: =VLOOKUP($A29,#REF!,22,FALSE)/100 -> #REF! | U29: =IFERROR(($P29-VLOOKUP($A29,#REF!,25,FALSE))/(VLOOKUP($A29,#REF!,25,FALSE)),"n/a") -> n/a | V29: =IFERROR(($P29-VLOOKUP($A29,#REF!,27,FALSE))/(VLOOKUP($A29,#REF!,27,FALSE)),"n/a") -> n/a | W29: =IFERROR((($P29/VLOOKUP($A29,#REF!,29,FALSE))^(1/3)-1),"n/a") -> n/a | X29: =IFERROR((($P29/VLOOKUP($A29,#REF!,31,FALSE))^(1/5)-1),"n/a") -> n/a
A30: XPJAI | B30: Index | C30: =VLOOKUP((A30&".ASX"),#REF!,8,FALSE) -> #REF! | P30: =VLOOKUP(($A30&".ASX"),#REF!,2,FALSE) -> #REF! | Q30: =VLOOKUP($A30,#REF!,21,FALSE)/100 -> #REF! | R30: =VLOOKUP($A30,#REF!,22,FALSE)/100 -> #REF! | U30: =IFERROR(($P30-VLOOKUP($A30,#REF!,25,FALSE))/(VLOOKUP($A30,#REF!,25,FALSE)),"n/a") -> n/a | V30: =IFERROR(($P30-VLOOKUP($A30,#REF!,27,FALSE))/(VLOOKUP($A30,#REF!,27,FALSE)),"n/a") -> n/a | W30: =IFERROR((($P30/VLOOKUP($A30,#REF!,29,FALSE))^(1/3)-1),"n/a") -> n/a | X30: =IFERROR((($P30/VLOOKUP($A30,#REF!,31,FALSE))^(1/5)-1),"n/a") -> n/a
A31: XIFAI | B31: Index | C31: =VLOOKUP((A31&".ASX"),#REF!,8,FALSE) -> #REF! | P31: =VLOOKUP(($A31&".ASX"),#REF!,2,FALSE) -> #REF! | Q31: =VLOOKUP($A31,#REF!,21,FALSE)/100 -> #REF! | R31: =VLOOKUP($A31,#REF!,22,FALSE)/100 -> #REF! | U31: =IFERROR(($P31-VLOOKUP($A31,#REF!,25,FALSE))/(VLOOKUP($A31,#REF!,25,FALSE)),"n/a") -> n/a | V31: =IFERROR(($P31-VLOOKUP($A31,#REF!,27,FALSE))/(VLOOKUP($A31,#REF!,27,FALSE)),"n/a") -> n/a | W31: =IFERROR((($P31/VLOOKUP($A31,#REF!,29,FALSE))^(1/3)-1),"n/a") -> n/a | X31: =IFERROR((($P31/VLOOKUP($A31,#REF!,31,FALSE))^(1/5)-1),"n/a") -> n/a
A32: SPBDASXT | B32: Index | C32: =VLOOKUP((A32&".ASX"),#REF!,8,FALSE) -> #REF! | P32: =VLOOKUP(($A32&".ASX"),#REF!,2,FALSE) -> #REF! | Q32: =VLOOKUP($A32,#REF!,21,FALSE)/100 -> #REF! | R32: =VLOOKUP($A32,#REF!,22,FALSE)/100 -> #REF! | U32: =IFERROR(($P32-VLOOKUP($A32,#REF!,25,FALSE))/(VLOOKUP($A32,#REF!,25,FALSE)),"n/a") -> n/a | V32: =IFERROR(($P32-VLOOKUP($A32,#REF!,27,FALSE))/(VLOOKUP($A32,#REF!,27,FALSE)),"n/a") -> n/a | W32: =IFERROR((($P32/VLOOKUP($A32,#REF!,29,FALSE))^(1/3)-1),"n/a") -> n/a | X32: =IFERROR((($P32/VLOOKUP($A32,#REF!,31,FALSE))^(1/5)-1),"n/a") -> n/a
A33: SPBDAGVT | B33: Index | C33: =VLOOKUP((A33&".ASX"),#REF!,8,FALSE) -> #REF! | P33: =VLOOKUP(($A33&".ASX"),#REF!,2,FALSE) -> #REF! | Q33: =VLOOKUP($A33,#REF!,21,FALSE)/100 -> #REF! | R33: =VLOOKUP($A33,#REF!,22,FALSE)/100 -> #REF! | U33: =IFERROR(($P33-VLOOKUP($A33,#REF!,25,FALSE))/(VLOOKUP($A33,#REF!,25,FALSE)),"n/a") -> n/a | V33: =IFERROR(($P33-VLOOKUP($A33,#REF!,27,FALSE))/(VLOOKUP($A33,#REF!,27,FALSE)),"n/a") -> n/a | W33: =IFERROR((($P33/VLOOKUP($A33,#REF!,29,FALSE))^(1/3)-1),"n/a") -> n/a | X33: =IFERROR((($P33/VLOOKUP($A33,#REF!,31,FALSE))^(1/5)-1),"n/a") -> n/a
A34: Type: ETF = Exchange Transacted Fund, SP = Structured Product, MF = Managed Fund, Share = Redeemable Preference Share | P34: *** Funds Inflow / Outflow represent the number of units changed times the end of month closing price.
A35: * Average % Spread = provides the time weighted average of all bid/ask spreads as a percentage of the mid price. The bid/ask points used for the computation correspond to the quotes received for fhe period for the first BD of the month until the last BD of the month.
A36: # The FUM for each ETP is based off the last reported number of units recorded in CHESS multiplied by the closing price on the last Transaction day of the month.MER (management expense ratio figures have been extracted from the relevant PDS or as updated by the issuer of the product. Under the Corporations Regulations, managment costs do not include transactional or operational costs or certain other fees and costs which may also apply. Such costs may be significant. When considering a product or comparing between products you should refer to the relevant PDS(s) for more information on any additional costs associated with each product.
A40: ="All values are as at "&TEXT(#REF!,"mmm-yy")&". Month Total return, 1/3&5 year annualised return and % Spread data is provided by Bloomberg. Dividends are reinvested. Gross dividends are used in the calculation for returns. Price is used to calculate total returns." -> #REF!
A41: Spreads in international ETFs and some ETCs can vary throughout the day due to opening hours of the underlying markets. Please contact the product issuers for further information.
A42: Past Performance is not a reliable indicator of future performance.
M45: =_xlfn.IFNA(VLOOKUP(A45,#REF!,5,FALSE),"n/a") -> #REF!
A177: CFLO
A178: ERTH
A189: HVLU
A200: JREG
A201: L1IF
A202: LNAS
A203: JZRO
A204: LNAS
A205: LPGD
A206: LSGE
A207: MAET
A208: MCCL
... A309: SKUK

Sheet Absolute
C2: Market Capitalisation | E2: Market Capitalisation | F2: Trade Count | G2: Trade Value | H2: Volume Transacted | I2: 12mth roll ave trades pm | J2: 12mth roll ave Value pm | K2: #s Listed
B67: 37042 | D67: 37042
B68: 37072 | D68: 37072
B69: 37103 | D69: 37103
B70: 37134 | D70: 37134
B71: 37164 | D71: 37164
B72: 37195 | D72: 37195
B73: 37225 | D73: 37225
B74: 37256 | D74: 37256
B75: 37287 | D75: 37287
B76: 37315 | D76: 37315
B77: 37346 | D77: 37346
B78: 37376 | D78: 37376
... B82: 37499 | D82: 37499
B83: 37529 | C83: 10471530 | D83: 37529 | E83: =IF($C83="","",C83/1000000000) -> 0.01047153 | F83: 8 | G83: 109102 | K83: 3
B84: 37560 | C84: 10642262 | D84: 37560 | E84: =IF($C84="","",C84/1000000000) -> 0.010642262 | F84: 5 | G84: 12370 | K84: 3
B85: 37590 | C85: 11671531 | D85: 37590 | E85: =IF($C85="","",C85/1000000000) -> 0.011671531 | F85: 9 | G85: 228000 | K85: 3
B86: 37621 | C86: 11917982 | D86: 37621 | E86: =IF($C86="","",C86/1000000000) -> 0.011917982 | F86: 3 | G86: 437006 | K86: 3 | L86: Changed policy in Jan 05 to include all LMIs regardless of whether they are part of the program
B87: 37652 | C87: 31088471 | D87: 37652 | E87: =IF($C87="","",C87/1000000000) -> 0.031088471 | F87: 13 | G87: 104904 | K87: 3
B88: 37680 | C88: 31677667 | D88: 37680 | E88: =IF($C88="","",C88/1000000000) -> 0.031677667 | F88: 22 | G88: 343007 | K88: 3
B89: 37711 | C89: 31796137 | D89: 37711 | E89: =IF($C89="","",C89/1000000000) -> 0.031796137 | F89: 19 | G89: 62814 | K89: 3
B90: 37741 | C90: 31863879 | D90: 37741 | E90: =IF($C90="","",C90/1000000000) -> 0.031863879 | F90: 7 | G90: 57060 | K90: 3
B91: 37772 | C91: 31672131 | D91: 37772 | E91: =IF($C91="","",C91/1000000000) -> 0.031672131 | F91: 11 | G91: 51631 | K91: 3
B92: 37802 | C92: 31974126 | D92: 37802 | E92: =IF($C92="","",C92/1000000000) -> 0.031974126 | F92: 33 | G92: 132166 | K92: 3
B93: 37833 | C93: 31120952 | D93: 37833 | E93: =IF($C93="","",C93/1000000000) -> 0.031120952 | F93: 19 | G93: 149663 | K93: 3
B94: 37864 | C94: 31069424 | D94: 37864 | E94: =IF($C94="","",C94/1000000000) -> 0.031069424 | F94: 22 | G94: 130522 | K94: 3
B95: 37894 | C95: 47606648 | D95: 37894 | E95: =IF($C95="","",C95/1000000000) -> 0.047606648 | F95: 26 | G95: 103250 | K95: 3
B96: 37925 | C96: 74832325 | D96: 37925 | E96: =IF($C96="","",C96/1000000000) -> 0.074832325 | F96: 24 | G96: 402634 | K96: 3
B97: 37955 | C97: 83562878 | D97: 37955 | E97: =IF($C97="","",C97/1000000000) -> 0.083562878 | F97: 51 | G97: 4078430 | K97: 3
B98: 37986 | C98: 127771291 | D98: 37986 | E98: =IF($C98="","",C98/1000000000) -> 0.12777129 | F98: 109 | G98: 778772 | K98: 4
... B100: 38046 | C100: 142520837 | D100: 38046 | E100: =IF($C100="","",C100/1000000000) -> 0.14252084 | F100: 200 | G100: 1467860 | K100: 4
B101: 38077 | C101: 149245534 | D101: 38077 | E101: =IF($C101="","",C101/1000000000) -> 0.14924553 | F101: 281 | G101: 2191007 | I101: =SUM(F90:F101)/12 -> 86.916667 | J101: =SUM(G90:G101)/12 -> 945022.5 | K101: 4
B102: 38107 | C102: 150546102 | D102: 38107 | E102: =IF($C102="","",C102/1000000000) -> 0.1505461 | F102: 200 | G102: 1265040 | I102: =SUM(F91:F102)/12 -> 103 | J102: =SUM(G91:G102)/12 -> 1045687.5 | K102: 4
B103: 38138 | C103: 150070140 | D103: 38138 | E103: =IF($C103="","",C103/1000000000) -> 0.15007014 | F103: 209 | G103: 1812888 | I103: =SUM(F92:F103)/12 -> 119.5 | J103: =SUM(G92:G103)/12 -> 1192458.9 | K103: 4
B104: 38168 | C104: 145822985 | D104: 38168 | E104: =IF($C104="","",C104/1000000000) -> 0.14582298 | F104: 224 | G104: 1807272 | I104: =SUM(F93:F104)/12 -> 135.41667 | J104: =SUM(G93:G104)/12 -> 1332051.1 | K104: 4
B105: 38199 | C105: 180441074 | D105: 38199 | E105: =IF($C105="","",C105/1000000000) -> 0.18044107 | F105: 195 | G105: 1532550 | I105: =SUM(F94:F105)/12 -> 150.08333 | J105: =SUM(G94:G105)/12 -> 1447291.7 | K105: 5
B106: 38230 | C106: 122266732 | D106: 38230 | E106: =IF($C106="","",C106/1000000000) -> 0.12226673 | F106: 214 | G106: 1513230 | I106: =SUM(F95:F106)/12 -> 166.08333 | J106: =SUM(G95:G106)/12 -> 1562517.3 | K106: 3
B107: 38260 | C107: 116816854 | D107: 38260 | E107: =IF($C107="","",C107/1000000000) -> 0.11681685 | F107: 217 | G107: 2145717 | I107: =SUM(F96:F107)/12 -> 182 | J107: =SUM(G96:G107)/12 -> 1732722.9 | K107: 3
B108: 38291 | C108: 86599714 | D108: 38291 | E108: =IF($C108="","",C108/1000000000) -> 0.086599714 | F108: 155 | G108: 5043534 | I108: =SUM(F97:F108)/12 -> 192.91667 | J108: =SUM(G97:G108)/12 -> 2119464.6 | K108: 2
B109: 38321 | C109: 88303853 | D109: 38321 | E109: =IF($C109="","",C109/1000000000) -> 0.088303853 | F109: 329 | G109: 7837084 | I109: =SUM(F98:F109)/12 -> 216.08333 | J109: =SUM(G98:G109)/12 -> 2432685.8 | K109: 2
B110: 38352 | C110: 153863144 | D110: 38352 | E110: =IF($C110="","",C110/1000000000) -> 0.15386314 | F110: 375 | G110: 3514137 | I110: =SUM(F99:F110)/12 -> 238.25 | J110: =SUM(G99:G110)/12 -> 2660632.8 | K110: 2
B111: 38383 | C111: 154905284 | D111: 38383 | E111: =IF($C111="","",C111/1000000000) -> 0.15490528 | F111: 414 | G111: 4881157 | I111: =SUM(F100:F111)/12 -> 251.08333 | J111: =SUM(G100:G111)/12 -> 2917623 | K111: 2
B112: 38411 | C112: 158696154 | D112: 38411 | E112: =IF($C112="","",C112/1000000000) -> 0.15869615 | F112: 713 | G112: 6501613 | I112: =SUM(F101:F112)/12 -> 293.83333 | J112: =SUM(G101:G112)/12 -> 3337102.4 | K112: 2
... B122: 38717 | C122: 782859763 | D122: 38717 | E122: =IF($C122="","",C122/1000000000) -> 0.78285976 | F122: 869 | G122: 9148498 | I122: =SUM(F111:F122)/12 -> 820.25 | J122: =SUM(G111:G122)/12 -> 12969981 | K122: 8
B123: 38748 | C123: 783556169 | D123: 38748 | E123: =IF($C123="","",C123/1000000000) -> 0.78355617 | F123: 1178 | G123: 12182548 | H123: 8281720 | I123: =SUM(F112:F123)/12 -> 883.91667 | J123: =SUM(G112:G123)/12 -> 13578430 | K123: 8
B124: 38776 | C124: 772049929 | D124: 38776 | E124: =IF($C124="","",C124/1000000000) -> 0.77204993 | F124: 1946 | G124: 22957426 | H124: 13647969 | I124: =SUM(F113:F124)/12 -> 986.66667 | J124: =SUM(G113:G124)/12 -> 14949748 | K124: 9
B125: 38807 | C125: 890066284 | D125: 38807 | E125: =IF($C125="","",C125/1000000000) -> 0.89006628 | F125: 1542 | G125: 22963526 | H125: 12640983 | I125: =SUM(F114:F125)/12 -> 1074.6667 | J125: =SUM(G114:G125)/12 -> 16554244 | K125: 9
B126: 38837 | C126: 883478326 | D126: 38837 | E126: =IF($C126="","",C126/1000000000) -> 0.88347833 | F126: 1417 | G126: 18514466 | H126: 11487635 | I126: =SUM(F115:F126)/12 -> 1121.1667 | J126: =SUM(G115:G126)/12 -> 16891967 | K126: 9
B127: 38868 | C127: 927876139 | D127: 38868 | E127: =IF($C127="","",C127/1000000000) -> 0.92787614 | F127: 1662 | G127: 24433090 | H127: 14773426 | I127: =SUM(F116:F127)/12 -> 1210.6667 | J127: =SUM(G116:G127)/12 -> 18320212 | K127: 9
B128: 38898 | C128: 889156135 | D128: 38898 | E128: =IF($C128="","",C128/1000000000) -> 0.88915614 | F128: 1390 | G128: 23204624 | H128: 15643068 | I128: =SUM(F117:F128)/12 -> 1227.1667 | J128: =SUM(G117:G128)/12 -> 16174126 | K128: 9
B129: 38929 | C129: 916786296 | D129: 38929 | E129: =IF($C129="","",C129/1000000000) -> 0.9167863 | F129: 1105 | G129: 15674077 | H129: 7403418 | I129: =SUM(F118:F129)/12 -> 1263.0833 | J129: =SUM(G118:G129)/12 -> 16836726 | K129: 10
B130: 38960 | C130: 970334290 | D130: 38960 | E130: =IF($C130="","",C130/1000000000) -> 0.97033429 | F130: 1190 | G130: 13989682 | H130: 11164477 | I130: =SUM(F119:F130)/12 -> 1269.5833 | J130: =SUM(G119:G130)/12 -> 16547576 | K130: 10
B131: 38990 | C131: 1028626171 | D131: 38990 | E131: =IF($C131="","",C131/1000000000) -> 1.0286262 | F131: 2113 | G131: 43704569 | H131: 33060201 | I131: =SUM(F120:F131)/12 -> 1376.5 | J131: =SUM(G120:G131)/12 -> 19234891 | K131: 10
B132: 39021 | C132: 1017241795 | D132: 39021 | E132: =IF($C132="","",C132/1000000000) -> 1.0172418 | F132: 1354 | G132: 18015903 | H132: 12453016 | I132: =SUM(F121:F132)/12 -> 1401.9167 | J132: =SUM(G121:G132)/12 -> 19911786 | K132: 11
B133: 39051 | C133: 1036518698 | D133: 39051 | E133: =IF($C133="","",C133/1000000000) -> 1.0365187 | F133: 1503 | G133: 16928316 | H133: 11938112 | I133: =SUM(F122:F133)/12 -> 1439.0833 | J133: =SUM(G122:G133)/12 -> 20143060 | K133: 11
B134: 39082 | C134: 1213523369 | D134: 39082 | E134: =IF($C134="","",C134/1000000000) -> 1.2135234 | F134: 1418 | G134: 21387657 | H134: 15359267 | I134: =SUM(F123:F134)/12 -> 1484.8333 | J134: =SUM(G123:G134)/12 -> 21162990 | K134: 12
... B140: 39262 | C140: 1.3742235e+09 | D140: 39262 | E140: =IF($C140="","",C140/1000000000) -> 1.3742235 | F140: 4025 | G140: 77330158 | H140: 47499726 | I140: =SUM(F129:F140)/12 -> 2199.5833 | J140: =SUM(G129:G140)/12 -> 32186988 | K140: 12
A141: HF new method => | B141: 39294 | C141: 1354122808 | D141: 39294 | E141: =IF($C141="","",C141/1000000000) -> 1.3541228 | F141: 2931 | G141: 69180880 | H141: 33629973 | I141: =SUM(F130:F141)/12 -> 2351.75 | J141: =SUM(G130:G141)/12 -> 36645888 | K141: 14
A142: starts July 07 | B142: 39325 | C142: =IF(OR(VLOOKUP($B142,ARF,6,TRUE)=C141,C141=""),"",VLOOKUP($B142,ARF,6,TRUE)) -> #REF! | D142: 39325 | E142: =IF($C142="","",C142/1000000000) -> #REF! | F142: =IF($C142="","",VLOOKUP($B142,ARF,3,TRUE)) -> #REF! | G142: =IF($C142="","",VLOOKUP($B142,ARF,4,TRUE)) -> #REF! | H142: =IF($C142="","",VLOOKUP($B142,ARF,5,TRUE)) -> #REF! | I142: =SUM(F131:F142)/12 -> #REF! | J142: =SUM(G131:G142)/12 -> #REF! | K142: =IF($C142="","",VLOOKUP($B142,ARF,2,TRUE)) -> #REF!
A143: some backward | B143: 39353 | C143: =IF(OR(VLOOKUP($B143,ARF,6,TRUE)=C142,C142=""),"",VLOOKUP($B143,ARF,6,TRUE)) -> #REF! | D143: 39353 | E143: =IF($C143="","",C143/1000000000) -> #REF! | F143: =IF($C143="","",VLOOKUP($B143,ARF,3,TRUE)) -> #REF! | G143: =IF($C143="","",VLOOKUP($B143,ARF,4,TRUE)) -> #REF! | H143: =IF($C143="","",VLOOKUP($B143,ARF,5,TRUE)) -> #REF! | I143: =SUM(F132:F143)/12 -> #REF! | J143: =SUM(G132:G143)/12 -> #REF! | K143: =IF($C143="","",VLOOKUP($B143,ARF,2,TRUE)) -> #REF!
A144: engineering re | B144: 39386 | C144: =IF(OR(VLOOKUP($B144,ARF,6,TRUE)=C143,C143=""),"",VLOOKUP($B144,ARF,6,TRUE)) -> #REF! | D144: 39386 | E144: =IF($C144="","",C144/1000000000) -> #REF! | F144: =IF($C144="","",VLOOKUP($B144,ARF,3,TRUE)) -> #REF! | G144: =IF($C144="","",VLOOKUP($B144,ARF,4,TRUE)) -> #REF! | H144: =IF($C144="","",VLOOKUP($B144,ARF,5,TRUE)) -> #REF! | I144: =SUM(F133:F144)/12 -> #REF! | J144: =SUM(G133:G144)/12 -> #REF! | K144: =IF($C144="","",VLOOKUP($B144,ARF,2,TRUE)) -> #REF!
A145: June 07 figures | B145: 39416 | C145: =IF(OR(VLOOKUP($B145,ARF,6,TRUE)=C144,C144=""),"",VLOOKUP($B145,ARF,6,TRUE)) -> #REF! | D145: 39416 | E145: =IF($C145="","",C145/1000000000) -> #REF! | F145: =IF($C145="","",VLOOKUP($B145,ARF,3,TRUE)) -> #REF! | G145: =IF($C145="","",VLOOKUP($B145,ARF,4,TRUE)) -> #REF! | H145: =IF($C145="","",VLOOKUP($B145,ARF,5,TRUE)) -> #REF! | I145: =SUM(F134:F145)/12 -> #REF! | J145: =SUM(G134:G145)/12 -> #REF! | K145: =IF($C145="","",VLOOKUP($B145,ARF,2,TRUE)) -> #REF!
B146: 39447 | C146: =IF(OR(VLOOKUP($B146,ARF,6,TRUE)=C145,C145=""),"",VLOOKUP($B146,ARF,6,TRUE)) -> #REF! | D146: 39447 | E146: =IF($C146="","",C146/1000000000) -> #REF! | F146: =IF($C146="","",VLOOKUP($B146,ARF,3,TRUE)) -> #REF! | G146: =IF($C146="","",VLOOKUP($B146,ARF,4,TRUE)) -> #REF! | H146: =IF($C146="","",VLOOKUP($B146,ARF,5,TRUE)) -> #REF! | I146: =SUM(F135:F146)/12 -> #REF! | J146: =SUM(G135:G146)/12 -> #REF! | K146: =IF($C146="","",VLOOKUP($B146,ARF,2,TRUE)) -> #REF!
B147: 39478 | C147: =IF(OR(VLOOKUP($B147,ARF,6,TRUE)=C146,C146=""),"",VLOOKUP($B147,ARF,6,TRUE)) -> #REF! | D147: 39478 | E147: =IF($C147="","",C147/1000000000) -> #REF! | F147: =IF($C147="","",VLOOKUP($B147,ARF,3,TRUE)) -> #REF! | G147: =IF($C147="","",VLOOKUP($B147,ARF,4,TRUE)) -> #REF! | H147: =IF($C147="","",VLOOKUP($B147,ARF,5,TRUE)) -> #REF! | I147: =SUM(F136:F147)/12 -> #REF! | J147: =SUM(G136:G147)/12 -> #REF! | K147: =IF($C147="","",VLOOKUP($B147,ARF,2,TRUE)) -> #REF!
B148: 39507 | C148: =IF(OR(VLOOKUP($B148,ARF,6,TRUE)=C147,C147=""),"",VLOOKUP($B148,ARF,6,TRUE)) -> #REF! | D148: 39507 | E148: =IF($C148="","",C148/1000000000) -> #REF! | F148: =IF($C148="","",VLOOKUP($B148,ARF,3,TRUE)) -> #REF! | G148: =IF($C148="","",VLOOKUP($B148,ARF,4,TRUE)) -> #REF! | H148: =IF($C148="","",VLOOKUP($B148,ARF,5,TRUE)) -> #REF! | I148: =SUM(F137:F148)/12 -> #REF! | J148: =SUM(G137:G148)/12 -> #REF! | K148: =IF($C148="","",VLOOKUP($B148,ARF,2,TRUE)) -> #REF!
B149: 39538 | C149: =IF(OR(VLOOKUP($B149,ARF,6,TRUE)=C148,C148=""),"",VLOOKUP($B149,ARF,6,TRUE)) -> #REF! | D149: 39538 | E149: =IF($C149="","",C149/1000000000) -> #REF! | F149: =IF($C149="","",VLOOKUP($B149,ARF,3,TRUE)) -> #REF! | G149: =IF($C149="","",VLOOKUP($B149,ARF,4,TRUE)) -> #REF! | H149: =IF($C149="","",VLOOKUP($B149,ARF,5,TRUE)) -> #REF! | I149: =SUM(F138:F149)/12 -> #REF! | J149: =SUM(G138:G149)/12 -> #REF! | K149: =IF($C149="","",VLOOKUP($B149,ARF,2,TRUE)) -> #REF!
B150: 39568 | C150: =IF(OR(VLOOKUP($B150,ARF,6,TRUE)=C149,C149=""),"",VLOOKUP($B150,ARF,6,TRUE)) -> #REF! | D150: 39568 | E150: =IF($C150="","",C150/1000000000) -> #REF! | F150: =IF($C150="","",VLOOKUP($B150,ARF,3,TRUE)) -> #REF! | G150: =IF($C150="","",VLOOKUP($B150,ARF,4,TRUE)) -> #REF! | H150: =IF($C150="","",VLOOKUP($B150,ARF,5,TRUE)) -> #REF! | I150: =SUM(F139:F150)/12 -> #REF! | J150: =SUM(G139:G150)/12 -> #REF! | K150: =IF($C150="","",VLOOKUP($B150,ARF,2,TRUE)) -> #REF!
B151: 39598 | C151: =IF(OR(VLOOKUP($B151,ARF,6,TRUE)=C150,C150=""),"",VLOOKUP($B151,ARF,6,TRUE)) -> #REF! | D151: 39598 | E151: =IF($C151="","",C151/1000000000) -> #REF! | F151: =IF($C151="","",VLOOKUP($B151,ARF,3,TRUE)) -> #REF! | G151: =IF($C151="","",VLOOKUP($B151,ARF,4,TRUE)) -> #REF! | H151: =IF($C151="","",VLOOKUP($B151,ARF,5,TRUE)) -> #REF! | I151: =SUM(F140:F151)/12 -> #REF! | J151: =SUM(G140:G151)/12 -> #REF! | K151: =IF($C151="","",VLOOKUP($B151,ARF,2,TRUE)) -> #REF!
B152: 39629 | C152: =IF(OR(VLOOKUP($B152,ARF,6,TRUE)=C151,C151=""),"",VLOOKUP($B152,ARF,6,TRUE)) -> #REF! | D152: 39629 | E152: =IF($C152="","",C152/1000000000) -> #REF! | F152: =IF($C152="","",VLOOKUP($B152,ARF,3,TRUE)) -> #REF! | G152: =IF($C152="","",VLOOKUP($B152,ARF,4,TRUE)) -> #REF! | H152: =IF($C152="","",VLOOKUP($B152,ARF,5,TRUE)) -> #REF! | I152: =SUM(F141:F152)/12 -> #REF! | J152: =SUM(G141:G152)/12 -> #REF! | K152: =IF($C152="","",VLOOKUP($B152,ARF,2,TRUE)) -> #REF!
B153: 39660 | C153: =IF(OR(VLOOKUP($B153,ARF,6,TRUE)=C152,C152=""),"",VLOOKUP($B153,ARF,6,TRUE)) -> #REF! | D153: 39660 | E153: =IF($C153="","",C153/1000000000) -> #REF! | F153: =IF($C153="","",VLOOKUP($B153,ARF,3,TRUE)) -> #REF! | G153: =IF($C153="","",VLOOKUP($B153,ARF,4,TRUE)) -> #REF! | H153: =IF($C153="","",VLOOKUP($B153,ARF,5,TRUE)) -> #REF! | I153: =SUM(F142:F153)/12 -> #REF! | J153: =SUM(G142:G153)/12 -> #REF! | K153: =IF($C153="","",VLOOKUP($B153,ARF,2,TRUE)) -> #REF!
B154: 39689 | C154: =IF(OR(VLOOKUP($B154,ARF,6,TRUE)=C153,C153=""),"",VLOOKUP($B154,ARF,6,TRUE)) -> #REF! | D154: 39689 | E154: =IF($C154="","",C154/1000000000) -> #REF! | F154: =IF($C154="","",VLOOKUP($B154,ARF,3,TRUE)) -> #REF! | G154: =IF($C154="","",VLOOKUP($B154,ARF,4,TRUE)) -> #REF! | H154: =IF($C154="","",VLOOKUP($B154,ARF,5,TRUE)) -> #REF! | I154: =SUM(F143:F154)/12 -> #REF! | J154: =SUM(G143:G154)/12 -> #REF! | K154: =IF($C154="","",VLOOKUP($B154,ARF,2,TRUE)) -> #REF!
B155: 39721 | C155: =IF(OR(VLOOKUP($B155,ARF,6,TRUE)=C154,C154=""),"",VLOOKUP($B155,ARF,6,TRUE)) -> #REF! | D155: 39721 | E155: =IF($C155="","",C155/1000000000) -> #REF! | F155: =IF($C155="","",VLOOKUP($B155,ARF,3,TRUE)) -> #REF! | G155: =IF($C155="","",VLOOKUP($B155,ARF,4,TRUE)) -> #REF! | H155: =IF($C155="","",VLOOKUP($B155,ARF,5,TRUE)) -> #REF! | I155: =SUM(F144:F155)/12 -> #REF! | J155: =SUM(G144:G155)/12 -> #REF! | K155: =IF($C155="","",VLOOKUP($B155,ARF,2,TRUE)) -> #REF!
B156: 39752 | C156: =IF(OR(VLOOKUP($B156,ARF,6,TRUE)=C155,C155=""),"",VLOOKUP($B156,ARF,6,TRUE)) -> #REF! | D156: 39752 | E156: =IF($C156="","",C156/1000000000) -> #REF! | F156: =IF($C156="","",VLOOKUP($B156,ARF,3,TRUE)) -> #REF! | G156: =IF($C156="","",VLOOKUP($B156,ARF,4,TRUE)) -> #REF! | H156: =IF($C156="","",VLOOKUP($B156,ARF,5,TRUE)) -> #REF! | I156: =SUM(F145:F156)/12 -> #REF! | J156: =SUM(G145:G156)/12 -> #REF! | K156: =IF($C156="","",VLOOKUP($B156,ARF,2,TRUE)) -> #REF!
B157: 39780 | C157: =IF(OR(VLOOKUP($B157,ARF,6,TRUE)=C156,C156=""),"",VLOOKUP($B157,ARF,6,TRUE)) -> #REF! | D157: 39780 | E157: =IF($C157="","",C157/1000000000) -> #REF! | F157: =IF($C157="","",VLOOKUP($B157,ARF,3,TRUE)) -> #REF! | G157: =IF($C157="","",VLOOKUP($B157,ARF,4,TRUE)) -> #REF! | H157: =IF($C157="","",VLOOKUP($B157,ARF,5,TRUE)) -> #REF! | I157: =SUM(F146:F157)/12 -> #REF! | J157: =SUM(G146:G157)/12 -> #REF! | K157: =IF($C157="","",VLOOKUP($B157,ARF,2,TRUE)) -> #REF!
... B203: 41180 | C203: =IF(OR(VLOOKUP($B203,ARF,6,TRUE)=C202,C202=""),"",VLOOKUP($B203,ARF,6,TRUE)) -> #REF! | D203: 41180 | E203: =IF($C203="","",C203/1000000000) -> #REF! | F203: =IF($C203="","",VLOOKUP($B203,ARF,3,TRUE)) -> #REF! | G203: =IF($C203="","",VLOOKUP($B203,ARF,4,TRUE)) -> #REF! | H203: =IF($C203="","",VLOOKUP($B203,ARF,5,TRUE)) -> #REF! | I203: =SUM(F192:F203)/12 -> #REF! | J203: =SUM(G192:G203)/12 -> #REF! | K203: =IF($C203="","",VLOOKUP($B203,ARF,2,TRUE)) -> #REF!
B204: 41213 | C204: =IF(OR(VLOOKUP($B204,ARF,6,TRUE)=C203,C203=""),"",VLOOKUP($B204,ARF,6,TRUE)) -> #REF! | D204: =+B204 -> 41213 | E204: =IF($C204="","",C204/1000000000) -> #REF! | F204: =IF($C204="","",VLOOKUP($B204,ARF,3,TRUE)) -> #REF! | G204: =IF($C204="","",VLOOKUP($B204,ARF,4,TRUE)) -> #REF! | H204: =IF($C204="","",VLOOKUP($B204,ARF,5,TRUE)) -> #REF! | I204: =SUM(F193:F204)/12 -> #REF! | J204: =SUM(G193:G204)/12 -> #REF! | K204: =IF($C204="","",VLOOKUP($B204,ARF,2,TRUE)) -> #REF!
B205: 41243 | C205: =IF(OR(VLOOKUP($B205,ARF,6,TRUE)=C204,C204=""),"",VLOOKUP($B205,ARF,6,TRUE)) -> #REF! | D205: =+B205 -> 41243 | E205: =IF($C205="","",C205/1000000000) -> #REF! | F205: =IF($C205="","",VLOOKUP($B205,ARF,3,TRUE)) -> #REF! | G205: =IF($C205="","",VLOOKUP($B205,ARF,4,TRUE)) -> #REF! | H205: =IF($C205="","",VLOOKUP($B205,ARF,5,TRUE)) -> #REF! | I205: =SUM(F194:F205)/12 -> #REF! | J205: =SUM(G194:G205)/12 -> #REF! | K205: =IF($C205="","",VLOOKUP($B205,ARF,2,TRUE)) -> #REF!
B206: 41274 | C206: =IF(OR(VLOOKUP($B206,ARF,6,TRUE)=C205,C205=""),"",VLOOKUP($B206,ARF,6,TRUE)) -> #REF! | D206: =+B206 -> 41274 | E206: =IF($C206="","",C206/1000000000) -> #REF! | F206: =IF($C206="","",VLOOKUP($B206,ARF,3,TRUE)) -> #REF! | G206: =IF($C206="","",VLOOKUP($B206,ARF,4,TRUE)) -> #REF! | H206: =IF($C206="","",VLOOKUP($B206,ARF,5,TRUE)) -> #REF! | I206: =SUM(F195:F206)/12 -> #REF! | J206: =SUM(G195:G206)/12 -> #REF! | K206: =IF($C206="","",VLOOKUP($B206,ARF,2,TRUE)) -> #REF!
B207: 41305 | C207: =IF(OR(VLOOKUP($B207,ARF,6,TRUE)=C206,C206=""),"",VLOOKUP($B207,ARF,6,TRUE)) -> #REF! | D207: =+B207 -> 41305 | E207: =IF($C207="","",C207/1000000000) -> #REF! | F207: =IF($C207="","",VLOOKUP($B207,ARF,3,TRUE)) -> #REF! | G207: =IF($C207="","",VLOOKUP($B207,ARF,4,TRUE)) -> #REF! | H207: =IF($C207="","",VLOOKUP($B207,ARF,5,TRUE)) -> #REF! | I207: =SUM(F196:F207)/12 -> #REF! | J207: =SUM(G196:G207)/12 -> #REF! | K207: =IF($C207="","",VLOOKUP($B207,ARF,2,TRUE)) -> #REF!
B208: 41333 | C208: =IF(OR(VLOOKUP($B208,ARF,6,TRUE)=C207,C207=""),"",VLOOKUP($B208,ARF,6,TRUE)) -> #REF! | D208: =+B208 -> 41333 | E208: =IF($C208="","",C208/1000000000) -> #REF! | F208: =IF($C208="","",VLOOKUP($B208,ARF,3,TRUE)) -> #REF! | G208: =IF($C208="","",VLOOKUP($B208,ARF,4,TRUE)) -> #REF! | H208: =IF($C208="","",VLOOKUP($B208,ARF,5,TRUE)) -> #REF! | I208: =SUM(F197:F208)/12 -> #REF! | J208: =SUM(G197:G208)/12 -> #REF! | K208: =IF($C208="","",VLOOKUP($B208,ARF,2,TRUE)) -> #REF!
B209: 41362 | C209: =IF(OR(VLOOKUP($B209,ARF,6,TRUE)=C208,C208=""),"",VLOOKUP($B209,ARF,6,TRUE)) -> #REF! | D209: =+B209 -> 41362 | E209: =IF($C209="","",C209/1000000000) -> #REF! | F209: =IF($C209="","",VLOOKUP($B209,ARF,3,TRUE)) -> #REF! | G209: =IF($C209="","",VLOOKUP($B209,ARF,4,TRUE)) -> #REF! | H209: =IF($C209="","",VLOOKUP($B209,ARF,5,TRUE)) -> #REF! | I209: =SUM(F198:F209)/12 -> #REF! | J209: =SUM(G198:G209)/12 -> #REF! | K209: =IF($C209="","",VLOOKUP($B209,ARF,2,TRUE)) -> #REF!
B210: 41394 | C210: =IF(OR(VLOOKUP($B210,ARF,6,TRUE)=C209,C209=""),"",VLOOKUP($B210,ARF,6,TRUE)) -> #REF! | D210: =+B210 -> 41394 | E210: =IF($C210="","",C210/1000000000) -> #REF! | F210: =IF($C210="","",VLOOKUP($B210,ARF,3,TRUE)) -> #REF! | G210: =IF($C210="","",VLOOKUP($B210,ARF,4,TRUE)) -> #REF! | H210: =IF($C210="","",VLOOKUP($B210,ARF,5,TRUE)) -> #REF! | I210: =SUM(F199:F210)/12 -> #REF! | J210: =SUM(G199:G210)/12 -> #REF! | K210: =IF($C210="","",VLOOKUP($B210,ARF,2,TRUE)) -> #REF!
B211: 41425 | C211: =IF(OR(VLOOKUP($B211,ARF,6,TRUE)=C210,C210=""),"",VLOOKUP($B211,ARF,6,TRUE)) -> #REF! | D211: =+B211 -> 41425 | E211: =IF($C211="","",C211/1000000000) -> #REF! | F211: =IF($C211="","",VLOOKUP($B211,ARF,3,TRUE)) -> #REF! | G211: =IF($C211="","",VLOOKUP($B211,ARF,4,TRUE)) -> #REF! | H211: =IF($C211="","",VLOOKUP($B211,ARF,5,TRUE)) -> #REF! | I211: =SUM(F200:F211)/12 -> #REF! | J211: =SUM(G200:G211)/12 -> #REF! | K211: =IF($C211="","",VLOOKUP($B211,ARF,2,TRUE)) -> #REF!
B212: 41453 | C212: =IF(OR(VLOOKUP($B212,ARF,6,TRUE)=C211,C211=""),"",VLOOKUP($B212,ARF,6,TRUE)) -> #REF! | D212: =+B212 -> 41453 | E212: =IF($C212="","",C212/1000000000) -> #REF! | F212: =IF($C212="","",VLOOKUP($B212,ARF,3,TRUE)) -> #REF! | G212: =IF($C212="","",VLOOKUP($B212,ARF,4,TRUE)) -> #REF! | H212: =IF($C212="","",VLOOKUP($B212,ARF,5,TRUE)) -> #REF! | I212: =SUM(F201:F212)/12 -> #REF! | J212: =SUM(G201:G212)/12 -> #REF! | K212: =IF($C212="","",VLOOKUP($B212,ARF,2,TRUE)) -> #REF!
B213: 41486 | C213: =IF(OR(VLOOKUP($B213,ARF,6,TRUE)=C212,C212=""),"",VLOOKUP($B213,ARF,6,TRUE)) -> #REF! | D213: =+B213 -> 41486 | E213: =IF($C213="","",C213/1000000000) -> #REF! | F213: =IF($C213="","",VLOOKUP($B213,ARF,3,TRUE)) -> #REF! | G213: =IF($C213="","",VLOOKUP($B213,ARF,4,TRUE)) -> #REF! | H213: =IF($C213="","",VLOOKUP($B213,ARF,5,TRUE)) -> #REF! | I213: =SUM(F202:F213)/12 -> #REF! | J213: =SUM(G202:G213)/12 -> #REF! | K213: =IF($C213="","",VLOOKUP($B213,ARF,2,TRUE)) -> #REF!
B214: 41516 | C214: =IF(OR(VLOOKUP($B214,ARF,6,TRUE)=C213,C213=""),"",VLOOKUP($B214,ARF,6,TRUE)) -> #REF! | D214: =+B214 -> 41516 | E214: =IF($C214="","",C214/1000000000) -> #REF! | F214: =IF($C214="","",VLOOKUP($B214,ARF,3,TRUE)) -> #REF! | G214: =IF($C214="","",VLOOKUP($B214,ARF,4,TRUE)) -> #REF! | H214: =IF($C214="","",VLOOKUP($B214,ARF,5,TRUE)) -> #REF! | I214: =SUM(F203:F214)/12 -> #REF! | J214: =SUM(G203:G214)/12 -> #REF! | K214: =IF($C214="","",VLOOKUP($B214,ARF,2,TRUE)) -> #REF!
B215: 41547 | C215: =IF(OR(VLOOKUP($B215,ARF,6,TRUE)=C214,C214=""),"",VLOOKUP($B215,ARF,6,TRUE)) -> #REF! | D215: =+B215 -> 41547 | E215: =IF($C215="","",C215/1000000000) -> #REF! | F215: =IF($C215="","",VLOOKUP($B215,ARF,3,TRUE)) -> #REF! | G215: =IF($C215="","",VLOOKUP($B215,ARF,4,TRUE)) -> #REF! | H215: =IF($C215="","",VLOOKUP($B215,ARF,5,TRUE)) -> #REF! | I215: =SUM(F204:F215)/12 -> #REF! | J215: =SUM(G204:G215)/12 -> #REF! | K215: =IF($C215="","",VLOOKUP($B215,ARF,2,TRUE)) -> #REF!
... B239: 42277 | C239: =IF(OR(VLOOKUP($B239,ARF,6,TRUE)=C238,C238=""),"",VLOOKUP($B239,ARF,6,TRUE)) -> #REF! | D239: =+B239 -> 42277 | E239: =IF($C239="","",C239/1000000000) -> #REF! | F239: =IF($C239="","",VLOOKUP($B239,ARF,3,TRUE)) -> #REF! | G239: =IF($C239="","",VLOOKUP($B239,ARF,4,TRUE)) -> #REF! | H239: =IF($C239="","",VLOOKUP($B239,ARF,5,TRUE)) -> #REF! | I239: =SUM(F228:F239)/12 -> #REF! | J239: =SUM(G228:G239)/12 -> #REF! | K239: =IF($C239="","",VLOOKUP($B239,ARF,2,TRUE)) -> #REF!
B240: 42307 | C240: 0 | D240: =+B240 -> 42307 | E240: =IF($C240="","",C240/1000000000) -> 0 | F240: =IF($C240="","",VLOOKUP($B240,ARF,3,TRUE)) -> #REF! | G240: =IF($C240="","",VLOOKUP($B240,ARF,4,TRUE)) -> #REF! | H240: =IF($C240="","",VLOOKUP($B240,ARF,5,TRUE)) -> #REF! | I240: =SUM(F229:F240)/12 -> #REF! | J240: =SUM(G229:G240)/12 -> #REF! | K240: =IF($C240="","",VLOOKUP($B240,ARF,2,TRUE)) -> #REF!
B241: 42338 | C241: 0 | D241: =+B241 -> 42338 | E241: =IF($C241="","",C241/1000000000) -> 0 | F241: =IF($C241="","",VLOOKUP($B241,ARF,3,TRUE)) -> #REF! | G241: =IF($C241="","",VLOOKUP($B241,ARF,4,TRUE)) -> #REF! | H241: =IF($C241="","",VLOOKUP($B241,ARF,5,TRUE)) -> #REF! | I241: =SUM(F230:F241)/12 -> #REF! | J241: =SUM(G230:G241)/12 -> #REF! | K241: =IF($C241="","",VLOOKUP($B241,ARF,2,TRUE)) -> #REF!
B242: 42369 | C242: 0 | D242: =+B242 -> 42369 | E242: =IF($C242="","",C242/1000000000) -> 0 | F242: =IF($C242="","",VLOOKUP($B242,ARF,3,TRUE)) -> #REF! | G242: =IF($C242="","",VLOOKUP($B242,ARF,4,TRUE)) -> #REF! | H242: =IF($C242="","",VLOOKUP($B242,ARF,5,TRUE)) -> #REF! | I242: =SUM(F231:F242)/12 -> #REF! | J242: =SUM(G231:G242)/12 -> #REF! | K242: =IF($C242="","",VLOOKUP($B242,ARF,2,TRUE)) -> #REF!
B243: 42398 | C243: 0 | D243: =+B243 -> 42398 | E243: =IF($C243="","",C243/1000000000) -> 0 | F243: =IF($C243="","",VLOOKUP($B243,ARF,3,TRUE)) -> #REF! | G243: =IF($C243="","",VLOOKUP($B243,ARF,4,TRUE)) -> #REF! | H243: =IF($C243="","",VLOOKUP($B243,ARF,5,TRUE)) -> #REF! | I243: =SUM(F232:F243)/12 -> #REF! | J243: =SUM(G232:G243)/12 -> #REF! | K243: =IF($C243="","",VLOOKUP($B243,ARF,2,TRUE)) -> #REF!
B244: 42429 | C244: 0 | D244: =+B244 -> 42429 | E244: =IF($C244="","",C244/1000000000) -> 0 | F244: =IF($C244="","",VLOOKUP($B244,ARF,3,TRUE)) -> #REF! | G244: =IF($C244="","",VLOOKUP($B244,ARF,4,TRUE)) -> #REF! | H244: =IF($C244="","",VLOOKUP($B244,ARF,5,TRUE)) -> #REF! | I244: =SUM(F233:F244)/12 -> #REF! | J244: =SUM(G233:G244)/12 -> #REF! | K244: =IF($C244="","",VLOOKUP($B244,ARF,2,TRUE)) -> #REF!
B245: 42460 | C245: 0 | D245: =+B245 -> 42460 | E245: =IF($C245="","",C245/1000000000) -> 0 | F245: =IF($C245="","",VLOOKUP($B245,ARF,3,TRUE)) -> #REF! | G245: =IF($C245="","",VLOOKUP($B245,ARF,4,TRUE)) -> #REF! | H245: =IF($C245="","",VLOOKUP($B245,ARF,5,TRUE)) -> #REF! | I245: =SUM(F234:F245)/12 -> #REF! | J245: =SUM(G234:G245)/12 -> #REF! | K245: =IF($C245="","",VLOOKUP($B245,ARF,2,TRUE)) -> #REF!
B246: 42489 | C246: 0 | D246: =+B246 -> 42489 | E246: =IF($C246="","",C246/1000000000) -> 0 | F246: =IF($C246="","",VLOOKUP($B246,ARF,3,TRUE)) -> #REF! | G246: =IF($C246="","",VLOOKUP($B246,ARF,4,TRUE)) -> #REF! | H246: =IF($C246="","",VLOOKUP($B246,ARF,5,TRUE)) -> #REF! | I246: =SUM(F235:F246)/12 -> #REF! | J246: =SUM(G235:G246)/12 -> #REF! | K246: =IF($C246="","",VLOOKUP($B246,ARF,2,TRUE)) -> #REF!
B247: 42521 | C247: 0 | D247: =+B247 -> 42521 | E247: =IF($C247="","",C247/1000000000) -> 0 | F247: =IF($C247="","",VLOOKUP($B247,ARF,3,TRUE)) -> #REF! | G247: =IF($C247="","",VLOOKUP($B247,ARF,4,TRUE)) -> #REF! | H247: =IF($C247="","",VLOOKUP($B247,ARF,5,TRUE)) -> #REF! | I247: =SUM(F236:F247)/12 -> #REF! | J247: =SUM(G236:G247)/12 -> #REF! | K247: =IF($C247="","",VLOOKUP($B247,ARF,2,TRUE)) -> #REF!
B248: 42551 | C248: 0 | D248: =+B248 -> 42551 | E248: =IF($C248="","",C248/1000000000) -> 0 | F248: =IF($C248="","",VLOOKUP($B248,ARF,3,TRUE)) -> #REF! | G248: =IF($C248="","",VLOOKUP($B248,ARF,4,TRUE)) -> #REF! | H248: =IF($C248="","",VLOOKUP($B248,ARF,5,TRUE)) -> #REF! | I248: =SUM(F237:F248)/12 -> #REF! | J248: =SUM(G237:G248)/12 -> #REF! | K248: =IF($C248="","",VLOOKUP($B248,ARF,2,TRUE)) -> #REF!
B249: 42580 | C249: 0 | D249: =+B249 -> 42580 | E249: =IF($C249="","",C249/1000000000) -> 0 | F249: =IF($C249="","",VLOOKUP($B249,ARF,3,TRUE)) -> #REF! | G249: =IF($C249="","",VLOOKUP($B249,ARF,4,TRUE)) -> #REF! | H249: =IF($C249="","",VLOOKUP($B249,ARF,5,TRUE)) -> #REF! | I249: =SUM(F238:F249)/12 -> #REF! | J249: =SUM(G238:G249)/12 -> #REF! | K249: =IF($C249="","",VLOOKUP($B249,ARF,2,TRUE)) -> #REF!
B250: 42613 | C250: 0 | D250: =+B250 -> 42613 | E250: =IF($C250="","",C250/1000000000) -> 0 | F250: =IF($C250="","",VLOOKUP($B250,ARF,3,TRUE)) -> #REF! | G250: =IF($C250="","",VLOOKUP($B250,ARF,4,TRUE)) -> #REF! | H250: =IF($C250="","",VLOOKUP($B250,ARF,5,TRUE)) -> #REF! | I250: =SUM(F239:F250)/12 -> #REF! | J250: =SUM(G239:G250)/12 -> #REF! | K250: =IF($C250="","",VLOOKUP($B250,ARF,2,TRUE)) -> #REF!
B251: 42643 | C251: 0 | D251: =+B251 -> 42643 | E251: =IF($C251="","",C251/1000000000) -> 0 | F251: =IF($C251="","",VLOOKUP($B251,ARF,3,TRUE)) -> #REF! | G251: =IF($C251="","",VLOOKUP($B251,ARF,4,TRUE)) -> #REF! | H251: =IF($C251="","",VLOOKUP($B251,ARF,5,TRUE)) -> #REF! | I251: =SUM(F240:F251)/12 -> #REF! | J251: =SUM(G240:G251)/12 -> #REF! | K251: =IF($C251="","",VLOOKUP($B251,ARF,2,TRUE)) -> #REF!
...

Sheet MFSA
C1: Market Cap | D1: Market Cap $m | E1: Value Transacted | F1: Trades | G1: 12 Month Average Trades | H1: Volume | I1: 12m average value | J1: Number Listed
B2: 37652
B3: 37680
B4: 37711 | D4: =C4/1000000 -> 0
B5: 37741 | D5: =C5/1000000 -> 0
B6: 37772 | D6: =C6/1000000 -> 0
B7: 37802 | D7: =C7/1000000 -> 0
B8: 37833 | D8: =C8/1000000 -> 0
B9: 37864 | D9: =C9/1000000 -> 0
B10: 37894 | D10: =C10/1000000 -> 0
B11: 37925 | D11: =C11/1000000 -> 0
B12: 37955 | D12: =C12/1000000 -> 0
B13: 37986 | D13: =C13/1000000 -> 0
B14: 38017 | D14: =C14/1000000 -> 0
B15: 38046 | D15: =C15/1000000 -> 0 | G15: =AVERAGE(F4:F15) -> #DIV/0! | I15: =AVERAGE(E4:E15) -> #DIV/0!
B16: 38077 | D16: =C16/1000000 -> 0 | G16: =AVERAGE(F5:F16) -> #DIV/0! | I16: =AVERAGE(E5:E16) -> #DIV/0!
B17: 38107 | D17: =C17/1000000 -> 0 | G17: =AVERAGE(F5:F17) -> #DIV/0! | I17: =AVERAGE(E6:E17) -> #DIV/0!
B18: 38138 | D18: =C18/1000000 -> 0 | G18: =AVERAGE(F6:F18) -> #DIV/0! | I18: =AVERAGE(E7:E18) -> #DIV/0!
B19: 38168 | D19: =C19/1000000 -> 0 | G19: =AVERAGE(F7:F19) -> #DIV/0! | I19: =AVERAGE(E8:E19) -> #DIV/0!
B20: 38199 | D20: =C20/1000000 -> 0 | G20: =AVERAGE(F8:F20) -> #DIV/0! | I20: =AVERAGE(E9:E20) -> #DIV/0!
B21: 38230 | D21: =C21/1000000 -> 0 | G21: =AVERAGE(F9:F21) -> #DIV/0! | I21: =AVERAGE(E10:E21) -> #DIV/0!
B22: 38260 | D22: =C22/1000000 -> 0 | G22: =AVERAGE(F10:F22) -> #DIV/0! | I22: =AVERAGE(E11:E22) -> #DIV/0!
B23: 38291 | D23: =C23/1000000 -> 0 | G23: =AVERAGE(F11:F23) -> #DIV/0! | I23: =AVERAGE(E12:E23) -> #DIV/0!
B24: 38321 | D24: =C24/1000000 -> 0 | G24: =AVERAGE(F12:F24) -> #DIV/0! | I24: =AVERAGE(E13:E24) -> #DIV/0!
B25: 38352 | D25: =C25/1000000 -> 0 | G25: =AVERAGE(F13:F25) -> #DIV/0! | I25: =AVERAGE(E14:E25) -> #DIV/0!
B26: 38383 | D26: =C26/1000000 -> 0 | G26: =AVERAGE(F14:F26) -> #DIV/0! | I26: =AVERAGE(E15:E26) -> #DIV/0!
B27: 38411 | D27: =C27/1000000 -> 0 | G27: =AVERAGE(F15:F27) -> #DIV/0! | I27: =AVERAGE(E16:E27) -> #DIV/0!
B28: 38442 | D28: =C28/1000000 -> 0 | G28: =AVERAGE(F16:F28) -> #DIV/0! | I28: =AVERAGE(E17:E28) -> #DIV/0!
... B87: 40235 | D87: =C87/1000000 -> 0 | G87: =AVERAGE(F75:F87) -> #DIV/0! | I87: =AVERAGE(E76:E87) -> #DIV/0!
B88: 40268 | D88: =C88/1000000 -> 0 | G88: =AVERAGE(F76:F88) -> #DIV/0! | I88: =AVERAGE(E76:E88) -> #DIV/0!
B89: 40298 | D89: =C89/1000000 -> 0 | G89: =AVERAGE(F77:F89) -> #DIV/0! | I89: =AVERAGE(E77:E89) -> #DIV/0!
B90: 40329 | D90: =C90/1000000 -> 0 | G90: =AVERAGE(F78:F90) -> #DIV/0! | I90: =AVERAGE(E78:E90) -> #DIV/0!
B91: 40359 | D91: =C91/1000000 -> 0 | G91: =AVERAGE(F79:F91) -> #DIV/0! | I91: =AVERAGE(E79:E91) -> #DIV/0!
B92: 40389 | D92: =C92/1000000 -> 0 | G92: =AVERAGE(F80:F92) -> #DIV/0! | I92: =AVERAGE(E80:E92) -> #DIV/0!
B93: 40421 | D93: =C93/1000000 -> 0 | G93: =AVERAGE(F81:F93) -> #DIV/0! | I93: =AVERAGE(E81:E93) -> #DIV/0!
B94: 40451 | D94: =C94/1000000 -> 0 | G94: =AVERAGE(F82:F94) -> #DIV/0! | I94: =AVERAGE(E82:E94) -> #DIV/0!
B95: 40480 | D95: =C95/1000000 -> 0 | G95: =AVERAGE(F83:F95) -> #DIV/0! | I95: =AVERAGE(E83:E95) -> #DIV/0!
B96: 40512 | D96: =C96/1000000 -> 0 | G96: =AVERAGE(F84:F96) -> #DIV/0! | I96: =AVERAGE(E84:E96) -> #DIV/0!
B97: 40543 | D97: =C97/1000000 -> 0 | G97: =AVERAGE(F85:F97) -> #DIV/0! | I97: =AVERAGE(E85:E97) -> #DIV/0!
B98: 40574 | D98: =C98/1000000 -> 0 | G98: =AVERAGE(F86:F98) -> #DIV/0! | I98: =AVERAGE(E86:E98) -> #DIV/0!
B99: 40602 | D99: =C99/1000000 -> 0 | G99: =AVERAGE(F87:F99) -> #DIV/0! | I99: =AVERAGE(E87:E99) -> #DIV/0!
... B137: 41759 | D137: =C137/1000000 -> 0 | G137: =AVERAGE(F125:F137) -> #DIV/0! | I137: =AVERAGE(E125:E137) -> #DIV/0!
B138: 41789 | C138: =IF(OR(VLOOKUP($B138,MFSA,6,TRUE)=C137,C137=""),"",VLOOKUP($B138,MFSA,6,TRUE)) -> #REF! | D138: =IF($C138="","",C138/1000000) -> #REF! | E138: =IF($C138="","",VLOOKUP($B138,MFSA,4,TRUE)) -> #REF! | F138: =IF($C138="","",VLOOKUP($B138,MFSA,3,TRUE)) -> #REF! | G138: =AVERAGE(F126:F138) -> #REF! | H138: =IF($C138="","",VLOOKUP($B138,MFSA,5,TRUE)) -> #REF! | I138: =AVERAGE(E126:E138) -> #REF! | J138: =IF($C138="","",VLOOKUP($B138,MFSA,2,TRUE)) -> #REF!
B139: 41820 | C139: =IF(OR(VLOOKUP($B139,MFSA,6,TRUE)=C138,C138=""),"",VLOOKUP($B139,MFSA,6,TRUE)) -> #REF! | D139: =IF($C139="","",C139/1000000) -> #REF! | E139: =IF($C139="","",VLOOKUP($B139,MFSA,4,TRUE)) -> #REF! | F139: =IF($C139="","",VLOOKUP($B139,MFSA,3,TRUE)) -> #REF! | G139: =AVERAGE(F127:F139) -> #REF! | H139: =IF($C139="","",VLOOKUP($B139,MFSA,5,TRUE)) -> #REF! | I139: =AVERAGE(E127:E139) -> #REF! | J139: =IF($C139="","",VLOOKUP($B139,MFSA,2,TRUE)) -> #REF!
B140: 41851 | C140: =IF(OR(VLOOKUP($B140,MFSA,6,TRUE)=C139,C139=""),"",VLOOKUP($B140,MFSA,6,TRUE)) -> #REF! | D140: =IF($C140="","",C140/1000000) -> #REF! | E140: =IF($C140="","",VLOOKUP($B140,MFSA,4,TRUE)) -> #REF! | F140: =IF($C140="","",VLOOKUP($B140,MFSA,3,TRUE)) -> #REF! | G140: =AVERAGE(F128:F140) -> #REF! | H140: =IF($C140="","",VLOOKUP($B140,MFSA,5,TRUE)) -> #REF! | I140: =AVERAGE(E128:E140) -> #REF! | J140: =IF($C140="","",VLOOKUP($B140,MFSA,2,TRUE)) -> #REF!
B141: 41880 | C141: =IF(OR(VLOOKUP($B141,MFSA,6,TRUE)=C140,C140=""),"",VLOOKUP($B141,MFSA,6,TRUE)) -> #REF! | D141: =IF($C141="","",C141/1000000) -> #REF! | E141: =IF($C141="","",VLOOKUP($B141,MFSA,4,TRUE)) -> #REF! | F141: =IF($C141="","",VLOOKUP($B141,MFSA,3,TRUE)) -> #REF! | G141: =AVERAGE(F129:F141) -> #REF! | H141: =IF($C141="","",VLOOKUP($B141,MFSA,5,TRUE)) -> #REF! | I141: =AVERAGE(E129:E141) -> #REF! | J141: =IF($C141="","",VLOOKUP($B141,MFSA,2,TRUE)) -> #REF!
B142: 41912 | C142: =IF(OR(VLOOKUP($B142,MFSA,6,TRUE)=C141,C141=""),"",VLOOKUP($B142,MFSA,6,TRUE)) -> #REF! | D142: =IF($C142="","",C142/1000000) -> #REF! | E142: =IF($C142="","",VLOOKUP($B142,MFSA,4,TRUE)) -> #REF! | F142: =IF($C142="","",VLOOKUP($B142,MFSA,3,TRUE)) -> #REF! | G142: =AVERAGE(F130:F142) -> #REF! | H142: =IF($C142="","",VLOOKUP($B142,MFSA,5,TRUE)) -> #REF! | I142: =AVERAGE(E130:E142) -> #REF! | J142: =IF($C142="","",VLOOKUP($B142,MFSA,2,TRUE)) -> #REF!
B143: 41943 | C143: =IF(OR(VLOOKUP($B143,MFSA,6,TRUE)=C142,C142=""),"",VLOOKUP($B143,MFSA,6,TRUE)) -> #REF! | D143: =IF($C143="","",C143/1000000) -> #REF! | E143: =IF($C143="","",VLOOKUP($B143,MFSA,4,TRUE)) -> #REF! | F143: =IF($C143="","",VLOOKUP($B143,MFSA,3,TRUE)) -> #REF! | G143: =AVERAGE(F131:F143) -> #REF! | H143: =IF($C143="","",VLOOKUP($B143,MFSA,5,TRUE)) -> #REF! | I143: =AVERAGE(E131:E143) -> #REF! | J143: =IF($C143="","",VLOOKUP($B143,MFSA,2,TRUE)) -> #REF!
B144: 41971 | C144: =IF(OR(VLOOKUP($B144,MFSA,6,TRUE)=C143,C143=""),"",VLOOKUP($B144,MFSA,6,TRUE)) -> #REF! | D144: =IF($C144="","",C144/1000000) -> #REF! | E144: =IF($C144="","",VLOOKUP($B144,MFSA,4,TRUE)) -> #REF! | F144: =IF($C144="","",VLOOKUP($B144,MFSA,3,TRUE)) -> #REF! | G144: =AVERAGE(F132:F144) -> #REF! | H144: =IF($C144="","",VLOOKUP($B144,MFSA,5,TRUE)) -> #REF! | I144: =AVERAGE(E132:E144) -> #REF! | J144: =IF($C144="","",VLOOKUP($B144,MFSA,2,TRUE)) -> #REF!
B145: 42004 | C145: =IF(OR(VLOOKUP($B145,MFSA,6,TRUE)=C144,C144=""),"",VLOOKUP($B145,MFSA,6,TRUE)) -> #REF! | D145: =IF($C145="","",C145/1000000) -> #REF! | E145: =IF($C145="","",VLOOKUP($B145,MFSA,4,TRUE)) -> #REF! | F145: =IF($C145="","",VLOOKUP($B145,MFSA,3,TRUE)) -> #REF! | G145: =AVERAGE(F133:F145) -> #REF! | H145: =IF($C145="","",VLOOKUP($B145,MFSA,5,TRUE)) -> #REF! | I145: =AVERAGE(E133:E145) -> #REF! | J145: =IF($C145="","",VLOOKUP($B145,MFSA,2,TRUE)) -> #REF!
B146: 42034 | C146: =IF(OR(VLOOKUP($B146,MFSA,6,TRUE)=C145,C145=""),"",VLOOKUP($B146,MFSA,6,TRUE)) -> #REF! | D146: =IF($C146="","",C146/1000000) -> #REF! | E146: =IF($C146="","",VLOOKUP($B146,MFSA,4,TRUE)) -> #REF! | F146: =IF($C146="","",VLOOKUP($B146,MFSA,3,TRUE)) -> #REF! | G146: =AVERAGE(F134:F146) -> #REF! | H146: =IF($C146="","",VLOOKUP($B146,MFSA,5,TRUE)) -> #REF! | I146: =AVERAGE(E134:E146) -> #REF! | J146: =IF($C146="","",VLOOKUP($B146,MFSA,2,TRUE)) -> #REF!
B147: 42062 | C147: =IF(OR(VLOOKUP($B147,MFSA,6,TRUE)=C146,C146=""),"",VLOOKUP($B147,MFSA,6,TRUE)) -> #REF! | D147: =IF($C147="","",C147/1000000) -> #REF! | E147: =IF($C147="","",VLOOKUP($B147,MFSA,4,TRUE)) -> #REF! | F147: =IF($C147="","",VLOOKUP($B147,MFSA,3,TRUE)) -> #REF! | G147: =AVERAGE(F135:F147) -> #REF! | H147: =IF($C147="","",VLOOKUP($B147,MFSA,5,TRUE)) -> #REF! | I147: =AVERAGE(E135:E147) -> #REF! | J147: =IF($C147="","",VLOOKUP($B147,MFSA,2,TRUE)) -> #REF!
B148: 42094 | C148: =IF(OR(VLOOKUP($B148,MFSA,6,TRUE)=C147,C147=""),"",VLOOKUP($B148,MFSA,6,TRUE)) -> #REF! | D148: =IF($C148="","",C148/1000000) -> #REF! | E148: =IF($C148="","",VLOOKUP($B148,MFSA,4,TRUE)) -> #REF! | F148: =IF($C148="","",VLOOKUP($B148,MFSA,3,TRUE)) -> #REF! | G148: =AVERAGE(F136:F148) -> #REF! | H148: =IF($C148="","",VLOOKUP($B148,MFSA,5,TRUE)) -> #REF! | I148: =AVERAGE(E136:E148) -> #REF! | J148: =IF($C148="","",VLOOKUP($B148,MFSA,2,TRUE)) -> #REF!
B149: 42124 | C149: =IF(OR(VLOOKUP($B149,MFSA,6,TRUE)=C148,C148=""),"",VLOOKUP($B149,MFSA,6,TRUE)) -> #REF! | D149: =IF($C149="","",C149/1000000) -> #REF! | E149: =IF($C149="","",VLOOKUP($B149,MFSA,4,TRUE)) -> #REF! | F149: =IF($C149="","",VLOOKUP($B149,MFSA,3,TRUE)) -> #REF! | G149: =AVERAGE(F137:F149) -> #REF! | H149: =IF($C149="","",VLOOKUP($B149,MFSA,5,TRUE)) -> #REF! | I149: =AVERAGE(E137:E149) -> #REF! | J149: =IF($C149="","",VLOOKUP($B149,MFSA,2,TRUE)) -> #REF!
B150: 42153 | C150: =VLOOKUP($B150,MFSA,6,FALSE) -> #REF! | D150: =IF($C150="","",C150/1000000) -> #REF! | E150: =IF($C150="","",VLOOKUP($B150,MFSA,4,TRUE)) -> #REF! | F150: =IF($C150="","",VLOOKUP($B150,MFSA,3,TRUE)) -> #REF! | G150: =AVERAGE(F138:F150) -> #REF! | H150: =IF($C150="","",VLOOKUP($B150,MFSA,5,TRUE)) -> #REF! | I150: =AVERAGE(E138:E150) -> #REF! | J150: =IF($C150="","",VLOOKUP($B150,MFSA,2,TRUE)) -> #REF!
B151: 42185 | C151: =VLOOKUP($B151,MFSA,6,FALSE) -> #REF! | D151: =IF($C151="","",C151/1000000) -> #REF! | E151: =IF($C151="","",VLOOKUP($B151,MFSA,4,TRUE)) -> #REF! | F151: =IF($C151="","",VLOOKUP($B151,MFSA,3,TRUE)) -> #REF! | G151: =AVERAGE(F139:F151) -> #REF! | H151: =IF($C151="","",VLOOKUP($B151,MFSA,5,TRUE)) -> #REF! | I151: =AVERAGE(E139:E151) -> #REF! | J151: =IF($C151="","",VLOOKUP($B151,MFSA,2,TRUE)) -> #REF!
B152: 42216 | C152: =VLOOKUP($B152,MFSA,6,FALSE) -> #REF! | D152: =IF($C152="","",C152/1000000) -> #REF! | E152: =IF($C152="","",VLOOKUP($B152,MFSA,4,TRUE)) -> #REF! | F152: =IF($C152="","",VLOOKUP($B152,MFSA,3,TRUE)) -> #REF! | G152: =AVERAGE(F140:F152) -> #REF! | H152: =IF($C152="","",VLOOKUP($B152,MFSA,5,TRUE)) -> #REF! | I152: =AVERAGE(E140:E152) -> #REF! | J152: =IF($C152="","",VLOOKUP($B152,MFSA,2,TRUE)) -> #REF!
B153: 42247 | C153: =VLOOKUP($B153,MFSA,6,FALSE) -> #REF! | D153: =IF($C153="","",C153/1000000) -> #REF! | E153: =IF($C153="","",VLOOKUP($B153,MFSA,4,TRUE)) -> #REF! | F153: =IF($C153="","",VLOOKUP($B153,MFSA,3,TRUE)) -> #REF! | G153: =AVERAGE(F141:F153) -> #REF! | H153: =IF($C153="","",VLOOKUP($B153,MFSA,5,TRUE)) -> #REF! | I153: =AVERAGE(E141:E153) -> #REF! | J153: =IF($C153="","",VLOOKUP($B153,MFSA,2,TRUE)) -> #REF!
B154: 42277 | C154: =VLOOKUP($B154,MFSA,6,FALSE) -> #REF! | D154: =IF($C154="","",C154/1000000) -> #REF! | E154: =IF($C154="","",VLOOKUP($B154,MFSA,4,TRUE)) -> #REF! | F154: =IF($C154="","",VLOOKUP($B154,MFSA,3,TRUE)) -> #REF! | G154: =AVERAGE(F142:F154) -> #REF! | H154: =IF($C154="","",VLOOKUP($B154,MFSA,5,TRUE)) -> #REF! | I154: =AVERAGE(E142:E154) -> #REF! | J154: =IF($C154="","",VLOOKUP($B154,MFSA,2,TRUE)) -> #REF!
B155: 42307 | C155: =VLOOKUP($B155,MFSA,6,FALSE) -> #REF! | D155: =IF($C155="","",C155/1000000) -> #REF! | E155: =IF($C155="","",VLOOKUP($B155,MFSA,4,TRUE)) -> #REF! | F155: =IF($C155="","",VLOOKUP($B155,MFSA,3,TRUE)) -> #REF! | G155: =AVERAGE(F143:F155) -> #REF! | H155: =IF($C155="","",VLOOKUP($B155,MFSA,5,TRUE)) -> #REF! | I155: =AVERAGE(E143:E155) -> #REF! | J155: =IF($C155="","",VLOOKUP($B155,MFSA,2,TRUE)) -> #REF!
B156: 42338 | C156: =VLOOKUP($B156,MFSA,6,FALSE) -> #REF! | D156: =IF($C156="","",C156/1000000) -> #REF! | E156: =IF($C156="","",VLOOKUP($B156,MFSA,4,TRUE)) -> #REF! | F156: =IF($C156="","",VLOOKUP($B156,MFSA,3,TRUE)) -> #REF! | G156: =AVERAGE(F144:F156) -> #REF! | H156: =IF($C156="","",VLOOKUP($B156,MFSA,5,TRUE)) -> #REF! | I156: =AVERAGE(E144:E156) -> #REF! | J156: =IF($C156="","",VLOOKUP($B156,MFSA,2,TRUE)) -> #REF!
B157: 42369 | C157: =VLOOKUP($B157,MFSA,6,FALSE) -> #REF! | D157: =IF($C157="","",C157/1000000) -> #REF! | E157: =IF($C157="","",VLOOKUP($B157,MFSA,4,TRUE)) -> #REF! | F157: =IF($C157="","",VLOOKUP($B157,MFSA,3,TRUE)) -> #REF! | G157: =AVERAGE(F145:F157) -> #REF! | H157: =IF($C157="","",VLOOKUP($B157,MFSA,5,TRUE)) -> #REF! | I157: =AVERAGE(E145:E157) -> #REF! | J157: =IF($C157="","",VLOOKUP($B157,MFSA,2,TRUE)) -> #REF!
B158: 42398 | C158: =VLOOKUP($B158,MFSA,6,FALSE) -> #REF! | D158: =IF($C158="","",C158/1000000) -> #REF! | E158: =IF($C158="","",VLOOKUP($B158,MFSA,4,TRUE)) -> #REF! | F158: =IF($C158="","",VLOOKUP($B158,MFSA,3,TRUE)) -> #REF! | G158: =AVERAGE(F146:F158) -> #REF! | H158: =IF($C158="","",VLOOKUP($B158,MFSA,5,TRUE)) -> #REF! | I158: =AVERAGE(E146:E158) -> #REF! | J158: =IF($C158="","",VLOOKUP($B158,MFSA,2,TRUE)) -> #REF!
B159: 42429 | C159: =VLOOKUP($B159,MFSA,6,FALSE) -> #REF! | D159: =IF($C159="","",C159/1000000) -> #REF! | E159: =IF($C159="","",VLOOKUP($B159,MFSA,4,TRUE)) -> #REF! | F159: =IF($C159="","",VLOOKUP($B159,MFSA,3,TRUE)) -> #REF! | G159: =AVERAGE(F147:F159) -> #REF! | H159: =IF($C159="","",VLOOKUP($B159,MFSA,5,TRUE)) -> #REF! | I159: =AVERAGE(E147:E159) -> #REF! | J159: =IF($C159="","",VLOOKUP($B159,MFSA,2,TRUE)) -> #REF!
B160: 42460 | C160: =VLOOKUP($B160,MFSA,6,FALSE) -> #REF! | D160: =IF($C160="","",C160/1000000) -> #REF! | E160: =IF($C160="","",VLOOKUP($B160,MFSA,4,TRUE)) -> #REF! | F160: =IF($C160="","",VLOOKUP($B160,MFSA,3,TRUE)) -> #REF! | G160: =AVERAGE(F148:F160) -> #REF! | H160: =IF($C160="","",VLOOKUP($B160,MFSA,5,TRUE)) -> #REF! | I160: =AVERAGE(E148:E160) -> #REF! | J160: =IF($C160="","",VLOOKUP($B160,MFSA,2,TRUE)) -> #REF!
B161: 42489 | C161: =VLOOKUP($B161,MFSA,6,FALSE) -> #REF! | D161: =IF($C161="","",C161/1000000) -> #REF! | E161: =IF($C161="","",VLOOKUP($B161,MFSA,4,TRUE)) -> #REF! | F161: =IF($C161="","",VLOOKUP($B161,MFSA,3,TRUE)) -> #REF! | G161: =AVERAGE(F149:F161) -> #REF! | H161: =IF($C161="","",VLOOKUP($B161,MFSA,5,TRUE)) -> #REF! | I161: =AVERAGE(E149:E161) -> #REF! | J161: =IF($C161="","",VLOOKUP($B161,MFSA,2,TRUE)) -> #REF!
... B223: 44377 | C223: =VLOOKUP($B223,MFSA,6,FALSE) -> #REF! | D223: =IF($C223="","",C223/1000000) -> #REF! | E223: =IF($C223="","",VLOOKUP($B223,MFSA,4,TRUE)) -> #REF! | F223: =IF($C223="","",VLOOKUP($B223,MFSA,3,TRUE)) -> #REF! | G223: =AVERAGE(F211:F223) -> #REF! | H223: =IF($C223="","",VLOOKUP($B223,MFSA,5,TRUE)) -> #REF! | I223: =AVERAGE(E211:E223) -> #REF! | J223: =IF($C223="","",VLOOKUP($B223,MFSA,2,TRUE)) -> #REF!
B224: =#REF! -> #REF! | C224: =VLOOKUP($B224,MFSA,6,FALSE) -> #REF! | D224: =IF($C224="","",C224/1000000) -> #REF! | E224: =IF($C224="","",VLOOKUP($B224,MFSA,4,TRUE)) -> #REF! | F224: =IF($C224="","",VLOOKUP($B224,MFSA,3,TRUE)) -> #REF! | G224: =AVERAGE(F212:F224) -> #REF! | H224: =IF($C224="","",VLOOKUP($B224,MFSA,5,TRUE)) -> #REF! | I224: =AVERAGE(E212:E224) -> #REF! | J224: =IF($C224="","",VLOOKUP($B224,MFSA,2,TRUE)) -> #REF!
B225: 44439 | C225: =VLOOKUP($B225,MFSA,6,FALSE) -> #REF! | D225: =IF($C225="","",C225/1000000) -> #REF! | E225: =IF($C225="","",VLOOKUP($B225,MFSA,4,TRUE)) -> #REF! | F225: =IF($C225="","",VLOOKUP($B225,MFSA,3,TRUE)) -> #REF! | G225: =AVERAGE(F213:F225) -> #REF! | H225: =IF($C225="","",VLOOKUP($B225,MFSA,5,TRUE)) -> #REF! | I225: =AVERAGE(E213:E225) -> #REF! | J225: =IF($C225="","",VLOOKUP($B225,MFSA,2,TRUE)) -> #REF!
B226: 44469 | C226: =VLOOKUP($B226,MFSA,6,FALSE) -> #REF! | D226: =IF($C226="","",C226/1000000) -> #REF! | E226: =IF($C226="","",VLOOKUP($B226,MFSA,4,TRUE)) -> #REF! | F226: =IF($C226="","",VLOOKUP($B226,MFSA,3,TRUE)) -> #REF! | G226: =AVERAGE(F214:F226) -> #REF! | H226: =IF($C226="","",VLOOKUP($B226,MFSA,5,TRUE)) -> #REF! | I226: =AVERAGE(E214:E226) -> #REF! | J226: =IF($C226="","",VLOOKUP($B226,MFSA,2,TRUE)) -> #REF!
B227: 44498 | C227: =VLOOKUP($B227,MFSA,6,FALSE) -> #REF! | D227: =IF($C227="","",C227/1000000) -> #REF! | E227: =IF($C227="","",VLOOKUP($B227,MFSA,4,TRUE)) -> #REF! | F227: =IF($C227="","",VLOOKUP($B227,MFSA,3,TRUE)) -> #REF! | G227: =AVERAGE(F215:F227) -> #REF! | H227: =IF($C227="","",VLOOKUP($B227,MFSA,5,TRUE)) -> #REF! | I227: =AVERAGE(E215:E227) -> #REF! | J227: =IF($C227="","",VLOOKUP($B227,MFSA,2,TRUE)) -> #REF!
B228: 44530 | C228: =VLOOKUP($B228,MFSA,6,FALSE) -> #REF! | D228: =IF($C228="","",C228/1000000) -> #REF! | E228: =IF($C228="","",VLOOKUP($B228,MFSA,4,TRUE)) -> #REF! | F228: =IF($C228="","",VLOOKUP($B228,MFSA,3,TRUE)) -> #REF! | G228: =AVERAGE(F216:F228) -> #REF! | H228: =IF($C228="","",VLOOKUP($B228,MFSA,5,TRUE)) -> #REF! | I228: =AVERAGE(E216:E228) -> #REF! | J228: =IF($C228="","",VLOOKUP($B228,MFSA,2,TRUE)) -> #REF!
B229: 44561 | C229: =VLOOKUP($B229,MFSA,6,FALSE) -> #REF! | D229: =IF($C229="","",C229/1000000) -> #REF! | E229: =IF($C229="","",VLOOKUP($B229,MFSA,4,TRUE)) -> #REF! | F229: =IF($C229="","",VLOOKUP($B229,MFSA,3,TRUE)) -> #REF! | G229: =AVERAGE(F217:F229) -> #REF! | H229: =IF($C229="","",VLOOKUP($B229,MFSA,5,TRUE)) -> #REF! | I229: =AVERAGE(E217:E229) -> #REF! | J229: =IF($C229="","",VLOOKUP($B229,MFSA,2,TRUE)) -> #REF!
B230: 44592 | C230: =VLOOKUP($B230,MFSA,6,FALSE) -> #REF! | D230: =IF($C230="","",C230/1000000) -> #REF! | E230: =IF($C230="","",VLOOKUP($B230,MFSA,4,TRUE)) -> #REF! | F230: =IF($C230="","",VLOOKUP($B230,MFSA,3,TRUE)) -> #REF! | G230: =AVERAGE(F218:F230) -> #REF! | H230: =IF($C230="","",VLOOKUP($B230,MFSA,5,TRUE)) -> #REF! | I230: =AVERAGE(E218:E230) -> #REF! | J230: =IF($C230="","",VLOOKUP($B230,MFSA,2,TRUE)) -> #REF!
B231: 44620 | C231: =VLOOKUP($B231,MFSA,6,FALSE) -> #REF! | D231: =IF($C231="","",C231/1000000) -> #REF! | E231: =IF($C231="","",VLOOKUP($B231,MFSA,4,TRUE)) -> #REF! | F231: =IF($C231="","",VLOOKUP($B231,MFSA,3,TRUE)) -> #REF! | G231: =AVERAGE(F219:F231) -> #REF! | H231: =IF($C231="","",VLOOKUP($B231,MFSA,5,TRUE)) -> #REF! | I231: =AVERAGE(E219:E231) -> #REF! | J231: =IF($C231="","",VLOOKUP($B231,MFSA,2,TRUE)) -> #REF!
B232: 44651 | C232: =VLOOKUP($B232,MFSA,6,FALSE) -> #REF! | D232: =IF($C232="","",C232/1000000) -> #REF! | E232: =IF($C232="","",VLOOKUP($B232,MFSA,4,TRUE)) -> #REF! | F232: =IF($C232="","",VLOOKUP($B232,MFSA,3,TRUE)) -> #REF! | G232: =AVERAGE(F220:F232) -> #REF! | H232: =IF($C232="","",VLOOKUP($B232,MFSA,5,TRUE)) -> #REF! | I232: =AVERAGE(E220:E232) -> #REF! | J232: =IF($C232="","",VLOOKUP($B232,MFSA,2,TRUE)) -> #REF!
B233: 44680 | C233: =VLOOKUP($B233,MFSA,6,FALSE) -> #REF! | D233: =IF($C233="","",C233/1000000) -> #REF! | E233: =IF($C233="","",VLOOKUP($B233,MFSA,4,TRUE)) -> #REF! | F233: =IF($C233="","",VLOOKUP($B233,MFSA,3,TRUE)) -> #REF! | G233: =AVERAGE(F221:F233) -> #REF! | H233: =IF($C233="","",VLOOKUP($B233,MFSA,5,TRUE)) -> #REF! | I233: =AVERAGE(E221:E233) -> #REF! | J233: =IF($C233="","",VLOOKUP($B233,MFSA,2,TRUE)) -> #REF!
B234: 44712 | C234: =VLOOKUP($B234,MFSA,6,FALSE) -> #REF! | D234: =IF($C234="","",C234/1000000) -> #REF! | E234: =IF($C234="","",VLOOKUP($B234,MFSA,4,TRUE)) -> #REF! | F234: =IF($C234="","",VLOOKUP($B234,MFSA,3,TRUE)) -> #REF! | G234: =AVERAGE(F222:F234) -> #REF! | H234: =IF($C234="","",VLOOKUP($B234,MFSA,5,TRUE)) -> #REF! | I234: =AVERAGE(E222:E234) -> #REF! | J234: =IF($C234="","",VLOOKUP($B234,MFSA,2,TRUE)) -> #REF!
B235: 44742 | C235: =VLOOKUP($B235,MFSA,6,FALSE) -> #REF! | D235: =IF($C235="","",C235/1000000) -> #REF! | E235: =IF($C235="","",VLOOKUP($B235,MFSA,4,TRUE)) -> #REF! | F235: =IF($C235="","",VLOOKUP($B235,MFSA,3,TRUE)) -> #REF! | G235: =AVERAGE(F223:F235) -> #REF! | H235: =IF($C235="","",VLOOKUP($B235,MFSA,5,TRUE)) -> #REF! | I235: =AVERAGE(E223:E235) -> #REF! | J235: =IF($C235="","",VLOOKUP($B235,MFSA,2,TRUE)) -> #REF!
B236: 44771 | C236: =VLOOKUP($B236,MFSA,6,FALSE) -> #REF! | D236: =IF($C236="","",C236/1000000) -> #REF! | E236: =IF($C236="","",VLOOKUP($B236,MFSA,4,TRUE)) -> #REF! | F236: =IF($C236="","",VLOOKUP($B236,MFSA,3,TRUE)) -> #REF! | G236: =AVERAGE(F224:F236) -> #REF! | H236: =IF($C236="","",VLOOKUP($B236,MFSA,5,TRUE)) -> #REF! | I236: =AVERAGE(E224:E236) -> #REF! | J236: =IF($C236="","",VLOOKUP($B236,MFSA,2,TRUE)) -> #REF!
... B256: 45471 | C256: =VLOOKUP($B256,MFSA,6,FALSE) -> #REF! | D256: =IF($C256="","",C256/1000000) -> #REF! | E256: =IF($C256="","",VLOOKUP($B256,MFSA,4,TRUE)) -> #REF! | F256: =IF($C256="","",VLOOKUP($B256,MFSA,3,TRUE)) -> #REF! | G256: =AVERAGE(F244:F256) -> #REF! | H256: =IF($C256="","",VLOOKUP($B256,MFSA,5,TRUE)) -> #REF! | I256: =AVERAGE(E244:E256) -> #REF! | J256: =IF($C256="","",VLOOKUP($B256,MFSA,2,TRUE)) -> #REF!

Sheet PDF
C2: Market Capitalisation | E2: Market Capitalisation | F2: Trade Count | G2: Trade Value | H2: Volume Transacted | I2: 12mth roll ave trades pm | J2: 12mth roll ave Value pm | K2: #s Listed
B3: 35095 | C3: 15375000 | D3: 35095 | E3: =C3/1000000 -> 15.375
B4: 35124 | C4: 20250000 | D4: 35124 | E4: =C4/1000000 -> 20.25
B5: 35155 | C5: 18000000 | D5: 35155 | E5: =C5/1000000 -> 18
B6: 35185 | C6: 21000000 | D6: 35185 | E6: =C6/1000000 -> 21
B7: 35216 | C7: 27750000 | D7: 35216 | E7: =C7/1000000 -> 27.75
B8: 35246 | C8: 27000000 | D8: 35246 | E8: =C8/1000000 -> 27
B9: 35277 | C9: 27000000 | D9: 35277 | E9: =C9/1000000 -> 27
B10: 35308 | C10: 37500000 | D10: 35308 | E10: =C10/1000000 -> 37.5
B11: 35338 | C11: 48750000 | D11: 35338 | E11: =C11/1000000 -> 48.75
B12: 35369 | C12: 54000000 | D12: 35369 | E12: =C12/1000000 -> 54
B13: 35399 | C13: 54000000 | D13: 35399 | E13: =C13/1000000 -> 54
B14: 35430 | C14: 52500000 | D14: 35430 | E14: =C14/1000000 -> 52.5
... B66: 37011 | C66: 129597110 | D66: 37011 | E66: =C66/1000000 -> 129.59711
B67: 37042 | C67: 127149898 | D67: 37042 | E67: =C67/1000000 -> 127.1499 | F67: 510 | G67: 1668741
B68: 37072 | C68: 114409562 | D68: 37072 | E68: =C68/1000000 -> 114.40956 | F68: 609 | G68: 2339003
B69: 37103 | C69: 110569582 | D69: 37103 | E69: =C69/1000000 -> 110.56958 | F69: 286 | G69: 1113586
B70: 37134 | C70: 105128364 | D70: 37134 | E70: =C70/1000000 -> 105.12836 | F70: 440 | G70: 1158911
B71: 37164 | C71: 98274126 | D71: 37164 | E71: =C71/1000000 -> 98.274126 | F71: 390 | G71: 823109
B72: 37195 | C72: 106109283 | D72: 37195 | E72: =C72/1000000 -> 106.10928 | F72: 546 | G72: 5282591
B73: 37225 | C73: 131186790 | D73: 37225 | E73: =C73/1000000 -> 131.18679 | F73: 846 | G73: 4129520
B74: 37256 | C74: 136704492 | D74: 37256 | E74: =C74/1000000 -> 136.70449 | F74: 587 | G74: 2747559
B75: 37287 | C75: 142670019 | D75: 37287 | E75: =C75/1000000 -> 142.67002 | F75: 1396 | G75: 6778681
B76: 37315 | C76: 152582326 | D76: 37315 | E76: =C76/1000000 -> 152.58233 | F76: 1842 | G76: 14155053
B77: 37346 | C77: 155595439 | D77: 37346 | E77: =C77/1000000 -> 155.59544 | F77: 1106 | G77: 5450118
B78: 37376 | C78: 151599398 | D78: 37376 | E78: =C78/1000000 -> 151.5994 | F78: 846 | G78: 7222494
B79: 37407 | C79: 160849104 | D79: 37407 | E79: =C79/1000000 -> 160.8491 | F79: 1413 | G79: 8081400 | I79: =SUM(F68:F79)/12 -> 858.91667 | J79: =SUM(G68:G79)/12 -> 4940168.8 | K79: 10
B80: 37437 | C80: 161649977 | D80: 37437 | E80: =C80/1000000 -> 161.64998 | F80: 1638 | G80: 15098925 | I80: =SUM(F69:F80)/12 -> 944.66667 | J80: =SUM(G69:G80)/12 -> 6003495.6 | K80: 10
B81: 37468 | C81: 140829720 | D81: 37468 | E81: =C81/1000000 -> 140.82972 | F81: 1291 | G81: 4905958 | I81: =SUM(F70:F81)/12 -> 1028.4167 | J81: =SUM(G70:G81)/12 -> 6319526.6 | K81: 10
B82: 37499 | C82: 138959685 | D82: 37499 | E82: =C82/1000000 -> 138.95969 | F82: 763 | G82: 12325718 | I82: =SUM(F71:F82)/12 -> 1055.3333 | J82: =SUM(G71:G82)/12 -> 7250093.8 | K82: 10
B83: 37529 | C83: 131959118 | D83: 37529 | E83: =C83/1000000 -> 131.95912 | F83: 845 | G83: 6758464 | I83: =SUM(F72:F83)/12 -> 1093.25 | J83: =SUM(G72:G83)/12 -> 7744706.8 | K83: 10
B84: 37560 | C84: 131384477 | D84: 37560 | E84: =C84/1000000 -> 131.38448 | F84: 623 | G84: 4000753 | I84: =SUM(F73:F84)/12 -> 1099.6667 | J84: =SUM(G73:G84)/12 -> 7637886.9 | K84: 10
B85: 37590 | C85: 143688307 | D85: 37590 | E85: =C85/1000000 -> 143.68831 | F85: 1012 | G85: 13641168 | I85: =SUM(F74:F85)/12 -> 1113.5 | J85: =SUM(G74:G85)/12 -> 8430524.2 | K85: 10
B86: 37621 | C86: 174660199 | D86: 37621 | E86: =C86/1000000 -> 174.6602 | F86: 1619 | G86: 14437773 | I86: =SUM(F75:F86)/12 -> 1199.5 | J86: =SUM(G75:G86)/12 -> 9404708.8 | K86: 10 | L86: Changed policy in Jan 05 to include all LMIs regardless of whether they are part of the program
B87: 37652 | C87: 251312640 | D87: 37652 | E87: =C87/1000000 -> 251.31264 | F87: 1894 | G87: 14938217 | I87: =SUM(F76:F87)/12 -> 1241 | J87: =SUM(G76:G87)/12 -> 10084670 | K87: 10
B88: 37680 | C88: 240533072 | D88: 37680 | E88: =C88/1000000 -> 240.53307 | F88: 1457 | G88: 12474213 | I88: =SUM(F77:F88)/12 -> 1208.9167 | J88: =SUM(G77:G88)/12 -> 9944600.1 | K88: 10
B89: 37711 | C89: 250995130 | D89: 37711 | E89: =C89/1000000 -> 250.99513 | F89: 1333 | G89: 9048460 | I89: =SUM(F78:F89)/12 -> 1227.8333 | J89: =SUM(G78:G89)/12 -> 10244462 | K89: 10
B90: 37741 | C90: 246003722 | D90: 37741 | E90: =C90/1000000 -> 246.00372 | F90: 768 | G90: 6043680 | I90: =SUM(F79:F90)/12 -> 1221.3333 | J90: =SUM(G79:G90)/12 -> 10146227 | K90: 10
B91: 37772 | C91: 257370209 | D91: 37772 | E91: =C91/1000000 -> 257.37021 | F91: 1179 | G91: 10519065 | I91: =SUM(F80:F91)/12 -> 1201.8333 | J91: =SUM(G80:G91)/12 -> 10349366 | K91: 10
B92: 37802 | C92: 270431198 | D92: 37802 | E92: =C92/1000000 -> 270.4312 | F92: 1370 | G92: 9408114 | I92: =SUM(F81:F92)/12 -> 1179.5 | J92: =SUM(G81:G92)/12 -> 9875131.9 | K92: 10
B93: 37833 | C93: 275591238 | D93: 37833 | E93: =C93/1000000 -> 275.59124 | F93: 2274 | G93: 19395469 | I93: =SUM(F82:F93)/12 -> 1261.4167 | J93: =SUM(G82:G93)/12 -> 11082591 | K93: 10
B94: 37864 | C94: 308604959 | D94: 37864 | E94: =C94/1000000 -> 308.60496 | F94: 2707 | G94: 18324130 | I94: =SUM(F83:F94)/12 -> 1423.4167 | J94: =SUM(G83:G94)/12 -> 11582459 | K94: 10
B95: 37894 | C95: 371838965 | D95: 37894 | E95: =C95/1000000 -> 371.83896 | F95: 4087 | G95: 29751727 | I95: =SUM(F84:F95)/12 -> 1693.5833 | J95: =SUM(G84:G95)/12 -> 13498564 | K95: 11
B96: 37925 | C96: 395736942 | D96: 37925 | E96: =C96/1000000 -> 395.73694 | F96: 2732 | G96: 16851505 | I96: =SUM(F85:F96)/12 -> 1869.3333 | J96: =SUM(G85:G96)/12 -> 14569460 | K96: 11
B97: 37955 | C97: 387059632 | D97: 37955 | E97: =C97/1000000 -> 387.05963 | F97: 2022 | G97: 11734561 | I97: =SUM(F86:F97)/12 -> 1953.5 | J97: =SUM(G86:G97)/12 -> 14410576 | K97: 11
B98: 37986 | C98: 364829151 | D98: 37986 | E98: =C98/1000000 -> 364.82915 | F98: 2126 | G98: 12371380 | I98: =SUM(F87:F98)/12 -> 1995.75 | J98: =SUM(G87:G98)/12 -> 14238377 | K98: 10
... B122: 38717 | C122: 568578237 | D122: 38717 | E122: =C122/1000000 -> 568.57824 | F122: 2186 | G122: 15064162 | I122: =SUM(F111:F122)/12 -> 2531.4167 | J122: =SUM(G111:G122)/12 -> 15339384 | K122: 9
B123: 38748 | C123: 576860059 | D123: 38748 | E123: =C123/1000000 -> 576.86006 | F123: 2125 | G123: 15409054 | H123: 14159897 | I123: =SUM(F112:F123)/12 -> 2522.1667 | J123: =SUM(G112:G123)/12 -> 15384776 | K123: 9
B124: 38776 | C124: 550605611 | D124: 38776 | E124: =C124/1000000 -> 550.60561 | F124: 1873 | G124: 14957659 | H124: 13761131 | I124: =SUM(F113:F124)/12 -> 2433 | J124: =SUM(G113:G124)/12 -> 15092892 | K124: 9
B125: 38807 | C125: 559588208 | D125: 38807 | E125: =C125/1000000 -> 559.58821 | F125: 2299 | G125: 22493892 | H125: 20624995 | I125: =SUM(F114:F125)/12 -> 2396.6667 | J125: =SUM(G114:G125)/12 -> 15580332 | K125: 9
B126: 38837 | C126: 581521428 | D126: 38837 | E126: =C126/1000000 -> 581.52143 | F126: 2459 | G126: 17573083 | H126: 15743948 | I126: =SUM(F115:F126)/12 -> 2421.5 | J126: =SUM(G115:G126)/12 -> 15773376 | K126: 9
B127: 38868 | C127: 587632777 | D127: 38868 | E127: =C127/1000000 -> 587.63278 | F127: 3333 | G127: 26330810 | H127: 25306591 | I127: =SUM(F116:F127)/12 -> 2543 | J127: =SUM(G116:G127)/12 -> 16720955 | K127: 9
B128: 38898 | C128: 556625039 | D128: 38898 | E128: =C128/1000000 -> 556.62504 | F128: 2315 | G128: 14020180 | H128: 18691542 | I128: =SUM(F117:F128)/12 -> 2533.75 | J128: =SUM(G117:G128)/12 -> 16847582 | K128: 10
B129: 38929 | C129: 557403721 | D129: 38929 | E129: =C129/1000000 -> 557.40372 | F129: 1514 | G129: 9523067 | H129: 12104320 | I129: =SUM(F118:F129)/12 -> 2476 | J129: =SUM(G118:G129)/12 -> 16964382 | K129: 10
B130: 38960 | C130: 612142019 | D130: 38960 | E130: =C130/1000000 -> 612.14202 | F130: 3093 | G130: 23217507 | H130: 47543220 | I130: =SUM(F119:F130)/12 -> 2517.8333 | J130: =SUM(G119:G130)/12 -> 17969129 | K130: 10
B131: 38990 | C131: 595427443 | D131: 38990 | E131: =C131/1000000 -> 595.42744 | F131: 1907 | G131: 8807776 | H131: 15605806 | I131: =SUM(F120:F131)/12 -> 2434.5 | J131: =SUM(G120:G131)/12 -> 17400124 | K131: 10
B132: 39021 | C132: 606106653 | D132: 39021 | E132: =C132/1000000 -> 606.10665 | F132: 1865 | G132: 16784069 | H132: 24641771 | I132: =SUM(F121:F132)/12 -> 2316.9167 | J132: =SUM(G121:G132)/12 -> 17282006 | K132: 10
B133: 39051 | C133: 809574037 | D133: 39051 | E133: =C133/1000000 -> 809.57404 | F133: 4261 | G133: 35880144 | H133: 30637354 | I133: =SUM(F122:F133)/12 -> 2435.8333 | J133: =SUM(G122:G133)/12 -> 18338450 | K133: 10
B134: 39082 | C134: 885287652 | D134: 39082 | E134: =C134/1000000 -> 885.28765 | F134: 4650 | G134: 46463657 | H134: 34140241 | I134: =SUM(F123:F134)/12 -> 2641.1667 | J134: =SUM(G123:G134)/12 -> 20955075 | K134: 10
... B136: 39141 | C136: 872729891 | D136: 39141 | E136: =C136/1000000 -> 872.72989 | F136: 4567 | G136: 36750382 | H136: 38626815 | I136: =SUM(F125:F136)/12 -> 2844 | J136: =SUM(G125:G136)/12 -> 22885720 | K136: 10
B137: 39172 | C137: ='Old (keep)'!K7 -> 909418680 | D137: 39172 | E137: =C137/1000000 -> 909.41868 | F137: ='Old (keep)'!C58 -> 4140 | G137: ='Old (keep)'!D58 -> 34012236 | H137: ='Old (keep)'!E58 -> 28001863 | I137: =SUM(F126:F137)/12 -> 2997.4167 | J137: =SUM(G126:G137)/12 -> 23845582 | K137: 10
B138: 39202 | C138: 878797737 | D138: 39202 | E138: =C138/1000000 -> 878.79774 | F138: 3106 | G138: 23296104 | H138: 19757964 | I138: =SUM(F127:F138)/12 -> 3051.3333 | J138: =SUM(G127:G138)/12 -> 24322500 | K138: 10
B139: 39233 | C139: 739323832 | D139: 39233 | E139: =C139/1000000 -> 739.32383 | F139: 2831 | G139: 31740053 | H139: 24726611 | I139: =SUM(F128:F139)/12 -> 3009.5 | J139: =SUM(G128:G139)/12 -> 24773270 | K139: 10
B140: 39262 | C140: =VLOOKUP($B140,PDF,6,TRUE) -> #REF! | D140: 39262 | E140: =C140/1000000 -> #REF! | F140: =VLOOKUP($B140,PDF,3,TRUE) -> #REF! | G140: =VLOOKUP($B140,PDF,4,TRUE) -> #REF! | H140: =VLOOKUP($B140,PDF,5,TRUE) -> #REF! | I140: =SUM(F129:F140)/12 -> #REF! | J140: =SUM(G129:G140)/12 -> #REF! | K140: =VLOOKUP($B140,PDF,2,TRUE) -> #REF!
A141: HF new method => | B141: 39294 | C141: =VLOOKUP($B141,PDF,6,TRUE) -> #REF! | D141: 39294 | E141: =C141/1000000 -> #REF! | F141: =VLOOKUP($B141,PDF,3,TRUE) -> #REF! | G141: =VLOOKUP($B141,PDF,4,TRUE) -> #REF! | H141: =VLOOKUP($B141,PDF,5,TRUE) -> #REF! | I141: =SUM(F130:F141)/12 -> #REF! | J141: =SUM(G130:G141)/12 -> #REF! | K141: =VLOOKUP($B141,PDF,2,TRUE) -> #REF!
A142: starts July 07 | B142: 39325 | C142: =IF(OR(VLOOKUP($B142,PDF,6,TRUE)=C141,C141=""),"",VLOOKUP($B142,PDF,6,TRUE)) -> #REF! | D142: 39325 | E142: =IF($C142="","",C142/1000000) -> #REF! | F142: =IF($C142="","",VLOOKUP($B142,PDF,3,TRUE)) -> #REF! | G142: =IF($C142="","",VLOOKUP($B142,PDF,4,TRUE)) -> #REF! | H142: =IF($C142="","",VLOOKUP($B142,PDF,5,TRUE)) -> #REF! | I142: =SUM(F131:F142)/12 -> #REF! | J142: =SUM(G131:G142)/12 -> #REF! | K142: =IF($C142="","",VLOOKUP($B142,PDF,2,TRUE)) -> #REF!
A143: some backward | B143: 39353 | C143: =IF(OR(VLOOKUP($B143,PDF,6,TRUE)=C142,C142=""),"",VLOOKUP($B143,PDF,6,TRUE)) -> #REF! | D143: 39353 | E143: =IF($C143="","",C143/1000000) -> #REF! | F143: =IF($C143="","",VLOOKUP($B143,PDF,3,TRUE)) -> #REF! | G143: =IF($C143="","",VLOOKUP($B143,PDF,4,TRUE)) -> #REF! | H143: =IF($C143="","",VLOOKUP($B143,PDF,5,TRUE)) -> #REF! | I143: =SUM(F132:F143)/12 -> #REF! | J143: =SUM(G132:G143)/12 -> #REF! | K143: =IF($C143="","",VLOOKUP($B143,PDF,2,TRUE)) -> #REF!
A144: engineering re | B144: 39386 | C144: =IF(OR(VLOOKUP($B144,PDF,6,TRUE)=C143,C143=""),"",VLOOKUP($B144,PDF,6,TRUE)) -> #REF! | D144: 39386 | E144: =IF($C144="","",C144/1000000) -> #REF! | F144: =IF($C144="","",VLOOKUP($B144,PDF,3,TRUE)) -> #REF! | G144: =IF($C144="","",VLOOKUP($B144,PDF,4,TRUE)) -> #REF! | H144: =IF($C144="","",VLOOKUP($B144,PDF,5,TRUE)) -> #REF! | I144: =SUM(F133:F144)/12 -> #REF! | J144: =SUM(G133:G144)/12 -> #REF! | K144: =IF($C144="","",VLOOKUP($B144,PDF,2,TRUE)) -> #REF!
A145: June 07 figures | B145: 39416 | C145: =IF(OR(VLOOKUP($B145,PDF,6,TRUE)=C144,C144=""),"",VLOOKUP($B145,PDF,6,TRUE)) -> #REF! | D145: 39416 | E145: =IF($C145="","",C145/1000000) -> #REF! | F145: =IF($C145="","",VLOOKUP($B145,PDF,3,TRUE)) -> #REF! | G145: =IF($C145="","",VLOOKUP($B145,PDF,4,TRUE)) -> #REF! | H145: =IF($C145="","",VLOOKUP($B145,PDF,5,TRUE)) -> #REF! | I145: =SUM(F134:F145)/12 -> #REF! | J145: =SUM(G134:G145)/12 -> #REF! | K145: =IF($C145="","",VLOOKUP($B145,PDF,2,TRUE)) -> #REF!
B146: 39447 | C146: =IF(OR(VLOOKUP($B146,PDF,6,TRUE)=C145,C145=""),"",VLOOKUP($B146,PDF,6,TRUE)) -> #REF! | D146: 39447 | E146: =IF($C146="","",C146/1000000) -> #REF! | F146: =IF($C146="","",VLOOKUP($B146,PDF,3,TRUE)) -> #REF! | G146: =IF($C146="","",VLOOKUP($B146,PDF,4,TRUE)) -> #REF! | H146: =IF($C146="","",VLOOKUP($B146,PDF,5,TRUE)) -> #REF! | I146: =SUM(F135:F146)/12 -> #REF! | J146: =SUM(G135:G146)/12 -> #REF! | K146: =IF($C146="","",VLOOKUP($B146,PDF,2,TRUE)) -> #REF!
B147: 39478 | C147: =IF(OR(VLOOKUP($B147,PDF,6,TRUE)=C146,C146=""),"",VLOOKUP($B147,PDF,6,TRUE)) -> #REF! | D147: 39478 | E147: =IF($C147="","",C147/1000000) -> #REF! | F147: =IF($C147="","",VLOOKUP($B147,PDF,3,TRUE)) -> #REF! | G147: =IF($C147="","",VLOOKUP($B147,PDF,4,TRUE)) -> #REF! | H147: =IF($C147="","",VLOOKUP($B147,PDF,5,TRUE)) -> #REF! | I147: =SUM(F136:F147)/12 -> #REF! | J147: =SUM(G136:G147)/12 -> #REF! | K147: =IF($C147="","",VLOOKUP($B147,PDF,2,TRUE)) -> #REF!
B148: 39507 | C148: =IF(OR(VLOOKUP($B148,PDF,6,TRUE)=C147,C147=""),"",VLOOKUP($B148,PDF,6,TRUE)) -> #REF! | D148: 39507 | E148: =IF($C148="","",C148/1000000) -> #REF! | F148: =IF($C148="","",VLOOKUP($B148,PDF,3,TRUE)) -> #REF! | G148: =IF($C148="","",VLOOKUP($B148,PDF,4,TRUE)) -> #REF! | H148: =IF($C148="","",VLOOKUP($B148,PDF,5,TRUE)) -> #REF! | I148: =SUM(F137:F148)/12 -> #REF! | J148: =SUM(G137:G148)/12 -> #REF! | K148: =IF($C148="","",VLOOKUP($B148,PDF,2,TRUE)) -> #REF!
B149: 39538 | C149: =IF(OR(VLOOKUP($B149,PDF,6,TRUE)=C148,C148=""),"",VLOOKUP($B149,PDF,6,TRUE)) -> #REF! | D149: 39538 | E149: =IF($C149="","",C149/1000000) -> #REF! | F149: =IF($C149="","",VLOOKUP($B149,PDF,3,TRUE)) -> #REF! | G149: =IF($C149="","",VLOOKUP($B149,PDF,4,TRUE)) -> #REF! | H149: =IF($C149="","",VLOOKUP($B149,PDF,5,TRUE)) -> #REF! | I149: =SUM(F138:F149)/12 -> #REF! | J149: =SUM(G138:G149)/12 -> #REF! | K149: =IF($C149="","",VLOOKUP($B149,PDF,2,TRUE)) -> #REF!
B150: 39568 | C150: =IF(OR(VLOOKUP($B150,PDF,6,TRUE)=C149,C149=""),"",VLOOKUP($B150,PDF,6,TRUE)) -> #REF! | D150: 39568 | E150: =IF($C150="","",C150/1000000) -> #REF! | F150: =IF($C150="","",VLOOKUP($B150,PDF,3,TRUE)) -> #REF! | G150: =IF($C150="","",VLOOKUP($B150,PDF,4,TRUE)) -> #REF! | H150: =IF($C150="","",VLOOKUP($B150,PDF,5,TRUE)) -> #REF! | I150: =SUM(F139:F150)/12 -> #REF! | J150: =SUM(G139:G150)/12 -> #REF! | K150: =IF($C150="","",VLOOKUP($B150,PDF,2,TRUE)) -> #REF!
B151: 39598 | C151: =IF(OR(VLOOKUP($B151,PDF,6,TRUE)=C150,C150=""),"",VLOOKUP($B151,PDF,6,TRUE)) -> #REF! | D151: 39598 | E151: =IF($C151="","",C151/1000000) -> #REF! | F151: =IF($C151="","",VLOOKUP($B151,PDF,3,TRUE)) -> #REF! | G151: =IF($C151="","",VLOOKUP($B151,PDF,4,TRUE)) -> #REF! | H151: =IF($C151="","",VLOOKUP($B151,PDF,5,TRUE)) -> #REF! | I151: =SUM(F140:F151)/12 -> #REF! | J151: =SUM(G140:G151)/12 -> #REF! | K151: =IF($C151="","",VLOOKUP($B151,PDF,2,TRUE)) -> #REF!
B152: 39629 | C152: =IF(OR(VLOOKUP($B152,PDF,6,TRUE)=C151,C151=""),"",VLOOKUP($B152,PDF,6,TRUE)) -> #REF! | D152: 39629 | E152: =IF($C152="","",C152/1000000) -> #REF! | F152: =IF($C152="","",VLOOKUP($B152,PDF,3,TRUE)) -> #REF! | G152: =IF($C152="","",VLOOKUP($B152,PDF,4,TRUE)) -> #REF! | H152: =IF($C152="","",VLOOKUP($B152,PDF,5,TRUE)) -> #REF! | I152: =SUM(F141:F152)/12 -> #REF! | J152: =SUM(G141:G152)/12 -> #REF! | K152: =IF($C152="","",VLOOKUP($B152,PDF,2,TRUE)) -> #REF!
B153: 39660 | C153: =IF(OR(VLOOKUP($B153,PDF,6,TRUE)=C152,C152=""),"",VLOOKUP($B153,PDF,6,TRUE)) -> #REF! | D153: 39660 | E153: =IF($C153="","",C153/1000000) -> #REF! | F153: =IF($C153="","",VLOOKUP($B153,PDF,3,TRUE)) -> #REF! | G153: =IF($C153="","",VLOOKUP($B153,PDF,4,TRUE)) -> #REF! | H153: =IF($C153="","",VLOOKUP($B153,PDF,5,TRUE)) -> #REF! | I153: =SUM(F142:F153)/12 -> #REF! | J153: =SUM(G142:G153)/12 -> #REF! | K153: =IF($C153="","",VLOOKUP($B153,PDF,2,TRUE)) -> #REF!
B154: 39689 | C154: =IF(OR(VLOOKUP($B154,PDF,6,TRUE)=C153,C153=""),"",VLOOKUP($B154,PDF,6,TRUE)) -> #REF! | D154: 39689 | E154: =IF($C154="","",C154/1000000) -> #REF! | F154: =IF($C154="","",VLOOKUP($B154,PDF,3,TRUE)) -> #REF! | G154: =IF($C154="","",VLOOKUP($B154,PDF,4,TRUE)) -> #REF! | H154: =IF($C154="","",VLOOKUP($B154,PDF,5,TRUE)) -> #REF! | I154: =SUM(F143:F154)/12 -> #REF! | J154: =SUM(G143:G154)/12 -> #REF! | K154: =IF($C154="","",VLOOKUP($B154,PDF,2,TRUE)) -> #REF!
B155: 39721 | C155: =IF(OR(VLOOKUP($B155,PDF,6,TRUE)=C154,C154=""),"",VLOOKUP($B155,PDF,6,TRUE)) -> #REF! | D155: 39721 | E155: =IF($C155="","",C155/1000000) -> #REF! | F155: =IF($C155="","",VLOOKUP($B155,PDF,3,TRUE)) -> #REF! | G155: =IF($C155="","",VLOOKUP($B155,PDF,4,TRUE)) -> #REF! | H155: =IF($C155="","",VLOOKUP($B155,PDF,5,TRUE)) -> #REF! | I155: =SUM(F144:F155)/12 -> #REF! | J155: =SUM(G144:G155)/12 -> #REF! | K155: =IF($C155="","",VLOOKUP($B155,PDF,2,TRUE)) -> #REF!
B156: 39752 | C156: =IF(OR(VLOOKUP($B156,PDF,6,TRUE)=C155,C155=""),"",VLOOKUP($B156,PDF,6,TRUE)) -> #REF! | D156: 39752 | E156: =IF($C156="","",C156/1000000) -> #REF! | F156: =IF($C156="","",VLOOKUP($B156,PDF,3,TRUE)) -> #REF! | G156: =IF($C156="","",VLOOKUP($B156,PDF,4,TRUE)) -> #REF! | H156: =IF($C156="","",VLOOKUP($B156,PDF,5,TRUE)) -> #REF! | I156: =SUM(F145:F156)/12 -> #REF! | J156: =SUM(G145:G156)/12 -> #REF! | K156: =IF($C156="","",VLOOKUP($B156,PDF,2,TRUE)) -> #REF!
B157: 39780 | C157: =IF(OR(VLOOKUP($B157,PDF,6,TRUE)=C156,C156=""),"",VLOOKUP($B157,PDF,6,TRUE)) -> #REF! | D157: 39780 | E157: =IF($C157="","",C157/1000000) -> #REF! | F157: =IF($C157="","",VLOOKUP($B157,PDF,3,TRUE)) -> #REF! | G157: =IF($C157="","",VLOOKUP($B157,PDF,4,TRUE)) -> #REF! | H157: =IF($C157="","",VLOOKUP($B157,PDF,5,TRUE)) -> #REF! | I157: =SUM(F146:F157)/12 -> #REF! | J157: =SUM(G146:G157)/12 -> #REF! | K157: =IF($C157="","",VLOOKUP($B157,PDF,2,TRUE)) -> #REF!
... B204: 41213 | C204: =IF(OR(VLOOKUP($B204,PDF,6,TRUE)=C203,C203=""),"",VLOOKUP($B204,PDF,6,TRUE)) -> #REF! | D204: 41213 | E204: =IF($C204="","",C204/1000000) -> #REF! | F204: =IF($C204="","",VLOOKUP($B204,PDF,3,TRUE)) -> #REF! | G204: =IF($C204="","",VLOOKUP($B204,PDF,4,TRUE)) -> #REF! | H204: =IF($C204="","",VLOOKUP($B204,PDF,5,TRUE)) -> #REF! | I204: =SUM(F193:F204)/12 -> #REF! | J204: =SUM(G193:G204)/12 -> #REF! | K204: =IF($C204="","",VLOOKUP($B204,PDF,2,TRUE)) -> #REF!
B205: 41243 | C205: =IF(OR(VLOOKUP($B205,PDF,6,TRUE)=C204,C204=""),"",VLOOKUP($B205,PDF,6,TRUE)) -> #REF! | D205: =+B205 -> 41243 | E205: =IF($C205="","",C205/1000000) -> #REF! | F205: =IF($C205="","",VLOOKUP($B205,PDF,3,TRUE)) -> #REF! | G205: =IF($C205="","",VLOOKUP($B205,PDF,4,TRUE)) -> #REF! | H205: =IF($C205="","",VLOOKUP($B205,PDF,5,TRUE)) -> #REF! | I205: =SUM(F194:F205)/12 -> #REF! | J205: =SUM(G194:G205)/12 -> #REF! | K205: =IF($C205="","",VLOOKUP($B205,PDF,2,TRUE)) -> #REF!
B206: 41274 | C206: =IF(OR(VLOOKUP($B206,PDF,6,TRUE)=C205,C205=""),"",VLOOKUP($B206,PDF,6,TRUE)) -> #REF! | D206: =+B206 -> 41274 | E206: =IF($C206="","",C206/1000000) -> #REF! | F206: =IF($C206="","",VLOOKUP($B206,PDF,3,TRUE)) -> #REF! | G206: =IF($C206="","",VLOOKUP($B206,PDF,4,TRUE)) -> #REF! | H206: =IF($C206="","",VLOOKUP($B206,PDF,5,TRUE)) -> #REF! | I206: =SUM(F195:F206)/12 -> #REF! | J206: =SUM(G195:G206)/12 -> #REF! | K206: =IF($C206="","",VLOOKUP($B206,PDF,2,TRUE)) -> #REF!
B207: 41305 | C207: =IF(OR(VLOOKUP($B207,PDF,6,TRUE)=C206,C206=""),"",VLOOKUP($B207,PDF,6,TRUE)) -> #REF! | D207: =+B207 -> 41305 | E207: =IF($C207="","",C207/1000000) -> #REF! | F207: =IF($C207="","",VLOOKUP($B207,PDF,3,TRUE)) -> #REF! | G207: =IF($C207="","",VLOOKUP($B207,PDF,4,TRUE)) -> #REF! | H207: =IF($C207="","",VLOOKUP($B207,PDF,5,TRUE)) -> #REF! | I207: =SUM(F196:F207)/12 -> #REF! | J207: =SUM(G196:G207)/12 -> #REF! | K207: =IF($C207="","",VLOOKUP($B207,PDF,2,TRUE)) -> #REF!
B208: 41333 | C208: =IF(OR(VLOOKUP($B208,PDF,6,TRUE)=C207,C207=""),"",VLOOKUP($B208,PDF,6,TRUE)) -> #REF! | D208: =+B208 -> 41333 | E208: =IF($C208="","",C208/1000000) -> #REF! | F208: =IF($C208="","",VLOOKUP($B208,PDF,3,TRUE)) -> #REF! | G208: =IF($C208="","",VLOOKUP($B208,PDF,4,TRUE)) -> #REF! | H208: =IF($C208="","",VLOOKUP($B208,PDF,5,TRUE)) -> #REF! | I208: =SUM(F197:F208)/12 -> #REF! | J208: =SUM(G197:G208)/12 -> #REF! | K208: =IF($C208="","",VLOOKUP($B208,PDF,2,TRUE)) -> #REF!
B209: 41364 | C209: =IF(OR(VLOOKUP($B209,PDF,6,TRUE)=C208,C208=""),"",VLOOKUP($B209,PDF,6,TRUE)) -> #REF! | D209: =+B209 -> 41364 | E209: =IF($C209="","",C209/1000000) -> #REF! | F209: =IF($C209="","",VLOOKUP($B209,PDF,3,TRUE)) -> #REF! | G209: =IF($C209="","",VLOOKUP($B209,PDF,4,TRUE)) -> #REF! | H209: =IF($C209="","",VLOOKUP($B209,PDF,5,TRUE)) -> #REF! | I209: =SUM(F198:F209)/12 -> #REF! | J209: =SUM(G198:G209)/12 -> #REF! | K209: =IF($C209="","",VLOOKUP($B209,PDF,2,TRUE)) -> #REF!
B210: 41394 | C210: =IF(OR(VLOOKUP($B210,PDF,6,TRUE)=C209,C209=""),"",VLOOKUP($B210,PDF,6,TRUE)) -> #REF! | D210: =+B210 -> 41394 | E210: =IF($C210="","",C210/1000000) -> #REF! | F210: =IF($C210="","",VLOOKUP($B210,PDF,3,TRUE)) -> #REF! | G210: =IF($C210="","",VLOOKUP($B210,PDF,4,TRUE)) -> #REF! | H210: =IF($C210="","",VLOOKUP($B210,PDF,5,TRUE)) -> #REF! | I210: =SUM(F199:F210)/12 -> #REF! | J210: =SUM(G199:G210)/12 -> #REF! | K210: =IF($C210="","",VLOOKUP($B210,PDF,2,TRUE)) -> #REF!
B211: 41425 | C211: =IF(OR(VLOOKUP($B211,PDF,6,TRUE)=C210,C210=""),"",VLOOKUP($B211,PDF,6,TRUE)) -> #REF! | D211: =+B211 -> 41425 | E211: =IF($C211="","",C211/1000000) -> #REF! | F211: =IF($C211="","",VLOOKUP($B211,PDF,3,TRUE)) -> #REF! | G211: =IF($C211="","",VLOOKUP($B211,PDF,4,TRUE)) -> #REF! | H211: =IF($C211="","",VLOOKUP($B211,PDF,5,TRUE)) -> #REF! | I211: =SUM(F200:F211)/12 -> #REF! | J211: =SUM(G200:G211)/12 -> #REF! | K211: =IF($C211="","",VLOOKUP($B211,PDF,2,TRUE)) -> #REF!
B212: 41453 | C212: =IF(OR(VLOOKUP($B212,PDF,6,TRUE)=C211,C211=""),"",VLOOKUP($B212,PDF,6,TRUE)) -> #REF! | D212: =+B212 -> 41453 | E212: =IF($C212="","",C212/1000000) -> #REF! | F212: =IF($C212="","",VLOOKUP($B212,PDF,3,TRUE)) -> #REF! | G212: =IF($C212="","",VLOOKUP($B212,PDF,4,TRUE)) -> #REF! | H212: =IF($C212="","",VLOOKUP($B212,PDF,5,TRUE)) -> #REF! | I212: =SUM(F201:F212)/12 -> #REF! | J212: =SUM(G201:G212)/12 -> #REF!
B213: 41486 | C213: =IF(OR(VLOOKUP($B213,PDF,6,TRUE)=C212,C212=""),"",VLOOKUP($B213,PDF,6,TRUE)) -> #REF! | D213: =+B213 -> 41486 | E213: =IF($C213="","",C213/1000000) -> #REF! | F213: =IF($C213="","",VLOOKUP($B213,PDF,3,TRUE)) -> #REF! | G213: =IF($C213="","",VLOOKUP($B213,PDF,4,TRUE)) -> #REF! | H213: =IF($C213="","",VLOOKUP($B213,PDF,5,TRUE)) -> #REF! | I213: =SUM(F202:F213)/12 -> #REF! | J213: =SUM(G202:G213)/12 -> #REF!
B214: 41516 | D214: =+B214 -> 41516 | E214: =IF($C214="","",C214/1000000) | F214: =IF($C214="","",VLOOKUP($B214,PDF,3,TRUE)) | G214: =IF($C214="","",VLOOKUP($B214,PDF,4,TRUE)) | H214: =IF($C214="","",VLOOKUP($B214,PDF,5,TRUE)) | I214: =SUM(F203:F214)/12 -> #REF! | J214: =SUM(G203:G214)/12 -> #REF!
B215: 41547 | D215: =+B215 -> 41547 | E215: =IF($C215="","",C215/1000000) | F215: =IF($C215="","",VLOOKUP($B215,PDF,3,TRUE)) | G215: =IF($C215="","",VLOOKUP($B215,PDF,4,TRUE)) | H215: =IF($C215="","",VLOOKUP($B215,PDF,5,TRUE)) | I215: =SUM(F204:F215)/12 -> #REF! | J215: =SUM(G204:G215)/12 -> #REF!
B216: 41578 | D216: =+B216 -> 41578 | E216: =IF($C216="","",C216/1000000) | F216: =IF($C216="","",VLOOKUP($B216,PDF,3,TRUE)) | G216: =IF($C216="","",VLOOKUP($B216,PDF,4,TRUE)) | H216: =IF($C216="","",VLOOKUP($B216,PDF,5,TRUE)) | I216: =SUM(F205:F216)/12 -> #REF! | J216: =SUM(G205:G216)/12 -> #REF!
B217: 41607 | D217: =+B217 -> 41607 | E217: =IF($C217="","",C217/1000000) | F217: =IF($C217="","",VLOOKUP($B217,PDF,3,TRUE)) | G217: =IF($C217="","",VLOOKUP($B217,PDF,4,TRUE)) | H217: =IF($C217="","",VLOOKUP($B217,PDF,5,TRUE)) | I217: =SUM(F206:F217)/12 -> #REF! | J217: =SUM(G206:G217)/12 -> #REF!
B218: 41639 | D218: =+B218 -> 41639 | E218: =IF($C218="","",C218/1000000) | F218: =IF($C218="","",VLOOKUP($B218,PDF,3,TRUE)) | G218: =IF($C218="","",VLOOKUP($B218,PDF,4,TRUE)) | H218: =IF($C218="","",VLOOKUP($B218,PDF,5,TRUE)) | I218: =SUM(F207:F218)/12 -> #REF! | J218: =SUM(G207:G218)/12 -> #REF!
B219: 41670 | D219: =+B219 -> 41670 | E219: =IF($C219="","",C219/1000000) | F219: =IF($C219="","",VLOOKUP($B219,PDF,3,TRUE)) | G219: =IF($C219="","",VLOOKUP($B219,PDF,4,TRUE)) | H219: =IF($C219="","",VLOOKUP($B219,PDF,5,TRUE)) | I219: =SUM(F208:F219)/12 -> #REF! | J219: =SUM(G208:G219)/12 -> #REF!
B220: 41698 | D220: =+B220 -> 41698 | E220: =IF($C220="","",C220/1000000) | F220: =IF($C220="","",VLOOKUP($B220,PDF,3,TRUE)) | G220: =IF($C220="","",VLOOKUP($B220,PDF,4,TRUE)) | H220: =IF($C220="","",VLOOKUP($B220,PDF,5,TRUE)) | I220: =SUM(F209:F220)/12 -> #REF! | J220: =SUM(G209:G220)/12 -> #REF!
B221: 41729 | D221: =+B221 -> 41729 | E221: =IF($C221="","",C221/1000000) | F221: =IF($C221="","",VLOOKUP($B221,PDF,3,TRUE)) | G221: =IF($C221="","",VLOOKUP($B221,PDF,4,TRUE)) | H221: =IF($C221="","",VLOOKUP($B221,PDF,5,TRUE)) | I221: =SUM(F210:F221)/12 -> #REF! | J221: =SUM(G210:G221)/12 -> #REF!
B222: 41759 | D222: =+B222 -> 41759 | E222: =IF($C222="","",C222/1000000) | F222: =IF($C222="","",VLOOKUP($B222,PDF,3,TRUE)) | G222: =IF($C222="","",VLOOKUP($B222,PDF,4,TRUE)) | H222: =IF($C222="","",VLOOKUP($B222,PDF,5,TRUE)) | I222: =SUM(F211:F222)/12 -> #REF! | J222: =SUM(G211:G222)/12 -> #REF!
...

Sheet Old (keep)
A1: TRADE COUNT, VALUE AND VOLUME DATA | H1: 39052 | I1: 39083 | J1: 39114 | K1: 39142 | L1: 39173 | M1: 39203
C2: 38991 | G2: Segment | H2: Market Capitalisation | I2: Market Capitalisation | J2: Market Capitalisation | K2: Market Capitalisation | L2: Market Capitalisation | M2: Market Capitalisation
C3: Trade Count | D3: Trade Value | E3: Trade Volume | G3: Absolute Return Funds | H3: 1213523369 | I3: 1407501505 | J3: 1421394455 | K3: 1557171946 | L3: 1580721192 | M3: 1816228518
A4: Absolute Return Funds | C4: 1354 | D4: 18015903 | E4: 12453016 | G4: Exchange Traded Funds (ETFs) | H4: 1138851627 | I4: 1072557621 | J4: 1102999935 | K4: 1117866036 | L4: 1160172232 | M4: 1188042707
A5: Exchange Traded Funds (ETFs) | C5: 1733 | D5: 155844018 | E5: 3877796 | G5: Infrastructure Funds.. | H5: 42288375434 | I5: 43600022631 | J5: 44050295985 | K5: 45910618244 | L5: 47448571674 | M5: 49244634598
A6: Infrastructure Funds.. | C6: 112606 | D6: 2352606395 | E6: 914106291 | G6: Investment Companies & Trusts | H6: 25873269984 | I6: 27038202431 | J6: 25815694364 | K6: 26469741874 | L6: 27878384810 | M6: 28354776274
A7: Investment Companies & Trusts | C7: 34865 | D7: 360768671 | E7: 186156784 | G7: Pooled Development Funds (PDFs). | H7: 885287652 | I7: 875372144 | J7: 872729891 | K7: 909418680 | L7: 878797737 | M7: 739323832
A8: Pooled Development Funds (PDFs). | C8: 1865 | D8: 16784069 | E8: 24641771 | G8: Property Trusts | H8: 136114625349 | I8: 139621001526 | J8: 138910270375 | K8: 135328673583 | L8: 140562071404 | M8: 146373876306
A9: Property Trusts | C9: 222950 | D9: 8157060708 | E9: 2225501013 | G9: TOTAL | H9: =SUM(H3:H8) -> 207513933415 | I9: =SUM(I3:I8) -> 213614657858 | J9: =SUM(J3:J8) -> 212173385005 | K9: =SUM(K3:K8) -> 211293490363 | L9: =SUM(L3:L8) -> 219508719049 | M9: =SUM(M3:M8) -> 227716882235
C10: =SUM(C4:C9) -> 375373 | D10: =SUM(D4:D9) -> 11061079764 | E10: =SUM(E4:E9) -> 3366736671
C12: November
C13: Trade Count | D13: Trade Value | E13: Trade Volume
A14: Absolute Return Funds | C14: 1503 | D14: 16928316 | E14: 11938112
A15: Exchange Traded Funds (ETFs) | C15: 1616 | D15: 126159235 | E15: 2995762
A16: Infrastructure Funds.. | C16: 128023 | D16: 2686321514 | E16: 1038866521
A17: Investment Companies & Trusts | C17: 41057 | D17: 585728441 | E17: 225676103
A18: Pooled Development Funds (PDFs). | C18: 4261 | D18: 35880144 | E18: 30637354
A19: Property Trusts | C19: 241864 | D19: 8826060642 | E19: 2500478112
C20: =SUM(C14:C19) -> 418324 | D20: =SUM(D14:D19) -> 12277078292 | E20: =SUM(E14:E19) -> 3810591964
C22: December
C23: Trade Count | D23: Trade Value | E23: Trade Volume
A24: Absolute Return Funds | C24: 1418 | D24: 21387657 | E24: 15359267
A25: Exchange Traded Funds (ETFs) | C25: 1386 | D25: 88521371 | E25: 2345347
A26: Infrastructure Funds.. | C26: 96299 | D26: 3041401044 | E26: 1230596002
A27: Investment Companies & Trusts | C27: 30780 | D27: 487775446 | E27: 178577080
A28: Pooled Development Funds (PDFs). | C28: 4650 | D28: 46463657 | E28: 34140241
A29: Property Trusts | C29: 205245 | D29: 8602435686 | E29: 2411503166
C30: =SUM(C24:C29) -> 339778 | D30: =SUM(D24:D29) -> 12287984861 | E30: =SUM(E24:E29) -> 3872521103
C32: 39083
C33: Trade Count | D33: Trade Value | E33: Trade Volume
A34: Absolute Return Funds | C34: 1674 | D34: 16761112 | E34: 12243490
A35: Exchange Traded Funds (ETFs) | C35: 1733 | D35: 155844018 | E35: 3877796
A36: Infrastructure Funds.. | C36: 112606 | D36: 2352606395 | E36: 914106291
A37: Investment Companies & Trusts | C37: 34865 | D37: 360768671 | E37: 186156784
A38: Pooled Development Funds (PDFs). | C38: 1865 | D38: 16784069 | E38: 24641771
A39: Property Trusts | C39: 222950 | D39: 8157060708 | E39: 2225501013
C40: =SUM(C34:C39) -> 375693 | D40: =SUM(D34:D39) -> 11059824973 | E40: =SUM(E34:E39) -> 3366527145
C42: 39114
C43: Trade Count | D43: Trade Value | E43: Trade Volume
A44: Absolute Return Funds | C44: 2191 | D44: 23619883 | E44: 16503321
A45: Exchange Traded Funds (ETFs) | C45: 1703 | D45: 95042626 | E45: 2086228
A46: Infrastructure Funds.. | C46: 133207 | D46: 3627284993 | E46: 1352318512
A47: Investment Companies & Trusts | C47: 56632 | D47: 699548213 | E47: 279389477
A48: Pooled Development Funds (PDFs). | C48: 4567 | D48: 36750382 | E48: 38626815
A49: Property Trusts | C49: 330748 | D49: 11129184661 | E49: 2809736620
C50: =SUM(C44:C49) -> 529048 | D50: =SUM(D44:D49) -> 15611430758 | E50: =SUM(E44:E49) -> 4498660973
C52: 39142
C53: Trade Count | D53: Trade Value | E53: Trade Volume
A54: Absolute Return Funds | C54: 1986 | D54: 39526803 | E54: 23629448
A55: Exchange Traded Funds (ETFs) | C55: 2163 | D55: 132303923 | E55: 2675822
A56: Infrastructure Funds.. | C56: 151752 | D56: 4079903524 | E56: 1410332662
A57: Investment Companies & Trusts | C57: 57860 | D57: 802861013 | E57: 250216937
A58: Pooled Development Funds (PDFs). | C58: 4140 | D58: 34012236 | E58: 28001863
A59: Property Trusts | C59: 392388 | D59: 11198919588 | E59: 2855771332
C60: =SUM(C54:C59) -> 610289 | D60: =SUM(D54:D59) -> 16287527087 | E60: =SUM(E54:E59) -> 4570628064
C62: 39173
C63: Trade Count | D63: Trade Value | E63: Trade Volume
A64: Absolute Return Funds | C64: 2750 | D64: 34771223 | E64: 29388048
A65: Exchange Traded Funds (ETFs) | C65: 1542 | D65: 78564884 | E65: 1632394
A66: Infrastructure Funds.. | C66: 129251 | D66: 2880094053 | E66: 916790061
A67: Investment Companies & Trusts | C67: 44684 | D67: 541601037 | E67: 228362463
A68: Pooled Development Funds (PDFs). | C68: 3106 | D68: 23296104 | E68: 19757964
A69: Property Trusts | C69: 335017 | D69: 7943009722 | E69: 2145094078
C70: =SUM(C64:C69) -> 516350 | D70: =SUM(D64:D69) -> 11501337023 | E70: =SUM(E64:E69) -> 3341025008
C72: 39203
C73: Trade Count | D73: Trade Value | E73: Trade Volume | G73: Check EDW 2 Jul 07 - very different | L73: May
A74: Absolute Return Funds | C74: 5086 | D74: 64534476 | E74: 50241398 | G74: 4717 | H74: 66881965 | I74: 49140839 | L74: Trade Count | M74: Trade Value | N74: Trade Volume
A75: Exchange Traded Funds (ETFs) | C75: 2341 | D75: 70235312 | E75: 1469216 | G75: 2341 | H75: 70235312 | I75: 1469216 | K75: Absolute Return Funds | L75: 4717 | M75: 66881965 | N75: 49140839
A76: Infrastructure Funds.. | C76: 169871 | D76: 3343902284 | E76: 1115425099 | G76: 177862 | H76: 3520623164 | I76: 1176073016 | K76: Exchange Traded Funds (ETFs) | L76: 2341 | M76: 70235312 | N76: 1469216
A77: Investment Companies & Trusts | C77: 60071 | D77: 818019941 | E77: 257793040 | G77: 62914 | H77: 854268609 | I77: 291913526 | K77: Infrastructure Funds.. | L77: 177862 | M77: 3520623164 | N77: 1176073016
A78: Pooled Development Funds (PDFs). | C78: 2831 | D78: 31740053 | E78: 24726611 | G78: 4666 | H78: 46255649 | I78: 33537874 | K78: Listed Investment Companies | L78: 62319 | M78: 848308824 | N78: 287660994
A79: Property Trusts | C79: 437259 | D79: 12529621919 | E79: 3295070536 | G79: 441853 | H79: 12739293256 | I79: 3491018174 | K79: Listed Investment Trusts | L79: 595 | M79: 5959785 | N79: 4252532
C80: =SUM(C74:C79) -> 677459 | D80: =SUM(D74:D79) -> 16858053985 | E80: =SUM(E74:E79) -> 4744725900 | G80: 694353 | H80: 17297557955 | I80: 5043152645 | K80: Pooled Development Funds (PDFs). | L80: 4666 | M80: 46255649 | N80: 33537874
G81: 16894 | H81: 439503970 | I81: 298426745 | K81: Property Trusts | L81: 441853 | M81: 12739293256 | N81: 3491018174
L82: =SUM(L75:L77,L80:L81,L83) -> 694353 | M82: =SUM(M75:M77,M80:M81,M83) -> 17297557955 | N82: =SUM(N75:N77,N80:N81,N83) -> 5043152645
C83: 39234 | F83: from EDW 2 July 2007 | K83: =K78&"+"&K79 -> Listed Investment Companies+Listed Investment Trusts | L83: =L78+L79 -> 62914 | M83: =M78+M79 -> 854268609 | N83: =N78+N79 -> 291913526
C84: Trade_Count | D84: Trade_Value | E84: Trade_Volume
A85: Absolute_Return_Funds | C85: 4025 | D85: 77330158 | E85: 47499726
A86: Exchange_Traded_Funds_(ETFs) | C86: 2468 | D86: 129300263 | E86: 2767503
A87: Infrastructure_Funds | C87: 206460 | D87: 4693280879 | E87: 1473577248
A88: Investment_Companies_&_Trusts | C88: 60521 | D88: 719637066 | E88: 254351244
A89: Pooled_Development_Funds_(PDFs) | C89: 5206 | D89: 48174437 | E89: 33741656
A90: Property_Trusts | C90: 467861 | D90: 17879787450 | E90: 4948909957
C91: =SUM(C85:C90) -> 746541 | D91: =SUM(D85:D90) -> 23547510253 | E91: =SUM(E85:E90) -> 6760847334

Sheet AssetClass
A1: Date | B1: Equity - Australia | D1: Equity - Global | F1: Infrastructure | H1: Fixed Income - Australia | J1: Fixed Income - Global | L1: Mixed | N1: Property - Australia | P1: Property - Global | R1: Commodity | T1: Currency
B2: Market Capitalisation | C2: Number of LMIs | D2: Market Capitalisation | E2: Number of LMIs | F2: Market Capitalisation | G2: Number of LMIs | H2: Market Capitalisation | I2: Number of LMIs | J2: Market Capitalisation | K2: Number of LMIs | L2: Market Capitalisation | M2: Number of LMIs | N2: Market Capitalisation | O2: Number of LMIs | P2: Market Capitalisation | Q2: Number of LMIs | R2: Market Capitalisation | S2: Number of LMIs | T2: Market Capitalisation | U2: Number of LMIs
